Workbook
Name Capex: 'Category lookups'!$M$8:$M$10
Name Finance_Cashflows: 'Category lookups'!$O$8:$O$10
Name GST_First_Month: Assumptions!$E$19
Name GST_Freq: Assumptions!$D$17
Name Investing_Cashflows: 'Category lookups'!$Q$8:$Q$10
Name Overheads: 'Category lookups'!$K$8:$K$21
Name Staff_Costs: 'Category lookups'!$G$8:$G$12
Name Supplier_and_Cost_of_Sales: 'Category lookups'!$I$8:$I$10
Name Trading_Receipts: 'Category lookups'!$E$8:$E$9

Sheet Disclaimer!

Sheet Index
B2: =Assumptions!$D$9 -> Example Company Australia
B3: Index
C7: Outputs
C9: Dashboard | D9: >> | E9: Click here | F9: >> | G9: Showing net cashflow, closing cash, and closing liquidity charts
C11: CFF | D11: >> | E11: Click here | F11: >> | G11: Table showing your 13 week cashflow forecast
C13: Cash actuals | D13: >> | E13: Click here | F13: >> | G13: Table showing your cash actuals
C15: Forecast versions
C17: Forecast output table | D17: >> | E17: Click here | F17: >> | G17: Data output of the forecast into a pivoted format
C19: Forecast versions | D19: >> | E19: Click here | F19: >> | G19: This is where you paste the latest version of your forecast data so you can keep an audit trail
C21: Inputs
C23: Assumptions | D23: >> | E23: Click here | F23: >> | G23: This is where you input specific cost assumptions regarding amounts and timings
C25: Bank postings | D25: >> | E25: Click here | F25: >> | G25: This is where you upload your bank transactions so you can view your cash actuals
C27: Accounts receivable | D27: >> | E27: Click here | F27: >> | G27: This is where you upload your open customer receivables so they flow into the face of your cashflow forecast
C29: Accounts payable | D29: >> | E29: Click here | F29: >> | G29: This is where you upload your open supplier payables so they flow into the face of your cashflow forecast
C31: Sales orders | D31: >> | E31: Click here | F31: >> | G31: This is where you upload your sales orders with customers so they flow into the face of your cashflow forecast
C33: Purchase orders | D33: >> | E33: Click here | F33: >> | G33: This is where you upload your purchase orders with suppliers so they flow into the face of your cashflow forecast
C35: Customer master data | D35: >> | E35: Click here | F35: >> | G35: This is where you maintain a list of all your customers and their payment terms
C37: Supplier master data | D37: >> | E37: Click here | F37: >> | G37: This is where you maintain a list of all your suppliers and their payment terms
C39: Lookups
C41: Category lookups | D41: >> | E41: Click here | F41: >> | G41: This drives the dropdown selectors in the Bank postings tab. Nothing to update here.
C43: Lists | D43: >> | E43: Click here | F43: >> | G43: This drives some dropdown selectors in the Assumptions tab. Nothing to update here.

Sheet Outputs >>

Sheet Dashboard
B2: =Assumptions!$D$9 -> Example Company Australia
B3: Dashboard
C67: Forecast vs Actuals
C69: Week commencing >> | E69: =D69 -> 0
C70: Version >> | E70: N/A
C71: Forecast / Actuals >> | D71: Forecast | E71: Actuals | G71: Actuals vs, Forecast (amount) | H71: Actuals vs, Forecast (%)
C73: Trading receipts | D73: =SUM(D74:D75) -> 0 | E73: =SUM(E74:E75) -> 0 | G73: =E73 - D73 -> 0 | H73: =IFERROR(G73 / D73, 0) -> 0
C74: =CFF!C41 -> Trade receipts | D74: =SUMIFS(Forecast_versions[Amount], Forecast_versions[Week commencing], Dashboard!$D$69, Forecast_versions[Version name], Dashboard!$D$70, Forecast_versions[Category L2], Dashboard!C74) -> 0 | E74: =SUMIFS('Cash actuals'!$F$14:$BE$14, 'Cash actuals'!$F$7:$BE$7, Dashboard!$E$69) -> 0 | G74: =E74 - D74 -> 0 | H74: =IFERROR(G74 / D74, 0) -> 0
C75: =CFF!C48 -> Other trading receipts | D75: =SUMIFS(Forecast_versions[Amount], Forecast_versions[Week commencing], Dashboard!$D$69, Forecast_versions[Version name], Dashboard!$D$70, Forecast_versions[Category L2], Dashboard!C75) -> 0 | E75: =SUMIFS('Cash actuals'!$F$16:$BE$16, 'Cash actuals'!$F$7:$BE$7, Dashboard!$E$69) -> 0 | G75: =E75 - D75 -> 0 | H75: =IFERROR(G75 / D75, 0) -> 0
C77: Staff costs | D77: =SUM(D78:D82) -> 0 | E77: =SUM(E78:E82) -> 0 | G77: =E77 - D77 -> 0 | H77: =IFERROR(G77 / D77, 0) -> 0
C78: =CFF!C57 -> 0 | D78: =SUMIFS(Forecast_versions[Amount], Forecast_versions[Week commencing], Dashboard!$D$69, Forecast_versions[Version name], Dashboard!$D$70, Forecast_versions[Category L2], Dashboard!C78) -> 0 | E78: =SUMIFS('Cash actuals'!$F$22:$BE$22, 'Cash actuals'!$F$7:$BE$7, Dashboard!$E$69) -> 0 | G78: =E78 - D78 -> 0 | H78: =IFERROR(G78 / D78, 0) -> 0
C79: =CFF!C65 -> 0 | D79: =SUMIFS(Forecast_versions[Amount], Forecast_versions[Week commencing], Dashboard!$D$69, Forecast_versions[Version name], Dashboard!$D$70, Forecast_versions[Category L2], Dashboard!C79) -> 0 | E79: =SUMIFS('Cash actuals'!$F$24:$BE$24, 'Cash actuals'!$F$7:$BE$7, Dashboard!$E$69) -> 0 | G79: =E79 - D79 -> 0 | H79: =IFERROR(G79 / D79, 0) -> 0
C80: =CFF!C73 -> 0 | D80: =SUMIFS(Forecast_versions[Amount], Forecast_versions[Week commencing], Dashboard!$D$69, Forecast_versions[Version name], Dashboard!$D$70, Forecast_versions[Category L2], Dashboard!C80) -> 0 | E80: =SUMIFS('Cash actuals'!$F$26:$BE$26, 'Cash actuals'!$F$7:$BE$7, Dashboard!$E$69) -> 0 | G80: =E80 - D80 -> 0 | H80: =IFERROR(G80 / D80, 0) -> 0
C81: =CFF!C81 -> 0 | D81: =SUMIFS(Forecast_versions[Amount], Forecast_versions[Week commencing], Dashboard!$D$69, Forecast_versions[Version name], Dashboard!$D$70, Forecast_versions[Category L2], Dashboard!C81) -> 0 | E81: =SUMIFS('Cash actuals'!$F$28:$BE$28, 'Cash actuals'!$F$7:$BE$7, Dashboard!$E$69) -> 0 | G81: =E81 - D81 -> 0 | H81: =IFERROR(G81 / D81, 0) -> 0
C82: =CFF!C89 -> 0 | D82: =SUMIFS(Forecast_versions[Amount], Forecast_versions[Week commencing], Dashboard!$D$69, Forecast_versions[Version name], Dashboard!$D$70, Forecast_versions[Category L2], Dashboard!C82) -> 0 | E82: =SUMIFS('Cash actuals'!$F$30:$BE$30, 'Cash actuals'!$F$7:$BE$7, Dashboard!$E$69) -> 0 | G82: =E82 - D82 -> 0 | H82: =IFERROR(G82 / D82, 0) -> 0
C84: Supplier & Cost of sales | D84: =SUM(D85:D87) -> 0 | E84: =SUM(E85:E87) -> 0 | G84: =E84 - D84 -> 0 | H84: =IFERROR(G84 / D84, 0) -> 0
C85: =CFF!C101 -> 0 | D85: =SUMIFS(Forecast_versions[Amount], Forecast_versions[Week commencing], Dashboard!$D$69, Forecast_versions[Version name], Dashboard!$D$70, Forecast_versions[Category L2], Dashboard!C85) -> 0 | E85: =SUMIFS('Cash actuals'!$F$36:$BE$36, 'Cash actuals'!$F$7:$BE$7, Dashboard!$E$69) -> 0 | G85: =E85 - D85 -> 0 | H85: =IFERROR(G85 / D85, 0) -> 0
C86: =CFF!C109 -> 0 | D86: =SUMIFS(Forecast_versions[Amount], Forecast_versions[Week commencing], Dashboard!$D$69, Forecast_versions[Version name], Dashboard!$D$70, Forecast_versions[Category L2], Dashboard!C86) -> 0 | E86: =SUMIFS('Cash actuals'!$F$38:$BE$38, 'Cash actuals'!$F$7:$BE$7, Dashboard!$E$69) -> 0 | G86: =E86 - D86 -> 0 | H86: =IFERROR(G86 / D86, 0) -> 0
C87: =CFF!C117 -> 0 | D87: =SUMIFS(Forecast_versions[Amount], Forecast_versions[Week commencing], Dashboard!$D$69, Forecast_versions[Version name], Dashboard!$D$70, Forecast_versions[Category L2], Dashboard!C87) -> 0 | E87: =SUMIFS('Cash actuals'!$F$40:$BE$40, 'Cash actuals'!$F$7:$BE$7, Dashboard!$E$69) -> 0 | G87: =E87 - D87 -> 0 | H87: =IFERROR(G87 / D87, 0) -> 0
C89: Overheads | D89: =SUM(D90:D103) -> 0 | E89: =SUM(E90:E103) -> 0 | G89: =E89 - D89 -> 0 | H89: =IFERROR(G89 / D89, 0) -> 0
C90: =CFF!C129 -> GST payments / receipts | D90: =SUMIFS(Forecast_versions[Amount], Forecast_versions[Week commencing], Dashboard!$D$69, Forecast_versions[Version name], Dashboard!$D$70, Forecast_versions[Category L2], Dashboard!C90) -> 0 | E90: =SUMIFS('Cash actuals'!$F$46:$BE$46, 'Cash actuals'!$F$7:$BE$7, Dashboard!$E$69) -> 0 | G90: =E90 - D90 -> 0 | H90: =IFERROR(G90 / D90, 0) -> 0
C91: =CFF!C138 -> 0 | D91: =SUMIFS(Forecast_versions[Amount], Forecast_versions[Week commencing], Dashboard!$D$69, Forecast_versions[Version name], Dashboard!$D$70, Forecast_versions[Category L2], Dashboard!C91) -> 0 | E91: =SUMIFS('Cash actuals'!$F$48:$BE$48, 'Cash actuals'!$F$7:$BE$7, Dashboard!$E$69) -> 0 | G91: =E91 - D91 -> 0 | H91: =IFERROR(G91 / D91, 0) -> 0
C92: =CFF!C146 -> 0 | D92: =SUMIFS(Forecast_versions[Amount], Forecast_versions[Week commencing], Dashboard!$D$69, Forecast_versions[Version name], Dashboard!$D$70, Forecast_versions[Category L2], Dashboard!C92) -> 0 | E92: =SUMIFS('Cash actuals'!$F$50:$BE$50, 'Cash actuals'!$F$7:$BE$7, Dashboard!$E$69) -> 0 | G92: =E92 - D92 -> 0 | H92: =IFERROR(G92 / D92, 0) -> 0
C93: =CFF!C154 -> 0 | D93: =SUMIFS(Forecast_versions[Amount], Forecast_versions[Week commencing], Dashboard!$D$69, Forecast_versions[Version name], Dashboard!$D$70, Forecast_versions[Category L2], Dashboard!C93) -> 0 | E93: =SUMIFS('Cash actuals'!$F$52:$BE$52, 'Cash actuals'!$F$7:$BE$7, Dashboard!$E$69) -> 0 | G93: =E93 - D93 -> 0 | H93: =IFERROR(G93 / D93, 0) -> 0
C94: =CFF!C162 -> 0 | D94: =SUMIFS(Forecast_versions[Amount], Forecast_versions[Week commencing], Dashboard!$D$69, Forecast_versions[Version name], Dashboard!$D$70, Forecast_versions[Category L2], Dashboard!C94) -> 0 | E94: =SUMIFS('Cash actuals'!$F$54:$BE$54, 'Cash actuals'!$F$7:$BE$7, Dashboard!$E$69) -> 0 | G94: =E94 - D94 -> 0 | H94: =IFERROR(G94 / D94, 0) -> 0
C95: =CFF!C170 -> 0 | D95: =SUMIFS(Forecast_versions[Amount], Forecast_versions[Week commencing], Dashboard!$D$69, Forecast_versions[Version name], Dashboard!$D$70, Forecast_versions[Category L2], Dashboard!C95) -> 0 | E95: =SUMIFS('Cash actuals'!$F$56:$BE$56, 'Cash actuals'!$F$7:$BE$7, Dashboard!$E$69) -> 0 | G95: =E95 - D95 -> 0 | H95: =IFERROR(G95 / D95, 0) -> 0
C96: =CFF!C178 -> 0 | D96: =SUMIFS(Forecast_versions[Amount], Forecast_versions[Week commencing], Dashboard!$D$69, Forecast_versions[Version name], Dashboard!$D$70, Forecast_versions[Category L2], Dashboard!C96) -> 0 | E96: =SUMIFS('Cash actuals'!$F$58:$BE$58, 'Cash actuals'!$F$7:$BE$7, Dashboard!$E$69) -> 0 | G96: =E96 - D96 -> 0 | H96: =IFERROR(G96 / D96, 0) -> 0
C97: =CFF!C186 -> 0 | D97: =SUMIFS(Forecast_versions[Amount], Forecast_versions[Week commencing], Dashboard!$D$69, Forecast_versions[Version name], Dashboard!$D$70, Forecast_versions[Category L2], Dashboard!C97) -> 0 | E97: =SUMIFS('Cash actuals'!$F$60:$BE$60, 'Cash actuals'!$F$7:$BE$7, Dashboard!$E$69) -> 0 | G97: =E97 - D97 -> 0 | H97: =IFERROR(G97 / D97, 0) -> 0
C98: =CFF!C194 -> 0 | D98: =SUMIFS(Forecast_versions[Amount], Forecast_versions[Week commencing], Dashboard!$D$69, Forecast_versions[Version name], Dashboard!$D$70, Forecast_versions[Category L2], Dashboard!C98) -> 0 | E98: =SUMIFS('Cash actuals'!$F$62:$BE$62, 'Cash actuals'!$F$7:$BE$7, Dashboard!$E$69) -> 0 | G98: =E98 - D98 -> 0 | H98: =IFERROR(G98 / D98, 0) -> 0
C99: =CFF!C202 -> 0 | D99: =SUMIFS(Forecast_versions[Amount], Forecast_versions[Week commencing], Dashboard!$D$69, Forecast_versions[Version name], Dashboard!$D$70, Forecast_versions[Category L2], Dashboard!C99) -> 0 | E99: =SUMIFS('Cash actuals'!$F$64:$BE$64, 'Cash actuals'!$F$7:$BE$7, Dashboard!$E$69) -> 0 | G99: =E99 - D99 -> 0 | H99: =IFERROR(G99 / D99, 0) -> 0
C100: =CFF!C210 -> 0 | D100: =SUMIFS(Forecast_versions[Amount], Forecast_versions[Week commencing], Dashboard!$D$69, Forecast_versions[Version name], Dashboard!$D$70, Forecast_versions[Category L2], Dashboard!C100) -> 0 | E100: =SUMIFS('Cash actuals'!$F$66:$BE$66, 'Cash actuals'!$F$7:$BE$7, Dashboard!$E$69) -> 0 | G100: =E100 - D100 -> 0 | H100: =IFERROR(G100 / D100, 0) -> 0
C101: =CFF!C218 -> 0 | D101: =SUMIFS(Forecast_versions[Amount], Forecast_versions[Week commencing], Dashboard!$D$69, Forecast_versions[Version name], Dashboard!$D$70, Forecast_versions[Category L2], Dashboard!C101) -> 0 | E101: =SUMIFS('Cash actuals'!$F$68:$BE$68, 'Cash actuals'!$F$7:$BE$7, Dashboard!$E$69) -> 0 | G101: =E101 - D101 -> 0 | H101: =IFERROR(G101 / D101, 0) -> 0
C102: =CFF!C226 -> 0 | D102: =SUMIFS(Forecast_versions[Amount], Forecast_versions[Week commencing], Dashboard!$D$69, Forecast_versions[Version name], Dashboard!$D$70, Forecast_versions[Category L2], Dashboard!C102) -> 0 | E102: =SUMIFS('Cash actuals'!$F$70:$BE$70, 'Cash actuals'!$F$7:$BE$7, Dashboard!$E$69) -> 0 | G102: =E102 - D102 -> 0 | H102: =IFERROR(G102 / D102, 0) -> 0
C103: =CFF!C234 -> Corporation tax | D103: =SUMIFS(Forecast_versions[Amount], Forecast_versions[Week commencing], Dashboard!$D$69, Forecast_versions[Version name], Dashboard!$D$70, Forecast_versions[Category L2], Dashboard!C103) -> 0 | E103: =SUMIFS('Cash actuals'!$F$72:$BE$72, 'Cash actuals'!$F$7:$BE$7, Dashboard!$E$69) -> 0
C105: Capex | D105: =SUM(D106:D108) -> 0 | E105: =SUM(E106:E108) -> 0 | G105: =E105 - D105 -> 0 | H105: =IFERROR(G105 / D105, 0) -> 0
C106: =CFF!C243 -> 0 | D106: =SUMIFS(Forecast_versions[Amount], Forecast_versions[Week commencing], Dashboard!$D$69, Forecast_versions[Version name], Dashboard!$D$70, Forecast_versions[Category L2], Dashboard!C106) -> 0 | E106: =SUMIFS('Cash actuals'!$F$78:$BE$78, 'Cash actuals'!$F$7:$BE$7, Dashboard!$E$69) -> 0 | G106: =E106 - D106 -> 0 | H106: =IFERROR(G106 / D106, 0) -> 0
C107: =CFF!C251 -> 0 | D107: =SUMIFS(Forecast_versions[Amount], Forecast_versions[Week commencing], Dashboard!$D$69, Forecast_versions[Version name], Dashboard!$D$70, Forecast_versions[Category L2], Dashboard!C107) -> 0 | E107: =SUMIFS('Cash actuals'!$F$80:$BE$80, 'Cash actuals'!$F$7:$BE$7, Dashboard!$E$69) -> 0 | G107: =E107 - D107 -> 0 | H107: =IFERROR(G107 / D107, 0) -> 0
C108: =CFF!C259 -> 0 | D108: =SUMIFS(Forecast_versions[Amount], Forecast_versions[Week commencing], Dashboard!$D$69, Forecast_versions[Version name], Dashboard!$D$70, Forecast_versions[Category L2], Dashboard!C108) -> 0 | E108: =SUMIFS('Cash actuals'!$F$82:$BE$82, 'Cash actuals'!$F$7:$BE$7, Dashboard!$E$69) -> 0 | G108: =E108 - D108 -> 0 | H108: =IFERROR(G108 / D108, 0) -> 0
C110: Finance cashflows | D110: =SUM(D111:D113) -> 0 | E110: =SUM(E111:E113) -> 0 | G110: =E110 - D110 -> 0 | H110: =IFERROR(G110 / D110, 0) -> 0
C111: =CFF!C271 -> 0 | D111: =SUMIFS(Forecast_versions[Amount], Forecast_versions[Week commencing], Dashboard!$D$69, Forecast_versions[Version name], Dashboard!$D$70, Forecast_versions[Category L2], Dashboard!C111) -> 0 | E111: =SUMIFS('Cash actuals'!$F$88:$BE$88, 'Cash actuals'!$F$7:$BE$7, Dashboard!$E$69) -> 0 | G111: =E111 - D111 -> 0 | H111: =IFERROR(G111 / D111, 0) -> 0
C112: =CFF!C279 -> 0 | D112: =SUMIFS(Forecast_versions[Amount], Forecast_versions[Week commencing], Dashboard!$D$69, Forecast_versions[Version name], Dashboard!$D$70, Forecast_versions[Category L2], Dashboard!C112) -> 0 | E112: =SUMIFS('Cash actuals'!$F$90:$BE$90, 'Cash actuals'!$F$7:$BE$7, Dashboard!$E$69) -> 0 | G112: =E112 - D112 -> 0 | H112: =IFERROR(G112 / D112, 0) -> 0
C113: =CFF!C287 -> 0 | D113: =SUMIFS(Forecast_versions[Amount], Forecast_versions[Week commencing], Dashboard!$D$69, Forecast_versions[Version name], Dashboard!$D$70, Forecast_versions[Category L2], Dashboard!C113) -> 0 | E113: =SUMIFS('Cash actuals'!$F$92:$BE$92, 'Cash actuals'!$F$7:$BE$7, Dashboard!$E$69) -> 0 | G113: =E113 - D113 -> 0 | H113: =IFERROR(G113 / D113, 0) -> 0
C115: Investing cashflows | D115: =SUM(D116:D118) -> 0 | E115: =SUM(E116:E118) -> 0 | G115: =E115 - D115 -> 0 | H115: =IFERROR(G115 / D115, 0) -> 0
C116: =CFF!C299 -> Dividends | D116: =SUMIFS(Forecast_versions[Amount], Forecast_versions[Week commencing], Dashboard!$D$69, Forecast_versions[Version name], Dashboard!$D$70, Forecast_versions[Category L2], Dashboard!C116) -> 0 | E116: =SUMIFS('Cash actuals'!$F$98:$BE$98, 'Cash actuals'!$F$7:$BE$7, Dashboard!$E$69) -> 0 | G116: =E116 - D116 -> 0 | H116: =IFERROR(G116 / D116, 0) -> 0
C117: =CFF!C304 -> Equity injection | D117: =SUMIFS(Forecast_versions[Amount], Forecast_versions[Week commencing], Dashboard!$D$69, Forecast_versions[Version name], Dashboard!$D$70, Forecast_versions[Category L2], Dashboard!C117) -> 0 | E117: =SUMIFS('Cash actuals'!$F$100:$BE$100, 'Cash actuals'!$F$7:$BE$7, Dashboard!$E$69) -> 0 | G117: =E117 - D117 -> 0 | H117: =IFERROR(G117 / D117, 0) -> 0
C118: =CFF!C309 -> M&A | D118: =SUMIFS(Forecast_versions[Amount], Forecast_versions[Week commencing], Dashboard!$D$69, Forecast_versions[Version name], Dashboard!$D$70, Forecast_versions[Category L2], Dashboard!C118) -> 0 | E118: =SUMIFS('Cash actuals'!$F$102:$BE$102, 'Cash actuals'!$F$7:$BE$7, Dashboard!$E$69) -> 0 | G118: =E118 - D118 -> 0 | H118: =IFERROR(G118 / D118, 0) -> 0
C120: Opening cash | D120: =SUMIFS(Forecast_versions[Amount], Forecast_versions[Week commencing], Dashboard!$D$69, Forecast_versions[Version name], Dashboard!$D$70, Forecast_versions[Category L2], Dashboard!C120) -> 0 | E120: =SUMIFS('Cash actuals'!$F$110:$BE$110, 'Cash actuals'!$F$7:$BE$7, Dashboard!$E$69) -> 0 | G120: =E120 - D120 -> 0 | H120: =IFERROR(G120 / D120, 0) -> 0
C122: Net cashflow | D122: =D73 + D77 + D84 + D89 + D105 + D110 + D115 -> 0 | E122: =E73 + E77 + E84 + E89 + E105 + E110 + E115 -> 0 | G122: =E122 - D122 -> 0 | H122: =IFERROR(G122 / D122, 0) -> 0
C124: Closing cash | D124: =SUMIFS(Forecast_versions[Amount], Forecast_versions[Week commencing], Dashboard!$D$69, Forecast_versions[Version name], Dashboard!$D$70, Forecast_versions[Category L2], Dashboard!C124) -> 0 | E124: =SUMIFS('Cash actuals'!$F$114:$BE$114, 'Cash actuals'!$F$7:$BE$7, Dashboard!$E$69) -> 0 | G124: =E124 - D124 -> 0 | H124: =IFERROR(G124 / D124, 0) -> 0

Sheet CFF
B2: =Assumptions!$D$9 -> Example Company Australia
B3: 13 week cashflow forecast
C7: Week commencing date >> | E7: =G7-7 -> -7 | G7: =Assumptions!$D$11 -> 0 | H7: =G8+1 -> 7 | I7: =H8+1 -> 14 | J7: =I8+1 -> 21 | K7: =J8+1 -> 28 | L7: =K8+1 -> 35 | M7: =L8+1 -> 42 | N7: =M8+1 -> 49 | O7: =N8+1 -> 56 | ... S7: =R8+1 -> 84
C8: Week ending date >> | E8: =E7+6 -> -1 | G8: =G7+6 -> 6 | H8: =H7+6 -> 13 | I8: =I7+6 -> 20 | J8: =J7+6 -> 27 | K8: =K7+6 -> 34 | L8: =L7+6 -> 41 | M8: =M7+6 -> 48 | N8: =N7+6 -> 55 | ... S8: =S7+6 -> 90
C9: Week number >> | E9: 0 | G9: 1 | H9: 2 | I9: 3 | J9: 4 | K9: 5 | L9: 6 | M9: 7 | N9: 8 | O9: 9 | P9: 10 | Q9: 11 | R9: 12 | S9: 13
C10: Calendar week >> | E10: =WEEKNUM(E7, 21) -> #NUM! | G10: =WEEKNUM(G7, 21) -> 52 | H10: =WEEKNUM(H7, 21) -> 1 | I10: =WEEKNUM(I7, 21) -> 2 | J10: =WEEKNUM(J7, 21) -> 3 | K10: =WEEKNUM(K7, 21) -> 4 | L10: =WEEKNUM(L7, 21) -> 5 | M10: =WEEKNUM(M7, 21) -> 6 | N10: =WEEKNUM(N7, 21) -> 7 | ... S10: =WEEKNUM(S7, 21) -> 12
C11: Actuals / Forecast>> | E11: Actual | G11: Forecast | H11: Forecast | I11: Forecast | J11: Forecast | K11: Forecast | L11: Forecast | M11: Forecast | N11: Forecast | O11: Forecast | P11: Forecast | Q11: Forecast | R11: Forecast | S11: Forecast | T11: Total
C12: =Assumptions!D24 -> 0 | G12: =IF( Assumptions!$K24="Off", "No", IF( Assumptions!$F24="I will phase manually", "No", IF( Assumptions!$F24="Last working day of month", IF( OR( AND(WORKDAY(DATE(YEAR(G$7),MONTH(G$7)+1,1),-1)>=G$7, WORKDAY(DATE(YEAR(G$7),MONTH(G$7)+1,1),-1)<=G$8), AND(WORKDAY(DATE(YEAR(G$8),MONTH(G$8)+1,1),-1)>=G$7, WORKDAY(DATE(YEAR(G$8),MONTH(G$8)+1,1),-1)<=G$8) ), "Yes","No"), IF( Assumptions!$F24="End of month", IF( OR( AND(EOMONTH(G$7,0)>=G$7, EOMONTH(G$7,0)<=G$8), AND(EOMONTH(G$8,0)>=G$7, EOMONTH(G$8,0)<=G$8) ), "Yes","No"), IF( Assumptions!$F24="Specific day of month", IF( OR( AND(DATE(YEAR(G$7),MONTH(G$7),Assumptions!$G24)>=G$7, DATE(YEAR(G$7),MONTH(G$7),Assumptions!$G24)<=G$8), AND(DATE(YEAR(G$8),MONTH(G$8),Assumptions!$G24)>=G$7, DATE(YEAR(G$8),MONTH(G$8),Assumptions!$G24)<=G$8) ), "Yes","No"), IF( Assumptions!$F24="Last X day of month", IF( AND( WEEKDAY(G$7,2)<=MATCH(Assumptions!$J24,{"Monday","Tuesday","Wednesday","Thursday","Friday"},0), WEEKDAY(G$8,2)>=MATCH(Assumptions!$J24,{"Monday","Tuesday","Wednesday","Thursday","Friday"},0), (G$7+(MATCH(Assumptions!$J24,{"Monday","Tuesday","Wednesday","Thursday","Friday"},0)-WEEKDAY(G$7,2)))+7>EOMONTH((G$7+(MATCH(Assumptions!$J24,{"Monday","Tuesday","Wednesday","Thursday","Friday"},0)-WEEKDAY(G$7,2))),0) ), "Yes","No"), IF( Assumptions!$F24="Weekly", IF( AND( WEEKDAY(G$7,2)<=MATCH(Assumptions!$J24,{"Monday","Tuesday","Wednesday","Thursday","Friday"},0), WEEKDAY(G$8,2)>=MATCH(Assumptions!$J24,{"Monday","Tuesday","Wednesday","Thursday","Friday"},0) ), "Yes","No"), IF( Assumptions!$F24="Every 2 weeks", IF( OR( AND(Assumptions!$I24>=G$7, Assumptions!$I24<=G$8), AND( Assumptions!$I24<G$7, MOD(INT((G$7-(Assumptions!$I24-WEEKDAY(Assumptions!$I24,2)+1))/7),2)=0 ) ), "Yes","No"), IF( Assumptions!$F24="Every 3 weeks", IF( OR( AND(Assumptions!$I24>=G$7, Assumptions!$I24<=G$8), AND( Assumptions!$I24<G$7, MOD(INT((G$7-(Assumptions!$I24-WEEKDAY(Assumptions!$I24,2)+1))/7),3)=0 ) ), "Yes","No"), IF( Assumptions!$F24="Quarterly", IF( OR( AND( ISNUMBER(MATCH(MONTH(G$7),IF(Assumptions!$H24="Jan / Apr / Jul / Oct",{1,4,7,10},IF(Assumptions!$H24="Feb / May / Aug / Nov",{2,5,8,11},{3,6,9,12})),0)), DATE(YEAR(G$7),MONTH(G$7),Assumptions!$G24)>=G$7, DATE(YEAR(G$7),MONTH(G$7),Assumptions!$G24)<=G$8 ), AND( ISNUMBER(MATCH(MONTH(G$8),IF(Assumptions!$H24="Jan / Apr / Jul / Oct",{1,4,7,10},IF(Assumptions!$H24="Feb / May / Aug / Nov",{2,5,8,11},{3,6,9,12})),0)), DATE(YEAR(G$8),MONTH(G$8),Assumptions!$G24)>=G$7, DATE(YEAR(G$8),MONTH(G$8),Assumptions!$G24)<=G$8 ) ), "Yes","No"), "No") ) ) ) ) ) ) ) ) ) -> No | H12: =IF( Assumptions!$K24="Off", "No", IF( Assumptions!$F24="I will phase manually", "No", IF( Assumptions!$F24="Last working day of month", IF( OR( AND(WORKDAY(DATE(YEAR(H$7),MONTH(H$7)+1,1),-1)>=H$7, WORKDAY(DATE(YEAR(H$7),MONTH(H$7)+1,1),-1)<=H$8), AND(WORKDAY(DATE(YEAR(H$8),MONTH(H$8)+1,1),-1)>=H$7, WORKDAY(DATE(YEAR(H$8),MONTH(H$8)+1,1),-1)<=H$8) ), "Yes","No"), IF( Assumptions!$F24="End of month", IF( OR( AND(EOMONTH(H$7,0)>=H$7, EOMONTH(H$7,0)<=H$8), AND(EOMONTH(H$8,0)>=H$7, EOMONTH(H$8,0)<=H$8) ), "Yes","No"), IF( Assumptions!$F24="Specific day of month", IF( OR( AND(DATE(YEAR(H$7),MONTH(H$7),Assumptions!$G24)>=H$7, DATE(YEAR(H$7),MONTH(H$7),Assumptions!$G24)<=H$8), AND(DATE(YEAR(H$8),MONTH(H$8),Assumptions!$G24)>=H$7, DATE(YEAR(H$8),MONTH(H$8),Assumptions!$G24)<=H$8) ), "Yes","No"), IF( Assumptions!$F24="Last X day of month", IF( AND( WEEKDAY(H$7,2)<=MATCH(Assumptions!$J24,{"Monday","Tuesday","Wednesday","Thursday","Friday"},0), WEEKDAY(H$8,2)>=MATCH(Assumptions!$J24,{"Monday","Tuesday","Wednesday","Thursday","Friday"},0), (H$7+(MATCH(Assumptions!$J24,{"Monday","Tuesday","Wednesday","Thursday","Friday"},0)-WEEKDAY(H$7,2)))+7>EOMONTH((H$7+(MATCH(Assumptions!$J24,{"Monday","Tuesday","Wednesday","Thursday","Friday"},0)-WEEKDAY(H$7,2))),0) ), "Yes","No"), IF( Assumptions!$F24="Weekly", IF( AND( WEEKDAY(H$7,2)<=MATCH(Assumptions!$J24,{"Monday","Tuesday","Wednesday","Thursday","Friday"},0), WEEKDAY(H$8,2)>=MATCH(Assumptions!$J24,{"Monday","Tuesday","Wednesday","Thursday","Friday"},0) ), "Yes","No"), IF( Assumptions!$F24="Every 2 weeks", IF( OR( AND(Assumptions!$I24>=H$7, Assumptions!$I24<=H$8), AND( Assumptions!$I24<H$7, MOD(INT((H$7-(Assumptions!$I24-WEEKDAY(Assumptions!$I24,2)+1))/7),2)=0 ) ), "Yes","No"), IF( Assumptions!$F24="Every 3 weeks", IF( OR( AND(Assumptions!$I24>=H$7, Assumptions!$I24<=H$8), AND( Assumptions!$I24<H$7, MOD(INT((H$7-(Assumptions!$I24-WEEKDAY(Assumptions!$I24,2)+1))/7),3)=0 ) ), "Yes","No"), IF( Assumptions!$F24="Quarterly", IF( OR( AND( ISNUMBER(MATCH(MONTH(H$7),IF(Assumptions!$H24="Jan / Apr / Jul / Oct",{1,4,7,10},IF(Assumptions!$H24="Feb / May / Aug / Nov",{2,5,8,11},{3,6,9,12})),0)), DATE(YEAR(H$7),MONTH(H$7),Assumptions!$G24)>=H$7, DATE(YEAR(H$7),MONTH(H$7),Assumptions!$G24)<=H$8 ), AND( ISNUMBER(MATCH(MONTH(H$8),IF(Assumptions!$H24="Jan / Apr / Jul / Oct",{1,4,7,10},IF(Assumptions!$H24="Feb / May / Aug / Nov",{2,5,8,11},{3,6,9,12})),0)), DATE(YEAR(H$8),MONTH(H$8),Assumptions!$G24)>=H$7, DATE(YEAR(H$8),MONTH(H$8),Assumptions!$G24)<=H$8 ) ), "Yes","No"), "No") ) ) ) ) ) ) ) ) ) -> No | I12: =IF( Assumptions!$K24="Off", "No", IF( Assumptions!$F24="I will phase manually", "No", IF( Assumptions!$F24="Last working day of month", IF( OR( AND(WORKDAY(DATE(YEAR(I$7),MONTH(I$7)+1,1),-1)>=I$7, WORKDAY(DATE(YEAR(I$7),MONTH(I$7)+1,1),-1)<=I$8), AND(WORKDAY(DATE(YEAR(I$8),MONTH(I$8)+1,1),-1)>=I$7, WORKDAY(DATE(YEAR(I$8),MONTH(I$8)+1,1),-1)<=I$8) ), "Yes","No"), IF( Assumptions!$F24="End of month", IF( OR( AND(EOMONTH(I$7,0)>=I$7, EOMONTH(I$7,0)<=I$8), AND(EOMONTH(I$8,0)>=I$7, EOMONTH(I$8,0)<=I$8) ), "Yes","No"), IF( Assumptions!$F24="Specific day of month", IF( OR( AND(DATE(YEAR(I$7),MONTH(I$7),Assumptions!$G24)>=I$7, DATE(YEAR(I$7),MONTH(I$7),Assumptions!$G24)<=I$8), AND(DATE(YEAR(I$8),MONTH(I$8),Assumptions!$G24)>=I$7, DATE(YEAR(I$8),MONTH(I$8),Assumptions!$G24)<=I$8) ), "Yes","No"), IF( Assumptions!$F24="Last X day of month", IF( AND( WEEKDAY(I$7,2)<=MATCH(Assumptions!$J24,{"Monday","Tuesday","Wednesday","Thursday","Friday"},0), WEEKDAY(I$8,2)>=MATCH(Assumptions!$J24,{"Monday","Tuesday","Wednesday","Thursday","Friday"},0), (I$7+(MATCH(Assumptions!$J24,{"Monday","Tuesday","Wednesday","Thursday","Friday"},0)-WEEKDAY(I$7,2)))+7>EOMONTH((I$7+(MATCH(Assumptions!$J24,{"Monday","Tuesday","Wednesday","Thursday","Friday"},0)-WEEKDAY(I$7,2))),0) ), "Yes","No"), IF( Assumptions!$F24="Weekly", IF( AND( WEEKDAY(I$7,2)<=MATCH(Assumptions!$J24,{"Monday","Tuesday","Wednesday","Thursday","Friday"},0), WEEKDAY(I$8,2)>=MATCH(Assumptions!$J24,{"Monday","Tuesday","Wednesday","Thursday","Friday"},0) ), "Yes","No"), IF( Assumptions!$F24="Every 2 weeks", IF( OR( AND(Assumptions!$I24>=I$7, Assumptions!$I24<=I$8), AND( Assumptions!$I24<I$7, MOD(INT((I$7-(Assumptions!$I24-WEEKDAY(Assumptions!$I24,2)+1))/7),2)=0 ) ), "Yes","No"), IF( Assumptions!$F24="Every 3 weeks", IF( OR( AND(Assumptions!$I24>=I$7, Assumptions!$I24<=I$8), AND( Assumptions!$I24<I$7, MOD(INT((I$7-(Assumptions!$I24-WEEKDAY(Assumptions!$I24,2)+1))/7),3)=0 ) ), "Yes","No"), IF( Assumptions!$F24="Quarterly", IF( OR( AND( ISNUMBER(MATCH(MONTH(I$7),IF(Assumptions!$H24="Jan / Apr / Jul / Oct",{1,4,7,10},IF(Assumptions!$H24="Feb / May / Aug / Nov",{2,5,8,11},{3,6,9,12})),0)), DATE(YEAR(I$7),MONTH(I$7),Assumptions!$G24)>=I$7, DATE(YEAR(I$7),MONTH(I$7),Assumptions!$G24)<=I$8 ), AND( ISNUMBER(MATCH(MONTH(I$8),IF(Assumptions!$H24="Jan / Apr / Jul / Oct",{1,4,7,10},IF(Assumptions!$H24="Feb / May / Aug / Nov",{2,5,8,11},{3,6,9,12})),0)), DATE(YEAR(I$8),MONTH(I$8),Assumptions!$G24)>=I$7, DATE(YEAR(I$8),MONTH(I$8),Assumptions!$G24)<=I$8 ) ), "Yes","No"), "No") ) ) ) ) ) ) ) ) ) -> No | J12: =IF( Assumptions!$K24="Off", "No", IF( Assumptions!$F24="I will phase manually", "No", IF( Assumptions!$F24="Last working day of month", IF( OR( AND(WORKDAY(DATE(YEAR(J$7),MONTH(J$7)+1,1),-1)>=J$7, WORKDAY(DATE(YEAR(J$7),MONTH(J$7)+1,1),-1)<=J$8), AND(WORKDAY(DATE(YEAR(J$8),MONTH(J$8)+1,1),-1)>=J$7, WORKDAY(DATE(YEAR(J$8),MONTH(J$8)+1,1),-1)<=J$8) ), "Yes","No"), IF( Assumptions!$F24="End of month", IF( OR( AND(EOMONTH(J$7,0)>=J$7, EOMONTH(J$7,0)<=J$8), AND(EOMONTH(J$8,0)>=J$7, EOMONTH(J$8,0)<=J$8) ), "Yes","No"), IF( Assumptions!$F24="Specific day of month", IF( OR( AND(DATE(YEAR(J$7),MONTH(J$7),Assumptions!$G24)>=J$7, DATE(YEAR(J$7),MONTH(J$7),Assumptions!$G24)<=J$8), AND(DATE(YEAR(J$8),MONTH(J$8),Assumptions!$G24)>=J$7, DATE(YEAR(J$8),MONTH(J$8),Assumptions!$G24)<=J$8) ), "Yes","No"), IF( Assumptions!$F24="Last X day of month", IF( AND( WEEKDAY(J$7,2)<=MATCH(Assumptions!$J24,{"Monday","Tuesday","Wednesday","Thursday","Friday"},0), WEEKDAY(J$8,2)>=MATCH(Assumptions!$J24,{"Monday","Tuesday","Wednesday","Thursday","Friday"},0), (J$7+(MATCH(Assumptions!$J24,{"Monday","Tuesday","Wednesday","Thursday","Friday"},0)-WEEKDAY(J$7,2)))+7>EOMONTH((J$7+(MATCH(Assumptions!$J24,{"Monday","Tuesday","Wednesday","Thursday","Friday"},0)-WEEKDAY(J$7,2))),0) ), "Yes","No"), IF( Assumptions!$F24="Weekly", IF( AND( WEEKDAY(J$7,2)<=MATCH(Assumptions!$J24,{"Monday","Tuesday","Wednesday","Thursday","Friday"},0), WEEKDAY(J$8,2)>=MATCH(Assumptions!$J24,{"Monday","Tuesday","Wednesday","Thursday","Friday"},0) ), "Yes","No"), IF( Assumptions!$F24="Every 2 weeks", IF( OR( AND(Assumptions!$I24>=J$7, Assumptions!$I24<=J$8), AND( Assumptions!$I24<J$7, MOD(INT((J$7-(Assumptions!$I24-WEEKDAY(Assumptions!$I24,2)+1))/7),2)=0 ) ), "Yes","No"), IF( Assumptions!$F24="Every 3 weeks", IF( OR( AND(Assumptions!$I24>=J$7, Assumptions!$I24<=J$8), AND( Assumptions!$I24<J$7, MOD(INT((J$7-(Assumptions!$I24-WEEKDAY(Assumptions!$I24,2)+1))/7),3)=0 ) ), "Yes","No"), IF( Assumptions!$F24="Quarterly", IF( OR( AND( ISNUMBER(MATCH(MONTH(J$7),IF(Assumptions!$H24="Jan / Apr / Jul / Oct",{1,4,7,10},IF(Assumptions!$H24="Feb / May / Aug / Nov",{2,5,8,11},{3,6,9,12})),0)), DATE(YEAR(J$7),MONTH(J$7),Assumptions!$G24)>=J$7, DATE(YEAR(J$7),MONTH(J$7),Assumptions!$G24)<=J$8 ), AND( ISNUMBER(MATCH(MONTH(J$8),IF(Assumptions!$H24="Jan / Apr / Jul / Oct",{1,4,7,10},IF(Assumptions!$H24="Feb / May / Aug / Nov",{2,5,8,11},{3,6,9,12})),0)), DATE(YEAR(J$8),MONTH(J$8),Assumptions!$G24)>=J$7, DATE(YEAR(J$8),MONTH(J$8),Assumptions!$G24)<=J$8 ) ), "Yes","No"), "No") ) ) ) ) ) ) ) ) ) -> No | K12: =IF( Assumptions!$K24="Off", "No", IF( Assumptions!$F24="I will phase manually", "No", IF( Assumptions!$F24="Last working day of month", IF( OR( AND(WORKDAY(DATE(YEAR(K$7),MONTH(K$7)+1,1),-1)>=K$7, WORKDAY(DATE(YEAR(K$7),MONTH(K$7)+1,1),-1)<=K$8), AND(WORKDAY(DATE(YEAR(K$8),MONTH(K$8)+1,1),-1)>=K$7, WORKDAY(DATE(YEAR(K$8),MONTH(K$8)+1,1),-1)<=K$8) ), "Yes","No"), IF( Assumptions!$F24="End of month", IF( OR( AND(EOMONTH(K$7,0)>=K$7, EOMONTH(K$7,0)<=K$8), AND(EOMONTH(K$8,0)>=K$7, EOMONTH(K$8,0)<=K$8) ), "Yes","No"), IF( Assumptions!$F24="Specific day of month", IF( OR( AND(DATE(YEAR(K$7),MONTH(K$7),Assumptions!$G24)>=K$7, DATE(YEAR(K$7),MONTH(K$7),Assumptions!$G24)<=K$8), AND(DATE(YEAR(K$8),MONTH(K$8),Assumptions!$G24)>=K$7, DATE(YEAR(K$8),MONTH(K$8),Assumptions!$G24)<=K$8) ), "Yes","No"), IF( Assumptions!$F24="Last X day of month", IF( AND( WEEKDAY(K$7,2)<=MATCH(Assumptions!$J24,{"Monday","Tuesday","Wednesday","Thursday","Friday"},0), WEEKDAY(K$8,2)>=MATCH(Assumptions!$J24,{"Monday","Tuesday","Wednesday","Thursday","Friday"},0), (K$7+(MATCH(Assumptions!$J24,{"Monday","Tuesday","Wednesday","Thursday","Friday"},0)-WEEKDAY(K$7,2)))+7>EOMONTH((K$7+(MATCH(Assumptions!$J24,{"Monday","Tuesday","Wednesday","Thursday","Friday"},0)-WEEKDAY(K$7,2))),0) ), "Yes","No"), IF( Assumptions!$F24="Weekly", IF( AND( WEEKDAY(K$7,2)<=MATCH(Assumptions!$J24,{"Monday","Tuesday","Wednesday","Thursday","Friday"},0), WEEKDAY(K$8,2)>=MATCH(Assumptions!$J24,{"Monday","Tuesday","Wednesday","Thursday","Friday"},0) ), "Yes","No"), IF( Assumptions!$F24="Every 2 weeks", IF( OR( AND(Assumptions!$I24>=K$7, Assumptions!$I24<=K$8), AND( Assumptions!$I24<K$7, MOD(INT((K$7-(Assumptions!$I24-WEEKDAY(Assumptions!$I24,2)+1))/7),2)=0 ) ), "Yes","No"), IF( Assumptions!$F24="Every 3 weeks", IF( OR( AND(Assumptions!$I24>=K$7, Assumptions!$I24<=K$8), AND( Assumptions!$I24<K$7, MOD(INT((K$7-(Assumptions!$I24-WEEKDAY(Assumptions!$I24,2)+1))/7),3)=0 ) ), "Yes","No"), IF( Assumptions!$F24="Quarterly", IF( OR( AND( ISNUMBER(MATCH(MONTH(K$7),IF(Assumptions!$H24="Jan / Apr / Jul / Oct",{1,4,7,10},IF(Assumptions!$H24="Feb / May / Aug / Nov",{2,5,8,11},{3,6,9,12})),0)), DATE(YEAR(K$7),MONTH(K$7),Assumptions!$G24)>=K$7, DATE(YEAR(K$7),MONTH(K$7),Assumptions!$G24)<=K$8 ), AND( ISNUMBER(MATCH(MONTH(K$8),IF(Assumptions!$H24="Jan / Apr / Jul / Oct",{1,4,7,10},IF(Assumptions!$H24="Feb / May / Aug / Nov",{2,5,8,11},{3,6,9,12})),0)), DATE(YEAR(K$8),MONTH(K$8),Assumptions!$G24)>=K$7, DATE(YEAR(K$8),MONTH(K$8),Assumptions!$G24)<=K$8 ) ), "Yes","No"), "No") ) ) ) ) ) ) ) ) ) -> No | L12: =IF( Assumptions!$K24="Off", "No", IF( Assumptions!$F24="I will phase manually", "No", IF( Assumptions!$F24="Last working day of month", IF( OR( AND(WORKDAY(DATE(YEAR(L$7),MONTH(L$7)+1,1),-1)>=L$7, WORKDAY(DATE(YEAR(L$7),MONTH(L$7)+1,1),-1)<=L$8), AND(WORKDAY(DATE(YEAR(L$8),MONTH(L$8)+1,1),-1)>=L$7, WORKDAY(DATE(YEAR(L$8),MONTH(L$8)+1,1),-1)<=L$8) ), "Yes","No"), IF( Assumptions!$F24="End of month", IF( OR( AND(EOMONTH(L$7,0)>=L$7, EOMONTH(L$7,0)<=L$8), AND(EOMONTH(L$8,0)>=L$7, EOMONTH(L$8,0)<=L$8) ), "Yes","No"), IF( Assumptions!$F24="Specific day of month", IF( OR( AND(DATE(YEAR(L$7),MONTH(L$7),Assumptions!$G24)>=L$7, DATE(YEAR(L$7),MONTH(L$7),Assumptions!$G24)<=L$8), AND(DATE(YEAR(L$8),MONTH(L$8),Assumptions!$G24)>=L$7, DATE(YEAR(L$8),MONTH(L$8),Assumptions!$G24)<=L$8) ), "Yes","No"), IF( Assumptions!$F24="Last X day of month", IF( AND( WEEKDAY(L$7,2)<=MATCH(Assumptions!$J24,{"Monday","Tuesday","Wednesday","Thursday","Friday"},0), WEEKDAY(L$8,2)>=MATCH(Assumptions!$J24,{"Monday","Tuesday","Wednesday","Thursday","Friday"},0), (L$7+(MATCH(Assumptions!$J24,{"Monday","Tuesday","Wednesday","Thursday","Friday"},0)-WEEKDAY(L$7,2)))+7>EOMONTH((L$7+(MATCH(Assumptions!$J24,{"Monday","Tuesday","Wednesday","Thursday","Friday"},0)-WEEKDAY(L$7,2))),0) ), "Yes","No"), IF( Assumptions!$F24="Weekly", IF( AND( WEEKDAY(L$7,2)<=MATCH(Assumptions!$J24,{"Monday","Tuesday","Wednesday","Thursday","Friday"},0), WEEKDAY(L$8,2)>=MATCH(Assumptions!$J24,{"Monday","Tuesday","Wednesday","Thursday","Friday"},0) ), "Yes","No"), IF( Assumptions!$F24="Every 2 weeks", IF( OR( AND(Assumptions!$I24>=L$7, Assumptions!$I24<=L$8), AND( Assumptions!$I24<L$7, MOD(INT((L$7-(Assumptions!$I24-WEEKDAY(Assumptions!$I24,2)+1))/7),2)=0 ) ), "Yes","No"), IF( Assumptions!$F24="Every 3 weeks", IF( OR( AND(Assumptions!$I24>=L$7, Assumptions!$I24<=L$8), AND( Assumptions!$I24<L$7, MOD(INT((L$7-(Assumptions!$I24-WEEKDAY(Assumptions!$I24,2)+1))/7),3)=0 ) ), "Yes","No"), IF( Assumptions!$F24="Quarterly", IF( OR( AND( ISNUMBER(MATCH(MONTH(L$7),IF(Assumptions!$H24="Jan / Apr / Jul / Oct",{1,4,7,10},IF(Assumptions!$H24="Feb / May / Aug / Nov",{2,5,8,11},{3,6,9,12})),0)), DATE(YEAR(L$7),MONTH(L$7),Assumptions!$G24)>=L$7, DATE(YEAR(L$7),MONTH(L$7),Assumptions!$G24)<=L$8 ), AND( ISNUMBER(MATCH(MONTH(L$8),IF(Assumptions!$H24="Jan / Apr / Jul / Oct",{1,4,7,10},IF(Assumptions!$H24="Feb / May / Aug / Nov",{2,5,8,11},{3,6,9,12})),0)), DATE(YEAR(L$8),MONTH(L$8),Assumptions!$G24)>=L$7, DATE(YEAR(L$8),MONTH(L$8),Assumptions!$G24)<=L$8 ) ), "Yes","No"), "No") ) ) ) ) ) ) ) ) ) -> No | M12: =IF( Assumptions!$K24="Off", "No", IF( Assumptions!$F24="I will phase manually", "No", IF( Assumptions!$F24="Last working day of month", IF( OR( AND(WORKDAY(DATE(YEAR(M$7),MONTH(M$7)+1,1),-1)>=M$7, WORKDAY(DATE(YEAR(M$7),MONTH(M$7)+1,1),-1)<=M$8), AND(WORKDAY(DATE(YEAR(M$8),MONTH(M$8)+1,1),-1)>=M$7, WORKDAY(DATE(YEAR(M$8),MONTH(M$8)+1,1),-1)<=M$8) ), "Yes","No"), IF( Assumptions!$F24="End of month", IF( OR( AND(EOMONTH(M$7,0)>=M$7, EOMONTH(M$7,0)<=M$8), AND(EOMONTH(M$8,0)>=M$7, EOMONTH(M$8,0)<=M$8) ), "Yes","No"), IF( Assumptions!$F24="Specific day of month", IF( OR( AND(DATE(YEAR(M$7),MONTH(M$7),Assumptions!$G24)>=M$7, DATE(YEAR(M$7),MONTH(M$7),Assumptions!$G24)<=M$8), AND(DATE(YEAR(M$8),MONTH(M$8),Assumptions!$G24)>=M$7, DATE(YEAR(M$8),MONTH(M$8),Assumptions!$G24)<=M$8) ), "Yes","No"), IF( Assumptions!$F24="Last X day of month", IF( AND( WEEKDAY(M$7,2)<=MATCH(Assumptions!$J24,{"Monday","Tuesday","Wednesday","Thursday","Friday"},0), WEEKDAY(M$8,2)>=MATCH(Assumptions!$J24,{"Monday","Tuesday","Wednesday","Thursday","Friday"},0), (M$7+(MATCH(Assumptions!$J24,{"Monday","Tuesday","Wednesday","Thursday","Friday"},0)-WEEKDAY(M$7,2)))+7>EOMONTH((M$7+(MATCH(Assumptions!$J24,{"Monday","Tuesday","Wednesday","Thursday","Friday"},0)-WEEKDAY(M$7,2))),0) ), "Yes","No"), IF( Assumptions!$F24="Weekly", IF( AND( WEEKDAY(M$7,2)<=MATCH(Assumptions!$J24,{"Monday","Tuesday","Wednesday","Thursday","Friday"},0), WEEKDAY(M$8,2)>=MATCH(Assumptions!$J24,{"Monday","Tuesday","Wednesday","Thursday","Friday"},0) ), "Yes","No"), IF( Assumptions!$F24="Every 2 weeks", IF( OR( AND(Assumptions!$I24>=M$7, Assumptions!$I24<=M$8), AND( Assumptions!$I24<M$7, MOD(INT((M$7-(Assumptions!$I24-WEEKDAY(Assumptions!$I24,2)+1))/7),2)=0 ) ), "Yes","No"), IF( Assumptions!$F24="Every 3 weeks", IF( OR( AND(Assumptions!$I24>=M$7, Assumptions!$I24<=M$8), AND( Assumptions!$I24<M$7, MOD(INT((M$7-(Assumptions!$I24-WEEKDAY(Assumptions!$I24,2)+1))/7),3)=0 ) ), "Yes","No"), IF( Assumptions!$F24="Quarterly", IF( OR( AND( ISNUMBER(MATCH(MONTH(M$7),IF(Assumptions!$H24="Jan / Apr / Jul / Oct",{1,4,7,10},IF(Assumptions!$H24="Feb / May / Aug / Nov",{2,5,8,11},{3,6,9,12})),0)), DATE(YEAR(M$7),MONTH(M$7),Assumptions!$G24)>=M$7, DATE(YEAR(M$7),MONTH(M$7),Assumptions!$G24)<=M$8 ), AND( ISNUMBER(MATCH(MONTH(M$8),IF(Assumptions!$H24="Jan / Apr / Jul / Oct",{1,4,7,10},IF(Assumptions!$H24="Feb / May / Aug / Nov",{2,5,8,11},{3,6,9,12})),0)), DATE(YEAR(M$8),MONTH(M$8),Assumptions!$G24)>=M$7, DATE(YEAR(M$8),MONTH(M$8),Assumptions!$G24)<=M$8 ) ), "Yes","No"), "No") ) ) ) ) ) ) ) ) ) -> No | N12: =IF( Assumptions!$K24="Off", "No", IF( Assumptions!$F24="I will phase manually", "No", IF( Assumptions!$F24="Last working day of month", IF( OR( AND(WORKDAY(DATE(YEAR(N$7),MONTH(N$7)+1,1),-1)>=N$7, WORKDAY(DATE(YEAR(N$7),MONTH(N$7)+1,1),-1)<=N$8), AND(WORKDAY(DATE(YEAR(N$8),MONTH(N$8)+1,1),-1)>=N$7, WORKDAY(DATE(YEAR(N$8),MONTH(N$8)+1,1),-1)<=N$8) ), "Yes","No"), IF( Assumptions!$F24="End of month", IF( OR( AND(EOMONTH(N$7,0)>=N$7, EOMONTH(N$7,0)<=N$8), AND(EOMONTH(N$8,0)>=N$7, EOMONTH(N$8,0)<=N$8) ), "Yes","No"), IF( Assumptions!$F24="Specific day of month", IF( OR( AND(DATE(YEAR(N$7),MONTH(N$7),Assumptions!$G24)>=N$7, DATE(YEAR(N$7),MONTH(N$7),Assumptions!$G24)<=N$8), AND(DATE(YEAR(N$8),MONTH(N$8),Assumptions!$G24)>=N$7, DATE(YEAR(N$8),MONTH(N$8),Assumptions!$G24)<=N$8) ), "Yes","No"), IF( Assumptions!$F24="Last X day of month", IF( AND( WEEKDAY(N$7,2)<=MATCH(Assumptions!$J24,{"Monday","Tuesday","Wednesday","Thursday","Friday"},0), WEEKDAY(N$8,2)>=MATCH(Assumptions!$J24,{"Monday","Tuesday","Wednesday","Thursday","Friday"},0), (N$7+(MATCH(Assumptions!$J24,{"Monday","Tuesday","Wednesday","Thursday","Friday"},0)-WEEKDAY(N$7,2)))+7>EOMONTH((N$7+(MATCH(Assumptions!$J24,{"Monday","Tuesday","Wednesday","Thursday","Friday"},0)-WEEKDAY(N$7,2))),0) ), "Yes","No"), IF( Assumptions!$F24="Weekly", IF( AND( WEEKDAY(N$7,2)<=MATCH(Assumptions!$J24,{"Monday","Tuesday","Wednesday","Thursday","Friday"},0), WEEKDAY(N$8,2)>=MATCH(Assumptions!$J24,{"Monday","Tuesday","Wednesday","Thursday","Friday"},0) ), "Yes","No"), IF( Assumptions!$F24="Every 2 weeks", IF( OR( AND(Assumptions!$I24>=N$7, Assumptions!$I24<=N$8), AND( Assumptions!$I24<N$7, MOD(INT((N$7-(Assumptions!$I24-WEEKDAY(Assumptions!$I24,2)+1))/7),2)=0 ) ), "Yes","No"), IF( Assumptions!$F24="Every 3 weeks", IF( OR( AND(Assumptions!$I24>=N$7, Assumptions!$I24<=N$8), AND( Assumptions!$I24<N$7, MOD(INT((N$7-(Assumptions!$I24-WEEKDAY(Assumptions!$I24,2)+1))/7),3)=0 ) ), "Yes","No"), IF( Assumptions!$F24="Quarterly", IF( OR( AND( ISNUMBER(MATCH(MONTH(N$7),IF(Assumptions!$H24="Jan / Apr / Jul / Oct",{1,4,7,10},IF(Assumptions!$H24="Feb / May / Aug / Nov",{2,5,8,11},{3,6,9,12})),0)), DATE(YEAR(N$7),MONTH(N$7),Assumptions!$G24)>=N$7, DATE(YEAR(N$7),MONTH(N$7),Assumptions!$G24)<=N$8 ), AND( ISNUMBER(MATCH(MONTH(N$8),IF(Assumptions!$H24="Jan / Apr / Jul / Oct",{1,4,7,10},IF(Assumptions!$H24="Feb / May / Aug / Nov",{2,5,8,11},{3,6,9,12})),0)), DATE(YEAR(N$8),MONTH(N$8),Assumptions!$G24)>=N$7, DATE(YEAR(N$8),MONTH(N$8),Assumptions!$G24)<=N$8 ) ), "Yes","No"), "No") ) ) ) ) ) ) ) ) ) -> No | ... S12: =IF( Assumptions!$K24="Off", "No", IF( Assumptions!$F24="I will phase manually", "No", IF( Assumptions!$F24="Last working day of month", IF( OR( AND(WORKDAY(DATE(YEAR(S$7),MONTH(S$7)+1,1),-1)>=S$7, WORKDAY(DATE(YEAR(S$7),MONTH(S$7)+1,1),-1)<=S$8), AND(WORKDAY(DATE(YEAR(S$8),MONTH(S$8)+1,1),-1)>=S$7, WORKDAY(DATE(YEAR(S$8),MONTH(S$8)+1,1),-1)<=S$8) ), "Yes","No"), IF( Assumptions!$F24="End of month", IF( OR( AND(EOMONTH(S$7,0)>=S$7, EOMONTH(S$7,0)<=S$8), AND(EOMONTH(S$8,0)>=S$7, EOMONTH(S$8,0)<=S$8) ), "Yes","No"), IF( Assumptions!$F24="Specific day of month", IF( OR( AND(DATE(YEAR(S$7),MONTH(S$7),Assumptions!$G24)>=S$7, DATE(YEAR(S$7),MONTH(S$7),Assumptions!$G24)<=S$8), AND(DATE(YEAR(S$8),MONTH(S$8),Assumptions!$G24)>=S$7, DATE(YEAR(S$8),MONTH(S$8),Assumptions!$G24)<=S$8) ), "Yes","No"), IF( Assumptions!$F24="Last X day of month", IF( AND( WEEKDAY(S$7,2)<=MATCH(Assumptions!$J24,{"Monday","Tuesday","Wednesday","Thursday","Friday"},0), WEEKDAY(S$8,2)>=MATCH(Assumptions!$J24,{"Monday","Tuesday","Wednesday","Thursday","Friday"},0), (S$7+(MATCH(Assumptions!$J24,{"Monday","Tuesday","Wednesday","Thursday","Friday"},0)-WEEKDAY(S$7,2)))+7>EOMONTH((S$7+(MATCH(Assumptions!$J24,{"Monday","Tuesday","Wednesday","Thursday","Friday"},0)-WEEKDAY(S$7,2))),0) ), "Yes","No"), IF( Assumptions!$F24="Weekly", IF( AND( WEEKDAY(S$7,2)<=MATCH(Assumptions!$J24,{"Monday","Tuesday","Wednesday","Thursday","Friday"},0), WEEKDAY(S$8,2)>=MATCH(Assumptions!$J24,{"Monday","Tuesday","Wednesday","Thursday","Friday"},0) ), "Yes","No"), IF( Assumptions!$F24="Every 2 weeks", IF( OR( AND(Assumptions!$I24>=S$7, Assumptions!$I24<=S$8), AND( Assumptions!$I24<S$7, MOD(INT((S$7-(Assumptions!$I24-WEEKDAY(Assumptions!$I24,2)+1))/7),2)=0 ) ), "Yes","No"), IF( Assumptions!$F24="Every 3 weeks", IF( OR( AND(Assumptions!$I24>=S$7, Assumptions!$I24<=S$8), AND( Assumptions!$I24<S$7, MOD(INT((S$7-(Assumptions!$I24-WEEKDAY(Assumptions!$I24,2)+1))/7),3)=0 ) ), "Yes","No"), IF( Assumptions!$F24="Quarterly", IF( OR( AND( ISNUMBER(MATCH(MONTH(S$7),IF(Assumptions!$H24="Jan / Apr / Jul / Oct",{1,4,7,10},IF(Assumptions!$H24="Feb / May / Aug / Nov",{2,5,8,11},{3,6,9,12})),0)), DATE(YEAR(S$7),MONTH(S$7),Assumptions!$G24)>=S$7, DATE(YEAR(S$7),MONTH(S$7),Assumptions!$G24)<=S$8 ), AND( ISNUMBER(MATCH(MONTH(S$8),IF(Assumptions!$H24="Jan / Apr / Jul / Oct",{1,4,7,10},IF(Assumptions!$H24="Feb / May / Aug / Nov",{2,5,8,11},{3,6,9,12})),0)), DATE(YEAR(S$8),MONTH(S$8),Assumptions!$G24)>=S$7, DATE(YEAR(S$8),MONTH(S$8),Assumptions!$G24)<=S$8 ) ), "Yes","No"), "No") ) ) ) ) ) ) ) ) ) -> No | T12: N/A
C13: =Assumptions!D25 -> 0 | G13: =IF( Assumptions!$K25="Off", "No", IF( Assumptions!$F25="I will phase manually", "No", IF( Assumptions!$F25="Last working day of month", IF( OR( AND(WORKDAY(DATE(YEAR(G$7),MONTH(G$7)+1,1),-1)>=G$7, WORKDAY(DATE(YEAR(G$7),MONTH(G$7)+1,1),-1)<=G$8), AND(WORKDAY(DATE(YEAR(G$8),MONTH(G$8)+1,1),-1)>=G$7, WORKDAY(DATE(YEAR(G$8),MONTH(G$8)+1,1),-1)<=G$8) ), "Yes","No"), IF( Assumptions!$F25="End of month", IF( OR( AND(EOMONTH(G$7,0)>=G$7, EOMONTH(G$7,0)<=G$8), AND(EOMONTH(G$8,0)>=G$7, EOMONTH(G$8,0)<=G$8) ), "Yes","No"), IF( Assumptions!$F25="Specific day of month", IF( OR( AND(DATE(YEAR(G$7),MONTH(G$7),Assumptions!$G25)>=G$7, DATE(YEAR(G$7),MONTH(G$7),Assumptions!$G25)<=G$8), AND(DATE(YEAR(G$8),MONTH(G$8),Assumptions!$G25)>=G$7, DATE(YEAR(G$8),MONTH(G$8),Assumptions!$G25)<=G$8) ), "Yes","No"), IF( Assumptions!$F25="Last X day of month", IF( AND( WEEKDAY(G$7,2)<=MATCH(Assumptions!$J25,{"Monday","Tuesday","Wednesday","Thursday","Friday"},0), WEEKDAY(G$8,2)>=MATCH(Assumptions!$J25,{"Monday","Tuesday","Wednesday","Thursday","Friday"},0), (G$7+(MATCH(Assumptions!$J25,{"Monday","Tuesday","Wednesday","Thursday","Friday"},0)-WEEKDAY(G$7,2)))+7>EOMONTH((G$7+(MATCH(Assumptions!$J25,{"Monday","Tuesday","Wednesday","Thursday","Friday"},0)-WEEKDAY(G$7,2))),0) ), "Yes","No"), IF( Assumptions!$F25="Weekly", IF( AND( WEEKDAY(G$7,2)<=MATCH(Assumptions!$J25,{"Monday","Tuesday","Wednesday","Thursday","Friday"},0), WEEKDAY(G$8,2)>=MATCH(Assumptions!$J25,{"Monday","Tuesday","Wednesday","Thursday","Friday"},0) ), "Yes","No"), IF( Assumptions!$F25="Every 2 weeks", IF( OR( AND(Assumptions!$I25>=G$7, Assumptions!$I25<=G$8), AND( Assumptions!$I25<G$7, MOD(INT((G$7-(Assumptions!$I25-WEEKDAY(Assumptions!$I25,2)+1))/7),2)=0 ) ), "Yes","No"), IF( Assumptions!$F25="Every 3 weeks", IF( OR( AND(Assumptions!$I25>=G$7, Assumptions!$I25<=G$8), AND( Assumptions!$I25<G$7, MOD(INT((G$7-(Assumptions!$I25-WEEKDAY(Assumptions!$I25,2)+1))/7),3)=0 ) ), "Yes","No"), IF( Assumptions!$F25="Quarterly", IF( OR( AND( ISNUMBER(MATCH(MONTH(G$7),IF(Assumptions!$H25="Jan / Apr / Jul / Oct",{1,4,7,10},IF(Assumptions!$H25="Feb / May / Aug / Nov",{2,5,8,11},{3,6,9,12})),0)), DATE(YEAR(G$7),MONTH(G$7),Assumptions!$G25)>=G$7, DATE(YEAR(G$7),MONTH(G$7),Assumptions!$G25)<=G$8 ), AND( ISNUMBER(MATCH(MONTH(G$8),IF(Assumptions!$H25="Jan / Apr / Jul / Oct",{1,4,7,10},IF(Assumptions!$H25="Feb / May / Aug / Nov",{2,5,8,11},{3,6,9,12})),0)), DATE(YEAR(G$8),MONTH(G$8),Assumptions!$G25)>=G$7, DATE(YEAR(G$8),MONTH(G$8),Assumptions!$G25)<=G$8 ) ), "Yes","No"), "No") ) ) ) ) ) ) ) ) ) -> No | H13: =IF( Assumptions!$K25="Off", "No", IF( Assumptions!$F25="I will phase manually", "No", IF( Assumptions!$F25="Last working day of month", IF( OR( AND(WORKDAY(DATE(YEAR(H$7),MONTH(H$7)+1,1),-1)>=H$7, WORKDAY(DATE(YEAR(H$7),MONTH(H$7)+1,1),-1)<=H$8), AND(WORKDAY(DATE(YEAR(H$8),MONTH(H$8)+1,1),-1)>=H$7, WORKDAY(DATE(YEAR(H$8),MONTH(H$8)+1,1),-1)<=H$8) ), "Yes","No"), IF( Assumptions!$F25="End of month", IF( OR( AND(EOMONTH(H$7,0)>=H$7, EOMONTH(H$7,0)<=H$8), AND(EOMONTH(H$8,0)>=H$7, EOMONTH(H$8,0)<=H$8) ), "Yes","No"), IF( Assumptions!$F25="Specific day of month", IF( OR( AND(DATE(YEAR(H$7),MONTH(H$7),Assumptions!$G25)>=H$7, DATE(YEAR(H$7),MONTH(H$7),Assumptions!$G25)<=H$8), AND(DATE(YEAR(H$8),MONTH(H$8),Assumptions!$G25)>=H$7, DATE(YEAR(H$8),MONTH(H$8),Assumptions!$G25)<=H$8) ), "Yes","No"), IF( Assumptions!$F25="Last X day of month", IF( AND( WEEKDAY(H$7,2)<=MATCH(Assumptions!$J25,{"Monday","Tuesday","Wednesday","Thursday","Friday"},0), WEEKDAY(H$8,2)>=MATCH(Assumptions!$J25,{"Monday","Tuesday","Wednesday","Thursday","Friday"},0), (H$7+(MATCH(Assumptions!$J25,{"Monday","Tuesday","Wednesday","Thursday","Friday"},0)-WEEKDAY(H$7,2)))+7>EOMONTH((H$7+(MATCH(Assumptions!$J25,{"Monday","Tuesday","Wednesday","Thursday","Friday"},0)-WEEKDAY(H$7,2))),0) ), "Yes","No"), IF( Assumptions!$F25="Weekly", IF( AND( WEEKDAY(H$7,2)<=MATCH(Assumptions!$J25,{"Monday","Tuesday","Wednesday","Thursday","Friday"},0), WEEKDAY(H$8,2)>=MATCH(Assumptions!$J25,{"Monday","Tuesday","Wednesday","Thursday","Friday"},0) ), "Yes","No"), IF( Assumptions!$F25="Every 2 weeks", IF( OR( AND(Assumptions!$I25>=H$7, Assumptions!$I25<=H$8), AND( Assumptions!$I25<H$7, MOD(INT((H$7-(Assumptions!$I25-WEEKDAY(Assumptions!$I25,2)+1))/7),2)=0 ) ), "Yes","No"), IF( Assumptions!$F25="Every 3 weeks", IF( OR( AND(Assumptions!$I25>=H$7, Assumptions!$I25<=H$8), AND( Assumptions!$I25<H$7, MOD(INT((H$7-(Assumptions!$I25-WEEKDAY(Assumptions!$I25,2)+1))/7),3)=0 ) ), "Yes","No"), IF( Assumptions!$F25="Quarterly", IF( OR( AND( ISNUMBER(MATCH(MONTH(H$7),IF(Assumptions!$H25="Jan / Apr / Jul / Oct",{1,4,7,10},IF(Assumptions!$H25="Feb / May / Aug / Nov",{2,5,8,11},{3,6,9,12})),0)), DATE(YEAR(H$7),MONTH(H$7),Assumptions!$G25)>=H$7, DATE(YEAR(H$7),MONTH(H$7),Assumptions!$G25)<=H$8 ), AND( ISNUMBER(MATCH(MONTH(H$8),IF(Assumptions!$H25="Jan / Apr / Jul / Oct",{1,4,7,10},IF(Assumptions!$H25="Feb / May / Aug / Nov",{2,5,8,11},{3,6,9,12})),0)), DATE(YEAR(H$8),MONTH(H$8),Assumptions!$G25)>=H$7, DATE(YEAR(H$8),MONTH(H$8),Assumptions!$G25)<=H$8 ) ), "Yes","No"), "No") ) ) ) ) ) ) ) ) ) -> No | I13: =IF( Assumptions!$K25="Off", "No", IF( Assumptions!$F25="I will phase manually", "No", IF( Assumptions!$F25="Last working day of month", IF( OR( AND(WORKDAY(DATE(YEAR(I$7),MONTH(I$7)+1,1),-1)>=I$7, WORKDAY(DATE(YEAR(I$7),MONTH(I$7)+1,1),-1)<=I$8), AND(WORKDAY(DATE(YEAR(I$8),MONTH(I$8)+1,1),-1)>=I$7, WORKDAY(DATE(YEAR(I$8),MONTH(I$8)+1,1),-1)<=I$8) ), "Yes","No"), IF( Assumptions!$F25="End of month", IF( OR( AND(EOMONTH(I$7,0)>=I$7, EOMONTH(I$7,0)<=I$8), AND(EOMONTH(I$8,0)>=I$7, EOMONTH(I$8,0)<=I$8) ), "Yes","No"), IF( Assumptions!$F25="Specific day of month", IF( OR( AND(DATE(YEAR(I$7),MONTH(I$7),Assumptions!$G25)>=I$7, DATE(YEAR(I$7),MONTH(I$7),Assumptions!$G25)<=I$8), AND(DATE(YEAR(I$8),MONTH(I$8),Assumptions!$G25)>=I$7, DATE(YEAR(I$8),MONTH(I$8),Assumptions!$G25)<=I$8) ), "Yes","No"), IF( Assumptions!$F25="Last X day of month", IF( AND( WEEKDAY(I$7,2)<=MATCH(Assumptions!$J25,{"Monday","Tuesday","Wednesday","Thursday","Friday"},0), WEEKDAY(I$8,2)>=MATCH(Assumptions!$J25,{"Monday","Tuesday","Wednesday","Thursday","Friday"},0), (I$7+(MATCH(Assumptions!$J25,{"Monday","Tuesday","Wednesday","Thursday","Friday"},0)-WEEKDAY(I$7,2)))+7>EOMONTH((I$7+(MATCH(Assumptions!$J25,{"Monday","Tuesday","Wednesday","Thursday","Friday"},0)-WEEKDAY(I$7,2))),0) ), "Yes","No"), IF( Assumptions!$F25="Weekly", IF( AND( WEEKDAY(I$7,2)<=MATCH(Assumptions!$J25,{"Monday","Tuesday","Wednesday","Thursday","Friday"},0), WEEKDAY(I$8,2)>=MATCH(Assumptions!$J25,{"Monday","Tuesday","Wednesday","Thursday","Friday"},0) ), "Yes","No"), IF( Assumptions!$F25="Every 2 weeks", IF( OR( AND(Assumptions!$I25>=I$7, Assumptions!$I25<=I$8), AND( Assumptions!$I25<I$7, MOD(INT((I$7-(Assumptions!$I25-WEEKDAY(Assumptions!$I25,2)+1))/7),2)=0 ) ), "Yes","No"), IF( Assumptions!$F25="Every 3 weeks", IF( OR( AND(Assumptions!$I25>=I$7, Assumptions!$I25<=I$8), AND( Assumptions!$I25<I$7, MOD(INT((I$7-(Assumptions!$I25-WEEKDAY(Assumptions!$I25,2)+1))/7),3)=0 ) ), "Yes","No"), IF( Assumptions!$F25="Quarterly", IF( OR( AND( ISNUMBER(MATCH(MONTH(I$7),IF(Assumptions!$H25="Jan / Apr / Jul / Oct",{1,4,7,10},IF(Assumptions!$H25="Feb / May / Aug / Nov",{2,5,8,11},{3,6,9,12})),0)), DATE(YEAR(I$7),MONTH(I$7),Assumptions!$G25)>=I$7, DATE(YEAR(I$7),MONTH(I$7),Assumptions!$G25)<=I$8 ), AND( ISNUMBER(MATCH(MONTH(I$8),IF(Assumptions!$H25="Jan / Apr / Jul / Oct",{1,4,7,10},IF(Assumptions!$H25="Feb / May / Aug / Nov",{2,5,8,11},{3,6,9,12})),0)), DATE(YEAR(I$8),MONTH(I$8),Assumptions!$G25)>=I$7, DATE(YEAR(I$8),MONTH(I$8),Assumptions!$G25)<=I$8 ) ), "Yes","No"), "No") ) ) ) ) ) ) ) ) ) -> No | J13: =IF( Assumptions!$K25="Off", "No", IF( Assumptions!$F25="I will phase manually", "No", IF( Assumptions!$F25="Last working day of month", IF( OR( AND(WORKDAY(DATE(YEAR(J$7),MONTH(J$7)+1,1),-1)>=J$7, WORKDAY(DATE(YEAR(J$7),MONTH(J$7)+1,1),-1)<=J$8), AND(WORKDAY(DATE(YEAR(J$8),MONTH(J$8)+1,1),-1)>=J$7, WORKDAY(DATE(YEAR(J$8),MONTH(J$8)+1,1),-1)<=J$8) ), "Yes","No"), IF( Assumptions!$F25="End of month", IF( OR( AND(EOMONTH(J$7,0)>=J$7, EOMONTH(J$7,0)<=J$8), AND(EOMONTH(J$8,0)>=J$7, EOMONTH(J$8,0)<=J$8) ), "Yes","No"), IF( Assumptions!$F25="Specific day of month", IF( OR( AND(DATE(YEAR(J$7),MONTH(J$7),Assumptions!$G25)>=J$7, DATE(YEAR(J$7),MONTH(J$7),Assumptions!$G25)<=J$8), AND(DATE(YEAR(J$8),MONTH(J$8),Assumptions!$G25)>=J$7, DATE(YEAR(J$8),MONTH(J$8),Assumptions!$G25)<=J$8) ), "Yes","No"), IF( Assumptions!$F25="Last X day of month", IF( AND( WEEKDAY(J$7,2)<=MATCH(Assumptions!$J25,{"Monday","Tuesday","Wednesday","Thursday","Friday"},0), WEEKDAY(J$8,2)>=MATCH(Assumptions!$J25,{"Monday","Tuesday","Wednesday","Thursday","Friday"},0), (J$7+(MATCH(Assumptions!$J25,{"Monday","Tuesday","Wednesday","Thursday","Friday"},0)-WEEKDAY(J$7,2)))+7>EOMONTH((J$7+(MATCH(Assumptions!$J25,{"Monday","Tuesday","Wednesday","Thursday","Friday"},0)-WEEKDAY(J$7,2))),0) ), "Yes","No"), IF( Assumptions!$F25="Weekly", IF( AND( WEEKDAY(J$7,2)<=MATCH(Assumptions!$J25,{"Monday","Tuesday","Wednesday","Thursday","Friday"},0), WEEKDAY(J$8,2)>=MATCH(Assumptions!$J25,{"Monday","Tuesday","Wednesday","Thursday","Friday"},0) ), "Yes","No"), IF( Assumptions!$F25="Every 2 weeks", IF( OR( AND(Assumptions!$I25>=J$7, Assumptions!$I25<=J$8), AND( Assumptions!$I25<J$7, MOD(INT((J$7-(Assumptions!$I25-WEEKDAY(Assumptions!$I25,2)+1))/7),2)=0 ) ), "Yes","No"), IF( Assumptions!$F25="Every 3 weeks", IF( OR( AND(Assumptions!$I25>=J$7, Assumptions!$I25<=J$8), AND( Assumptions!$I25<J$7, MOD(INT((J$7-(Assumptions!$I25-WEEKDAY(Assumptions!$I25,2)+1))/7),3)=0 ) ), "Yes","No"), IF( Assumptions!$F25="Quarterly", IF( OR( AND( ISNUMBER(MATCH(MONTH(J$7),IF(Assumptions!$H25="Jan / Apr / Jul / Oct",{1,4,7,10},IF(Assumptions!$H25="Feb / May / Aug / Nov",{2,5,8,11},{3,6,9,12})),0)), DATE(YEAR(J$7),MONTH(J$7),Assumptions!$G25)>=J$7, DATE(YEAR(J$7),MONTH(J$7),Assumptions!$G25)<=J$8 ), AND( ISNUMBER(MATCH(MONTH(J$8),IF(Assumptions!$H25="Jan / Apr / Jul / Oct",{1,4,7,10},IF(Assumptions!$H25="Feb / May / Aug / Nov",{2,5,8,11},{3,6,9,12})),0)), DATE(YEAR(J$8),MONTH(J$8),Assumptions!$G25)>=J$7, DATE(YEAR(J$8),MONTH(J$8),Assumptions!$G25)<=J$8 ) ), "Yes","No"), "No") ) ) ) ) ) ) ) ) ) -> No | K13: =IF( Assumptions!$K25="Off", "No", IF( Assumptions!$F25="I will phase manually", "No", IF( Assumptions!$F25="Last working day of month", IF( OR( AND(WORKDAY(DATE(YEAR(K$7),MONTH(K$7)+1,1),-1)>=K$7, WORKDAY(DATE(YEAR(K$7),MONTH(K$7)+1,1),-1)<=K$8), AND(WORKDAY(DATE(YEAR(K$8),MONTH(K$8)+1,1),-1)>=K$7, WORKDAY(DATE(YEAR(K$8),MONTH(K$8)+1,1),-1)<=K$8) ), "Yes","No"), IF( Assumptions!$F25="End of month", IF( OR( AND(EOMONTH(K$7,0)>=K$7, EOMONTH(K$7,0)<=K$8), AND(EOMONTH(K$8,0)>=K$7, EOMONTH(K$8,0)<=K$8) ), "Yes","No"), IF( Assumptions!$F25="Specific day of month", IF( OR( AND(DATE(YEAR(K$7),MONTH(K$7),Assumptions!$G25)>=K$7, DATE(YEAR(K$7),MONTH(K$7),Assumptions!$G25)<=K$8), AND(DATE(YEAR(K$8),MONTH(K$8),Assumptions!$G25)>=K$7, DATE(YEAR(K$8),MONTH(K$8),Assumptions!$G25)<=K$8) ), "Yes","No"), IF( Assumptions!$F25="Last X day of month", IF( AND( WEEKDAY(K$7,2)<=MATCH(Assumptions!$J25,{"Monday","Tuesday","Wednesday","Thursday","Friday"},0), WEEKDAY(K$8,2)>=MATCH(Assumptions!$J25,{"Monday","Tuesday","Wednesday","Thursday","Friday"},0), (K$7+(MATCH(Assumptions!$J25,{"Monday","Tuesday","Wednesday","Thursday","Friday"},0)-WEEKDAY(K$7,2)))+7>EOMONTH((K$7+(MATCH(Assumptions!$J25,{"Monday","Tuesday","Wednesday","Thursday","Friday"},0)-WEEKDAY(K$7,2))),0) ), "Yes","No"), IF( Assumptions!$F25="Weekly", IF( AND( WEEKDAY(K$7,2)<=MATCH(Assumptions!$J25,{"Monday","Tuesday","Wednesday","Thursday","Friday"},0), WEEKDAY(K$8,2)>=MATCH(Assumptions!$J25,{"Monday","Tuesday","Wednesday","Thursday","Friday"},0) ), "Yes","No"), IF( Assumptions!$F25="Every 2 weeks", IF( OR( AND(Assumptions!$I25>=K$7, Assumptions!$I25<=K$8), AND( Assumptions!$I25<K$7, MOD(INT((K$7-(Assumptions!$I25-WEEKDAY(Assumptions!$I25,2)+1))/7),2)=0 ) ), "Yes","No"), IF( Assumptions!$F25="Every 3 weeks", IF( OR( AND(Assumptions!$I25>=K$7, Assumptions!$I25<=K$8), AND( Assumptions!$I25<K$7, MOD(INT((K$7-(Assumptions!$I25-WEEKDAY(Assumptions!$I25,2)+1))/7),3)=0 ) ), "Yes","No"), IF( Assumptions!$F25="Quarterly", IF( OR( AND( ISNUMBER(MATCH(MONTH(K$7),IF(Assumptions!$H25="Jan / Apr / Jul / Oct",{1,4,7,10},IF(Assumptions!$H25="Feb / May / Aug / Nov",{2,5,8,11},{3,6,9,12})),0)), DATE(YEAR(K$7),MONTH(K$7),Assumptions!$G25)>=K$7, DATE(YEAR(K$7),MONTH(K$7),Assumptions!$G25)<=K$8 ), AND( ISNUMBER(MATCH(MONTH(K$8),IF(Assumptions!$H25="Jan / Apr / Jul / Oct",{1,4,7,10},IF(Assumptions!$H25="Feb / May / Aug / Nov",{2,5,8,11},{3,6,9,12})),0)), DATE(YEAR(K$8),MONTH(K$8),Assumptions!$G25)>=K$7, DATE(YEAR(K$8),MONTH(K$8),Assumptions!$G25)<=K$8 ) ), "Yes","No"), "No") ) ) ) ) ) ) ) ) ) -> No | L13: =IF( Assumptions!$K25="Off", "No", IF( Assumptions!$F25="I will phase manually", "No", IF( Assumptions!$F25="Last working day of month", IF( OR( AND(WORKDAY(DATE(YEAR(L$7),MONTH(L$7)+1,1),-1)>=L$7, WORKDAY(DATE(YEAR(L$7),MONTH(L$7)+1,1),-1)<=L$8), AND(WORKDAY(DATE(YEAR(L$8),MONTH(L$8)+1,1),-1)>=L$7, WORKDAY(DATE(YEAR(L$8),MONTH(L$8)+1,1),-1)<=L$8) ), "Yes","No"), IF( Assumptions!$F25="End of month", IF( OR( AND(EOMONTH(L$7,0)>=L$7, EOMONTH(L$7,0)<=L$8), AND(EOMONTH(L$8,0)>=L$7, EOMONTH(L$8,0)<=L$8) ), "Yes","No"), IF( Assumptions!$F25="Specific day of month", IF( OR( AND(DATE(YEAR(L$7),MONTH(L$7),Assumptions!$G25)>=L$7, DATE(YEAR(L$7),MONTH(L$7),Assumptions!$G25)<=L$8), AND(DATE(YEAR(L$8),MONTH(L$8),Assumptions!$G25)>=L$7, DATE(YEAR(L$8),MONTH(L$8),Assumptions!$G25)<=L$8) ), "Yes","No"), IF( Assumptions!$F25="Last X day of month", IF( AND( WEEKDAY(L$7,2)<=MATCH(Assumptions!$J25,{"Monday","Tuesday","Wednesday","Thursday","Friday"},0), WEEKDAY(L$8,2)>=MATCH(Assumptions!$J25,{"Monday","Tuesday","Wednesday","Thursday","Friday"},0), (L$7+(MATCH(Assumptions!$J25,{"Monday","Tuesday","Wednesday","Thursday","Friday"},0)-WEEKDAY(L$7,2)))+7>EOMONTH((L$7+(MATCH(Assumptions!$J25,{"Monday","Tuesday","Wednesday","Thursday","Friday"},0)-WEEKDAY(L$7,2))),0) ), "Yes","No"), IF( Assumptions!$F25="Weekly", IF( AND( WEEKDAY(L$7,2)<=MATCH(Assumptions!$J25,{"Monday","Tuesday","Wednesday","Thursday","Friday"},0), WEEKDAY(L$8,2)>=MATCH(Assumptions!$J25,{"Monday","Tuesday","Wednesday","Thursday","Friday"},0) ), "Yes","No"), IF( Assumptions!$F25="Every 2 weeks", IF( OR( AND(Assumptions!$I25>=L$7, Assumptions!$I25<=L$8), AND( Assumptions!$I25<L$7, MOD(INT((L$7-(Assumptions!$I25-WEEKDAY(Assumptions!$I25,2)+1))/7),2)=0 ) ), "Yes","No"), IF( Assumptions!$F25="Every 3 weeks", IF( OR( AND(Assumptions!$I25>=L$7, Assumptions!$I25<=L$8), AND( Assumptions!$I25<L$7, MOD(INT((L$7-(Assumptions!$I25-WEEKDAY(Assumptions!$I25,2)+1))/7),3)=0 ) ), "Yes","No"), IF( Assumptions!$F25="Quarterly", IF( OR( AND( ISNUMBER(MATCH(MONTH(L$7),IF(Assumptions!$H25="Jan / Apr / Jul / Oct",{1,4,7,10},IF(Assumptions!$H25="Feb / May / Aug / Nov",{2,5,8,11},{3,6,9,12})),0)), DATE(YEAR(L$7),MONTH(L$7),Assumptions!$G25)>=L$7, DATE(YEAR(L$7),MONTH(L$7),Assumptions!$G25)<=L$8 ), AND( ISNUMBER(MATCH(MONTH(L$8),IF(Assumptions!$H25="Jan / Apr / Jul / Oct",{1,4,7,10},IF(Assumptions!$H25="Feb / May / Aug / Nov",{2,5,8,11},{3,6,9,12})),0)), DATE(YEAR(L$8),MONTH(L$8),Assumptions!$G25)>=L$7, DATE(YEAR(L$8),MONTH(L$8),Assumptions!$G25)<=L$8 ) ), "Yes","No"), "No") ) ) ) ) ) ) ) ) ) -> No | M13: =IF( Assumptions!$K25="Off", "No", IF( Assumptions!$F25="I will phase manually", "No", IF( Assumptions!$F25="Last working day of month", IF( OR( AND(WORKDAY(DATE(YEAR(M$7),MONTH(M$7)+1,1),-1)>=M$7, WORKDAY(DATE(YEAR(M$7),MONTH(M$7)+1,1),-1)<=M$8), AND(WORKDAY(DATE(YEAR(M$8),MONTH(M$8)+1,1),-1)>=M$7, WORKDAY(DATE(YEAR(M$8),MONTH(M$8)+1,1),-1)<=M$8) ), "Yes","No"), IF( Assumptions!$F25="End of month", IF( OR( AND(EOMONTH(M$7,0)>=M$7, EOMONTH(M$7,0)<=M$8), AND(EOMONTH(M$8,0)>=M$7, EOMONTH(M$8,0)<=M$8) ), "Yes","No"), IF( Assumptions!$F25="Specific day of month", IF( OR( AND(DATE(YEAR(M$7),MONTH(M$7),Assumptions!$G25)>=M$7, DATE(YEAR(M$7),MONTH(M$7),Assumptions!$G25)<=M$8), AND(DATE(YEAR(M$8),MONTH(M$8),Assumptions!$G25)>=M$7, DATE(YEAR(M$8),MONTH(M$8),Assumptions!$G25)<=M$8) ), "Yes","No"), IF( Assumptions!$F25="Last X day of month", IF( AND( WEEKDAY(M$7,2)<=MATCH(Assumptions!$J25,{"Monday","Tuesday","Wednesday","Thursday","Friday"},0), WEEKDAY(M$8,2)>=MATCH(Assumptions!$J25,{"Monday","Tuesday","Wednesday","Thursday","Friday"},0), (M$7+(MATCH(Assumptions!$J25,{"Monday","Tuesday","Wednesday","Thursday","Friday"},0)-WEEKDAY(M$7,2)))+7>EOMONTH((M$7+(MATCH(Assumptions!$J25,{"Monday","Tuesday","Wednesday","Thursday","Friday"},0)-WEEKDAY(M$7,2))),0) ), "Yes","No"), IF( Assumptions!$F25="Weekly", IF( AND( WEEKDAY(M$7,2)<=MATCH(Assumptions!$J25,{"Monday","Tuesday","Wednesday","Thursday","Friday"},0), WEEKDAY(M$8,2)>=MATCH(Assumptions!$J25,{"Monday","Tuesday","Wednesday","Thursday","Friday"},0) ), "Yes","No"), IF( Assumptions!$F25="Every 2 weeks", IF( OR( AND(Assumptions!$I25>=M$7, Assumptions!$I25<=M$8), AND( Assumptions!$I25<M$7, MOD(INT((M$7-(Assumptions!$I25-WEEKDAY(Assumptions!$I25,2)+1))/7),2)=0 ) ), "Yes","No"), IF( Assumptions!$F25="Every 3 weeks", IF( OR( AND(Assumptions!$I25>=M$7, Assumptions!$I25<=M$8), AND( Assumptions!$I25<M$7, MOD(INT((M$7-(Assumptions!$I25-WEEKDAY(Assumptions!$I25,2)+1))/7),3)=0 ) ), "Yes","No"), IF( Assumptions!$F25="Quarterly", IF( OR( AND( ISNUMBER(MATCH(MONTH(M$7),IF(Assumptions!$H25="Jan / Apr / Jul / Oct",{1,4,7,10},IF(Assumptions!$H25="Feb / May / Aug / Nov",{2,5,8,11},{3,6,9,12})),0)), DATE(YEAR(M$7),MONTH(M$7),Assumptions!$G25)>=M$7, DATE(YEAR(M$7),MONTH(M$7),Assumptions!$G25)<=M$8 ), AND( ISNUMBER(MATCH(MONTH(M$8),IF(Assumptions!$H25="Jan / Apr / Jul / Oct",{1,4,7,10},IF(Assumptions!$H25="Feb / May / Aug / Nov",{2,5,8,11},{3,6,9,12})),0)), DATE(YEAR(M$8),MONTH(M$8),Assumptions!$G25)>=M$7, DATE(YEAR(M$8),MONTH(M$8),Assumptions!$G25)<=M$8 ) ), "Yes","No"), "No") ) ) ) ) ) ) ) ) ) -> No | N13: =IF( Assumptions!$K25="Off", "No", IF( Assumptions!$F25="I will phase manually", "No", IF( Assumptions!$F25="Last working day of month", IF( OR( AND(WORKDAY(DATE(YEAR(N$7),MONTH(N$7)+1,1),-1)>=N$7, WORKDAY(DATE(YEAR(N$7),MONTH(N$7)+1,1),-1)<=N$8), AND(WORKDAY(DATE(YEAR(N$8),MONTH(N$8)+1,1),-1)>=N$7, WORKDAY(DATE(YEAR(N$8),MONTH(N$8)+1,1),-1)<=N$8) ), "Yes","No"), IF( Assumptions!$F25="End of month", IF( OR( AND(EOMONTH(N$7,0)>=N$7, EOMONTH(N$7,0)<=N$8), AND(EOMONTH(N$8,0)>=N$7, EOMONTH(N$8,0)<=N$8) ), "Yes","No"), IF( Assumptions!$F25="Specific day of month", IF( OR( AND(DATE(YEAR(N$7),MONTH(N$7),Assumptions!$G25)>=N$7, DATE(YEAR(N$7),MONTH(N$7),Assumptions!$G25)<=N$8), AND(DATE(YEAR(N$8),MONTH(N$8),Assumptions!$G25)>=N$7, DATE(YEAR(N$8),MONTH(N$8),Assumptions!$G25)<=N$8) ), "Yes","No"), IF( Assumptions!$F25="Last X day of month", IF( AND( WEEKDAY(N$7,2)<=MATCH(Assumptions!$J25,{"Monday","Tuesday","Wednesday","Thursday","Friday"},0), WEEKDAY(N$8,2)>=MATCH(Assumptions!$J25,{"Monday","Tuesday","Wednesday","Thursday","Friday"},0), (N$7+(MATCH(Assumptions!$J25,{"Monday","Tuesday","Wednesday","Thursday","Friday"},0)-WEEKDAY(N$7,2)))+7>EOMONTH((N$7+(MATCH(Assumptions!$J25,{"Monday","Tuesday","Wednesday","Thursday","Friday"},0)-WEEKDAY(N$7,2))),0) ), "Yes","No"), IF( Assumptions!$F25="Weekly", IF( AND( WEEKDAY(N$7,2)<=MATCH(Assumptions!$J25,{"Monday","Tuesday","Wednesday","Thursday","Friday"},0), WEEKDAY(N$8,2)>=MATCH(Assumptions!$J25,{"Monday","Tuesday","Wednesday","Thursday","Friday"},0) ), "Yes","No"), IF( Assumptions!$F25="Every 2 weeks", IF( OR( AND(Assumptions!$I25>=N$7, Assumptions!$I25<=N$8), AND( Assumptions!$I25<N$7, MOD(INT((N$7-(Assumptions!$I25-WEEKDAY(Assumptions!$I25,2)+1))/7),2)=0 ) ), "Yes","No"), IF( Assumptions!$F25="Every 3 weeks", IF( OR( AND(Assumptions!$I25>=N$7, Assumptions!$I25<=N$8), AND( Assumptions!$I25<N$7, MOD(INT((N$7-(Assumptions!$I25-WEEKDAY(Assumptions!$I25,2)+1))/7),3)=0 ) ), "Yes","No"), IF( Assumptions!$F25="Quarterly", IF( OR( AND( ISNUMBER(MATCH(MONTH(N$7),IF(Assumptions!$H25="Jan / Apr / Jul / Oct",{1,4,7,10},IF(Assumptions!$H25="Feb / May / Aug / Nov",{2,5,8,11},{3,6,9,12})),0)), DATE(YEAR(N$7),MONTH(N$7),Assumptions!$G25)>=N$7, DATE(YEAR(N$7),MONTH(N$7),Assumptions!$G25)<=N$8 ), AND( ISNUMBER(MATCH(MONTH(N$8),IF(Assumptions!$H25="Jan / Apr / Jul / Oct",{1,4,7,10},IF(Assumptions!$H25="Feb / May / Aug / Nov",{2,5,8,11},{3,6,9,12})),0)), DATE(YEAR(N$8),MONTH(N$8),Assumptions!$G25)>=N$7, DATE(YEAR(N$8),MONTH(N$8),Assumptions!$G25)<=N$8 ) ), "Yes","No"), "No") ) ) ) ) ) ) ) ) ) -> No | ... S13: =IF( Assumptions!$K25="Off", "No", IF( Assumptions!$F25="I will phase manually", "No", IF( Assumptions!$F25="Last working day of month", IF( OR( AND(WORKDAY(DATE(YEAR(S$7),MONTH(S$7)+1,1),-1)>=S$7, WORKDAY(DATE(YEAR(S$7),MONTH(S$7)+1,1),-1)<=S$8), AND(WORKDAY(DATE(YEAR(S$8),MONTH(S$8)+1,1),-1)>=S$7, WORKDAY(DATE(YEAR(S$8),MONTH(S$8)+1,1),-1)<=S$8) ), "Yes","No"), IF( Assumptions!$F25="End of month", IF( OR( AND(EOMONTH(S$7,0)>=S$7, EOMONTH(S$7,0)<=S$8), AND(EOMONTH(S$8,0)>=S$7, EOMONTH(S$8,0)<=S$8) ), "Yes","No"), IF( Assumptions!$F25="Specific day of month", IF( OR( AND(DATE(YEAR(S$7),MONTH(S$7),Assumptions!$G25)>=S$7, DATE(YEAR(S$7),MONTH(S$7),Assumptions!$G25)<=S$8), AND(DATE(YEAR(S$8),MONTH(S$8),Assumptions!$G25)>=S$7, DATE(YEAR(S$8),MONTH(S$8),Assumptions!$G25)<=S$8) ), "Yes","No"), IF( Assumptions!$F25="Last X day of month", IF( AND( WEEKDAY(S$7,2)<=MATCH(Assumptions!$J25,{"Monday","Tuesday","Wednesday","Thursday","Friday"},0), WEEKDAY(S$8,2)>=MATCH(Assumptions!$J25,{"Monday","Tuesday","Wednesday","Thursday","Friday"},0), (S$7+(MATCH(Assumptions!$J25,{"Monday","Tuesday","Wednesday","Thursday","Friday"},0)-WEEKDAY(S$7,2)))+7>EOMONTH((S$7+(MATCH(Assumptions!$J25,{"Monday","Tuesday","Wednesday","Thursday","Friday"},0)-WEEKDAY(S$7,2))),0) ), "Yes","No"), IF( Assumptions!$F25="Weekly", IF( AND( WEEKDAY(S$7,2)<=MATCH(Assumptions!$J25,{"Monday","Tuesday","Wednesday","Thursday","Friday"},0), WEEKDAY(S$8,2)>=MATCH(Assumptions!$J25,{"Monday","Tuesday","Wednesday","Thursday","Friday"},0) ), "Yes","No"), IF( Assumptions!$F25="Every 2 weeks", IF( OR( AND(Assumptions!$I25>=S$7, Assumptions!$I25<=S$8), AND( Assumptions!$I25<S$7, MOD(INT((S$7-(Assumptions!$I25-WEEKDAY(Assumptions!$I25,2)+1))/7),2)=0 ) ), "Yes","No"), IF( Assumptions!$F25="Every 3 weeks", IF( OR( AND(Assumptions!$I25>=S$7, Assumptions!$I25<=S$8), AND( Assumptions!$I25<S$7, MOD(INT((S$7-(Assumptions!$I25-WEEKDAY(Assumptions!$I25,2)+1))/7),3)=0 ) ), "Yes","No"), IF( Assumptions!$F25="Quarterly", IF( OR( AND( ISNUMBER(MATCH(MONTH(S$7),IF(Assumptions!$H25="Jan / Apr / Jul / Oct",{1,4,7,10},IF(Assumptions!$H25="Feb / May / Aug / Nov",{2,5,8,11},{3,6,9,12})),0)), DATE(YEAR(S$7),MONTH(S$7),Assumptions!$G25)>=S$7, DATE(YEAR(S$7),MONTH(S$7),Assumptions!$G25)<=S$8 ), AND( ISNUMBER(MATCH(MONTH(S$8),IF(Assumptions!$H25="Jan / Apr / Jul / Oct",{1,4,7,10},IF(Assumptions!$H25="Feb / May / Aug / Nov",{2,5,8,11},{3,6,9,12})),0)), DATE(YEAR(S$8),MONTH(S$8),Assumptions!$G25)>=S$7, DATE(YEAR(S$8),MONTH(S$8),Assumptions!$G25)<=S$8 ) ), "Yes","No"), "No") ) ) ) ) ) ) ) ) ) -> No | T13: N/A
C14: =Assumptions!D26 -> 0 | G14: =IF( Assumptions!$K26="Off", "No", IF( Assumptions!$F26="I will phase manually", "No", IF( Assumptions!$F26="Last working day of month", IF( OR( AND(WORKDAY(DATE(YEAR(G$7),MONTH(G$7)+1,1),-1)>=G$7, WORKDAY(DATE(YEAR(G$7),MONTH(G$7)+1,1),-1)<=G$8), AND(WORKDAY(DATE(YEAR(G$8),MONTH(G$8)+1,1),-1)>=G$7, WORKDAY(DATE(YEAR(G$8),MONTH(G$8)+1,1),-1)<=G$8) ), "Yes","No"), IF( Assumptions!$F26="End of month", IF( OR( AND(EOMONTH(G$7,0)>=G$7, EOMONTH(G$7,0)<=G$8), AND(EOMONTH(G$8,0)>=G$7, EOMONTH(G$8,0)<=G$8) ), "Yes","No"), IF( Assumptions!$F26="Specific day of month", IF( OR( AND(DATE(YEAR(G$7),MONTH(G$7),Assumptions!$G26)>=G$7, DATE(YEAR(G$7),MONTH(G$7),Assumptions!$G26)<=G$8), AND(DATE(YEAR(G$8),MONTH(G$8),Assumptions!$G26)>=G$7, DATE(YEAR(G$8),MONTH(G$8),Assumptions!$G26)<=G$8) ), "Yes","No"), IF( Assumptions!$F26="Last X day of month", IF( AND( WEEKDAY(G$7,2)<=MATCH(Assumptions!$J26,{"Monday","Tuesday","Wednesday","Thursday","Friday"},0), WEEKDAY(G$8,2)>=MATCH(Assumptions!$J26,{"Monday","Tuesday","Wednesday","Thursday","Friday"},0), (G$7+(MATCH(Assumptions!$J26,{"Monday","Tuesday","Wednesday","Thursday","Friday"},0)-WEEKDAY(G$7,2)))+7>EOMONTH((G$7+(MATCH(Assumptions!$J26,{"Monday","Tuesday","Wednesday","Thursday","Friday"},0)-WEEKDAY(G$7,2))),0) ), "Yes","No"), IF( Assumptions!$F26="Weekly", IF( AND( WEEKDAY(G$7,2)<=MATCH(Assumptions!$J26,{"Monday","Tuesday","Wednesday","Thursday","Friday"},0), WEEKDAY(G$8,2)>=MATCH(Assumptions!$J26,{"Monday","Tuesday","Wednesday","Thursday","Friday"},0) ), "Yes","No"), IF( Assumptions!$F26="Every 2 weeks", IF( OR( AND(Assumptions!$I26>=G$7, Assumptions!$I26<=G$8), AND( Assumptions!$I26<G$7, MOD(INT((G$7-(Assumptions!$I26-WEEKDAY(Assumptions!$I26,2)+1))/7),2)=0 ) ), "Yes","No"), IF( Assumptions!$F26="Every 3 weeks", IF( OR( AND(Assumptions!$I26>=G$7, Assumptions!$I26<=G$8), AND( Assumptions!$I26<G$7, MOD(INT((G$7-(Assumptions!$I26-WEEKDAY(Assumptions!$I26,2)+1))/7),3)=0 ) ), "Yes","No"), IF( Assumptions!$F26="Quarterly", IF( OR( AND( ISNUMBER(MATCH(MONTH(G$7),IF(Assumptions!$H26="Jan / Apr / Jul / Oct",{1,4,7,10},IF(Assumptions!$H26="Feb / May / Aug / Nov",{2,5,8,11},{3,6,9,12})),0)), DATE(YEAR(G$7),MONTH(G$7),Assumptions!$G26)>=G$7, DATE(YEAR(G$7),MONTH(G$7),Assumptions!$G26)<=G$8 ), AND( ISNUMBER(MATCH(MONTH(G$8),IF(Assumptions!$H26="Jan / Apr / Jul / Oct",{1,4,7,10},IF(Assumptions!$H26="Feb / May / Aug / Nov",{2,5,8,11},{3,6,9,12})),0)), DATE(YEAR(G$8),MONTH(G$8),Assumptions!$G26)>=G$7, DATE(YEAR(G$8),MONTH(G$8),Assumptions!$G26)<=G$8 ) ), "Yes","No"), "No") ) ) ) ) ) ) ) ) ) -> No | H14: =IF( Assumptions!$K26="Off", "No", IF( Assumptions!$F26="I will phase manually", "No", IF( Assumptions!$F26="Last working day of month", IF( OR( AND(WORKDAY(DATE(YEAR(H$7),MONTH(H$7)+1,1),-1)>=H$7, WORKDAY(DATE(YEAR(H$7),MONTH(H$7)+1,1),-1)<=H$8), AND(WORKDAY(DATE(YEAR(H$8),MONTH(H$8)+1,1),-1)>=H$7, WORKDAY(DATE(YEAR(H$8),MONTH(H$8)+1,1),-1)<=H$8) ), "Yes","No"), IF( Assumptions!$F26="End of month", IF( OR( AND(EOMONTH(H$7,0)>=H$7, EOMONTH(H$7,0)<=H$8), AND(EOMONTH(H$8,0)>=H$7, EOMONTH(H$8,0)<=H$8) ), "Yes","No"), IF( Assumptions!$F26="Specific day of month", IF( OR( AND(DATE(YEAR(H$7),MONTH(H$7),Assumptions!$G26)>=H$7, DATE(YEAR(H$7),MONTH(H$7),Assumptions!$G26)<=H$8), AND(DATE(YEAR(H$8),MONTH(H$8),Assumptions!$G26)>=H$7, DATE(YEAR(H$8),MONTH(H$8),Assumptions!$G26)<=H$8) ), "Yes","No"), IF( Assumptions!$F26="Last X day of month", IF( AND( WEEKDAY(H$7,2)<=MATCH(Assumptions!$J26,{"Monday","Tuesday","Wednesday","Thursday","Friday"},0), WEEKDAY(H$8,2)>=MATCH(Assumptions!$J26,{"Monday","Tuesday","Wednesday","Thursday","Friday"},0), (H$7+(MATCH(Assumptions!$J26,{"Monday","Tuesday","Wednesday","Thursday","Friday"},0)-WEEKDAY(H$7,2)))+7>EOMONTH((H$7+(MATCH(Assumptions!$J26,{"Monday","Tuesday","Wednesday","Thursday","Friday"},0)-WEEKDAY(H$7,2))),0) ), "Yes","No"), IF( Assumptions!$F26="Weekly", IF( AND( WEEKDAY(H$7,2)<=MATCH(Assumptions!$J26,{"Monday","Tuesday","Wednesday","Thursday","Friday"},0), WEEKDAY(H$8,2)>=MATCH(Assumptions!$J26,{"Monday","Tuesday","Wednesday","Thursday","Friday"},0) ), "Yes","No"), IF( Assumptions!$F26="Every 2 weeks", IF( OR( AND(Assumptions!$I26>=H$7, Assumptions!$I26<=H$8), AND( Assumptions!$I26<H$7, MOD(INT((H$7-(Assumptions!$I26-WEEKDAY(Assumptions!$I26,2)+1))/7),2)=0 ) ), "Yes","No"), IF( Assumptions!$F26="Every 3 weeks", IF( OR( AND(Assumptions!$I26>=H$7, Assumptions!$I26<=H$8), AND( Assumptions!$I26<H$7, MOD(INT((H$7-(Assumptions!$I26-WEEKDAY(Assumptions!$I26,2)+1))/7),3)=0 ) ), "Yes","No"), IF( Assumptions!$F26="Quarterly", IF( OR( AND( ISNUMBER(MATCH(MONTH(H$7),IF(Assumptions!$H26="Jan / Apr / Jul / Oct",{1,4,7,10},IF(Assumptions!$H26="Feb / May / Aug / Nov",{2,5,8,11},{3,6,9,12})),0)), DATE(YEAR(H$7),MONTH(H$7),Assumptions!$G26)>=H$7, DATE(YEAR(H$7),MONTH(H$7),Assumptions!$G26)<=H$8 ), AND( ISNUMBER(MATCH(MONTH(H$8),IF(Assumptions!$H26="Jan / Apr / Jul / Oct",{1,4,7,10},IF(Assumptions!$H26="Feb / May / Aug / Nov",{2,5,8,11},{3,6,9,12})),0)), DATE(YEAR(H$8),MONTH(H$8),Assumptions!$G26)>=H$7, DATE(YEAR(H$8),MONTH(H$8),Assumptions!$G26)<=H$8 ) ), "Yes","No"), "No") ) ) ) ) ) ) ) ) ) -> No | I14: =IF( Assumptions!$K26="Off", "No", IF( Assumptions!$F26="I will phase manually", "No", IF( Assumptions!$F26="Last working day of month", IF( OR( AND(WORKDAY(DATE(YEAR(I$7),MONTH(I$7)+1,1),-1)>=I$7, WORKDAY(DATE(YEAR(I$7),MONTH(I$7)+1,1),-1)<=I$8), AND(WORKDAY(DATE(YEAR(I$8),MONTH(I$8)+1,1),-1)>=I$7, WORKDAY(DATE(YEAR(I$8),MONTH(I$8)+1,1),-1)<=I$8) ), "Yes","No"), IF( Assumptions!$F26="End of month", IF( OR( AND(EOMONTH(I$7,0)>=I$7, EOMONTH(I$7,0)<=I$8), AND(EOMONTH(I$8,0)>=I$7, EOMONTH(I$8,0)<=I$8) ), "Yes","No"), IF( Assumptions!$F26="Specific day of month", IF( OR( AND(DATE(YEAR(I$7),MONTH(I$7),Assumptions!$G26)>=I$7, DATE(YEAR(I$7),MONTH(I$7),Assumptions!$G26)<=I$8), AND(DATE(YEAR(I$8),MONTH(I$8),Assumptions!$G26)>=I$7, DATE(YEAR(I$8),MONTH(I$8),Assumptions!$G26)<=I$8) ), "Yes","No"), IF( Assumptions!$F26="Last X day of month", IF( AND( WEEKDAY(I$7,2)<=MATCH(Assumptions!$J26,{"Monday","Tuesday","Wednesday","Thursday","Friday"},0), WEEKDAY(I$8,2)>=MATCH(Assumptions!$J26,{"Monday","Tuesday","Wednesday","Thursday","Friday"},0), (I$7+(MATCH(Assumptions!$J26,{"Monday","Tuesday","Wednesday","Thursday","Friday"},0)-WEEKDAY(I$7,2)))+7>EOMONTH((I$7+(MATCH(Assumptions!$J26,{"Monday","Tuesday","Wednesday","Thursday","Friday"},0)-WEEKDAY(I$7,2))),0) ), "Yes","No"), IF( Assumptions!$F26="Weekly", IF( AND( WEEKDAY(I$7,2)<=MATCH(Assumptions!$J26,{"Monday","Tuesday","Wednesday","Thursday","Friday"},0), WEEKDAY(I$8,2)>=MATCH(Assumptions!$J26,{"Monday","Tuesday","Wednesday","Thursday","Friday"},0) ), "Yes","No"), IF( Assumptions!$F26="Every 2 weeks", IF( OR( AND(Assumptions!$I26>=I$7, Assumptions!$I26<=I$8), AND( Assumptions!$I26<I$7, MOD(INT((I$7-(Assumptions!$I26-WEEKDAY(Assumptions!$I26,2)+1))/7),2)=0 ) ), "Yes","No"), IF( Assumptions!$F26="Every 3 weeks", IF( OR( AND(Assumptions!$I26>=I$7, Assumptions!$I26<=I$8), AND( Assumptions!$I26<I$7, MOD(INT((I$7-(Assumptions!$I26-WEEKDAY(Assumptions!$I26,2)+1))/7),3)=0 ) ), "Yes","No"), IF( Assumptions!$F26="Quarterly", IF( OR( AND( ISNUMBER(MATCH(MONTH(I$7),IF(Assumptions!$H26="Jan / Apr / Jul / Oct",{1,4,7,10},IF(Assumptions!$H26="Feb / May / Aug / Nov",{2,5,8,11},{3,6,9,12})),0)), DATE(YEAR(I$7),MONTH(I$7),Assumptions!$G26)>=I$7, DATE(YEAR(I$7),MONTH(I$7),Assumptions!$G26)<=I$8 ), AND( ISNUMBER(MATCH(MONTH(I$8),IF(Assumptions!$H26="Jan / Apr / Jul / Oct",{1,4,7,10},IF(Assumptions!$H26="Feb / May / Aug / Nov",{2,5,8,11},{3,6,9,12})),0)), DATE(YEAR(I$8),MONTH(I$8),Assumptions!$G26)>=I$7, DATE(YEAR(I$8),MONTH(I$8),Assumptions!$G26)<=I$8 ) ), "Yes","No"), "No") ) ) ) ) ) ) ) ) ) -> No | J14: =IF( Assumptions!$K26="Off", "No", IF( Assumptions!$F26="I will phase manually", "No", IF( Assumptions!$F26="Last working day of month", IF( OR( AND(WORKDAY(DATE(YEAR(J$7),MONTH(J$7)+1,1),-1)>=J$7, WORKDAY(DATE(YEAR(J$7),MONTH(J$7)+1,1),-1)<=J$8), AND(WORKDAY(DATE(YEAR(J$8),MONTH(J$8)+1,1),-1)>=J$7, WORKDAY(DATE(YEAR(J$8),MONTH(J$8)+1,1),-1)<=J$8) ), "Yes","No"), IF( Assumptions!$F26="End of month", IF( OR( AND(EOMONTH(J$7,0)>=J$7, EOMONTH(J$7,0)<=J$8), AND(EOMONTH(J$8,0)>=J$7, EOMONTH(J$8,0)<=J$8) ), "Yes","No"), IF( Assumptions!$F26="Specific day of month", IF( OR( AND(DATE(YEAR(J$7),MONTH(J$7),Assumptions!$G26)>=J$7, DATE(YEAR(J$7),MONTH(J$7),Assumptions!$G26)<=J$8), AND(DATE(YEAR(J$8),MONTH(J$8),Assumptions!$G26)>=J$7, DATE(YEAR(J$8),MONTH(J$8),Assumptions!$G26)<=J$8) ), "Yes","No"), IF( Assumptions!$F26="Last X day of month", IF( AND( WEEKDAY(J$7,2)<=MATCH(Assumptions!$J26,{"Monday","Tuesday","Wednesday","Thursday","Friday"},0), WEEKDAY(J$8,2)>=MATCH(Assumptions!$J26,{"Monday","Tuesday","Wednesday","Thursday","Friday"},0), (J$7+(MATCH(Assumptions!$J26,{"Monday","Tuesday","Wednesday","Thursday","Friday"},0)-WEEKDAY(J$7,2)))+7>EOMONTH((J$7+(MATCH(Assumptions!$J26,{"Monday","Tuesday","Wednesday","Thursday","Friday"},0)-WEEKDAY(J$7,2))),0) ), "Yes","No"), IF( Assumptions!$F26="Weekly", IF( AND( WEEKDAY(J$7,2)<=MATCH(Assumptions!$J26,{"Monday","Tuesday","Wednesday","Thursday","Friday"},0), WEEKDAY(J$8,2)>=MATCH(Assumptions!$J26,{"Monday","Tuesday","Wednesday","Thursday","Friday"},0) ), "Yes","No"), IF( Assumptions!$F26="Every 2 weeks", IF( OR( AND(Assumptions!$I26>=J$7, Assumptions!$I26<=J$8), AND( Assumptions!$I26<J$7, MOD(INT((J$7-(Assumptions!$I26-WEEKDAY(Assumptions!$I26,2)+1))/7),2)=0 ) ), "Yes","No"), IF( Assumptions!$F26="Every 3 weeks", IF( OR( AND(Assumptions!$I26>=J$7, Assumptions!$I26<=J$8), AND( Assumptions!$I26<J$7, MOD(INT((J$7-(Assumptions!$I26-WEEKDAY(Assumptions!$I26,2)+1))/7),3)=0 ) ), "Yes","No"), IF( Assumptions!$F26="Quarterly", IF( OR( AND( ISNUMBER(MATCH(MONTH(J$7),IF(Assumptions!$H26="Jan / Apr / Jul / Oct",{1,4,7,10},IF(Assumptions!$H26="Feb / May / Aug / Nov",{2,5,8,11},{3,6,9,12})),0)), DATE(YEAR(J$7),MONTH(J$7),Assumptions!$G26)>=J$7, DATE(YEAR(J$7),MONTH(J$7),Assumptions!$G26)<=J$8 ), AND( ISNUMBER(MATCH(MONTH(J$8),IF(Assumptions!$H26="Jan / Apr / Jul / Oct",{1,4,7,10},IF(Assumptions!$H26="Feb / May / Aug / Nov",{2,5,8,11},{3,6,9,12})),0)), DATE(YEAR(J$8),MONTH(J$8),Assumptions!$G26)>=J$7, DATE(YEAR(J$8),MONTH(J$8),Assumptions!$G26)<=J$8 ) ), "Yes","No"), "No") ) ) ) ) ) ) ) ) ) -> No | K14: =IF( Assumptions!$K26="Off", "No", IF( Assumptions!$F26="I will phase manually", "No", IF( Assumptions!$F26="Last working day of month", IF( OR( AND(WORKDAY(DATE(YEAR(K$7),MONTH(K$7)+1,1),-1)>=K$7, WORKDAY(DATE(YEAR(K$7),MONTH(K$7)+1,1),-1)<=K$8), AND(WORKDAY(DATE(YEAR(K$8),MONTH(K$8)+1,1),-1)>=K$7, WORKDAY(DATE(YEAR(K$8),MONTH(K$8)+1,1),-1)<=K$8) ), "Yes","No"), IF( Assumptions!$F26="End of month", IF( OR( AND(EOMONTH(K$7,0)>=K$7, EOMONTH(K$7,0)<=K$8), AND(EOMONTH(K$8,0)>=K$7, EOMONTH(K$8,0)<=K$8) ), "Yes","No"), IF( Assumptions!$F26="Specific day of month", IF( OR( AND(DATE(YEAR(K$7),MONTH(K$7),Assumptions!$G26)>=K$7, DATE(YEAR(K$7),MONTH(K$7),Assumptions!$G26)<=K$8), AND(DATE(YEAR(K$8),MONTH(K$8),Assumptions!$G26)>=K$7, DATE(YEAR(K$8),MONTH(K$8),Assumptions!$G26)<=K$8) ), "Yes","No"), IF( Assumptions!$F26="Last X day of month", IF( AND( WEEKDAY(K$7,2)<=MATCH(Assumptions!$J26,{"Monday","Tuesday","Wednesday","Thursday","Friday"},0), WEEKDAY(K$8,2)>=MATCH(Assumptions!$J26,{"Monday","Tuesday","Wednesday","Thursday","Friday"},0), (K$7+(MATCH(Assumptions!$J26,{"Monday","Tuesday","Wednesday","Thursday","Friday"},0)-WEEKDAY(K$7,2)))+7>EOMONTH((K$7+(MATCH(Assumptions!$J26,{"Monday","Tuesday","Wednesday","Thursday","Friday"},0)-WEEKDAY(K$7,2))),0) ), "Yes","No"), IF( Assumptions!$F26="Weekly", IF( AND( WEEKDAY(K$7,2)<=MATCH(Assumptions!$J26,{"Monday","Tuesday","Wednesday","Thursday","Friday"},0), WEEKDAY(K$8,2)>=MATCH(Assumptions!$J26,{"Monday","Tuesday","Wednesday","Thursday","Friday"},0) ), "Yes","No"), IF( Assumptions!$F26="Every 2 weeks", IF( OR( AND(Assumptions!$I26>=K$7, Assumptions!$I26<=K$8), AND( Assumptions!$I26<K$7, MOD(INT((K$7-(Assumptions!$I26-WEEKDAY(Assumptions!$I26,2)+1))/7),2)=0 ) ), "Yes","No"), IF( Assumptions!$F26="Every 3 weeks", IF( OR( AND(Assumptions!$I26>=K$7, Assumptions!$I26<=K$8), AND( Assumptions!$I26<K$7, MOD(INT((K$7-(Assumptions!$I26-WEEKDAY(Assumptions!$I26,2)+1))/7),3)=0 ) ), "Yes","No"), IF( Assumptions!$F26="Quarterly", IF( OR( AND( ISNUMBER(MATCH(MONTH(K$7),IF(Assumptions!$H26="Jan / Apr / Jul / Oct",{1,4,7,10},IF(Assumptions!$H26="Feb / May / Aug / Nov",{2,5,8,11},{3,6,9,12})),0)), DATE(YEAR(K$7),MONTH(K$7),Assumptions!$G26)>=K$7, DATE(YEAR(K$7),MONTH(K$7),Assumptions!$G26)<=K$8 ), AND( ISNUMBER(MATCH(MONTH(K$8),IF(Assumptions!$H26="Jan / Apr / Jul / Oct",{1,4,7,10},IF(Assumptions!$H26="Feb / May / Aug / Nov",{2,5,8,11},{3,6,9,12})),0)), DATE(YEAR(K$8),MONTH(K$8),Assumptions!$G26)>=K$7, DATE(YEAR(K$8),MONTH(K$8),Assumptions!$G26)<=K$8 ) ), "Yes","No"), "No") ) ) ) ) ) ) ) ) ) -> No | L14: =IF( Assumptions!$K26="Off", "No", IF( Assumptions!$F26="I will phase manually", "No", IF( Assumptions!$F26="Last working day of month", IF( OR( AND(WORKDAY(DATE(YEAR(L$7),MONTH(L$7)+1,1),-1)>=L$7, WORKDAY(DATE(YEAR(L$7),MONTH(L$7)+1,1),-1)<=L$8), AND(WORKDAY(DATE(YEAR(L$8),MONTH(L$8)+1,1),-1)>=L$7, WORKDAY(DATE(YEAR(L$8),MONTH(L$8)+1,1),-1)<=L$8) ), "Yes","No"), IF( Assumptions!$F26="End of month", IF( OR( AND(EOMONTH(L$7,0)>=L$7, EOMONTH(L$7,0)<=L$8), AND(EOMONTH(L$8,0)>=L$7, EOMONTH(L$8,0)<=L$8) ), "Yes","No"), IF( Assumptions!$F26="Specific day of month", IF( OR( AND(DATE(YEAR(L$7),MONTH(L$7),Assumptions!$G26)>=L$7, DATE(YEAR(L$7),MONTH(L$7),Assumptions!$G26)<=L$8), AND(DATE(YEAR(L$8),MONTH(L$8),Assumptions!$G26)>=L$7, DATE(YEAR(L$8),MONTH(L$8),Assumptions!$G26)<=L$8) ), "Yes","No"), IF( Assumptions!$F26="Last X day of month", IF( AND( WEEKDAY(L$7,2)<=MATCH(Assumptions!$J26,{"Monday","Tuesday","Wednesday","Thursday","Friday"},0), WEEKDAY(L$8,2)>=MATCH(Assumptions!$J26,{"Monday","Tuesday","Wednesday","Thursday","Friday"},0), (L$7+(MATCH(Assumptions!$J26,{"Monday","Tuesday","Wednesday","Thursday","Friday"},0)-WEEKDAY(L$7,2)))+7>EOMONTH((L$7+(MATCH(Assumptions!$J26,{"Monday","Tuesday","Wednesday","Thursday","Friday"},0)-WEEKDAY(L$7,2))),0) ), "Yes","No"), IF( Assumptions!$F26="Weekly", IF( AND( WEEKDAY(L$7,2)<=MATCH(Assumptions!$J26,{"Monday","Tuesday","Wednesday","Thursday","Friday"},0), WEEKDAY(L$8,2)>=MATCH(Assumptions!$J26,{"Monday","Tuesday","Wednesday","Thursday","Friday"},0) ), "Yes","No"), IF( Assumptions!$F26="Every 2 weeks", IF( OR( AND(Assumptions!$I26>=L$7, Assumptions!$I26<=L$8), AND( Assumptions!$I26<L$7, MOD(INT((L$7-(Assumptions!$I26-WEEKDAY(Assumptions!$I26,2)+1))/7),2)=0 ) ), "Yes","No"), IF( Assumptions!$F26="Every 3 weeks", IF( OR( AND(Assumptions!$I26>=L$7, Assumptions!$I26<=L$8), AND( Assumptions!$I26<L$7, MOD(INT((L$7-(Assumptions!$I26-WEEKDAY(Assumptions!$I26,2)+1))/7),3)=0 ) ), "Yes","No"), IF( Assumptions!$F26="Quarterly", IF( OR( AND( ISNUMBER(MATCH(MONTH(L$7),IF(Assumptions!$H26="Jan / Apr / Jul / Oct",{1,4,7,10},IF(Assumptions!$H26="Feb / May / Aug / Nov",{2,5,8,11},{3,6,9,12})),0)), DATE(YEAR(L$7),MONTH(L$7),Assumptions!$G26)>=L$7, DATE(YEAR(L$7),MONTH(L$7),Assumptions!$G26)<=L$8 ), AND( ISNUMBER(MATCH(MONTH(L$8),IF(Assumptions!$H26="Jan / Apr / Jul / Oct",{1,4,7,10},IF(Assumptions!$H26="Feb / May / Aug / Nov",{2,5,8,11},{3,6,9,12})),0)), DATE(YEAR(L$8),MONTH(L$8),Assumptions!$G26)>=L$7, DATE(YEAR(L$8),MONTH(L$8),Assumptions!$G26)<=L$8 ) ), "Yes","No"), "No") ) ) ) ) ) ) ) ) ) -> No | M14: =IF( Assumptions!$K26="Off", "No", IF( Assumptions!$F26="I will phase manually", "No", IF( Assumptions!$F26="Last working day of month", IF( OR( AND(WORKDAY(DATE(YEAR(M$7),MONTH(M$7)+1,1),-1)>=M$7, WORKDAY(DATE(YEAR(M$7),MONTH(M$7)+1,1),-1)<=M$8), AND(WORKDAY(DATE(YEAR(M$8),MONTH(M$8)+1,1),-1)>=M$7, WORKDAY(DATE(YEAR(M$8),MONTH(M$8)+1,1),-1)<=M$8) ), "Yes","No"), IF( Assumptions!$F26="End of month", IF( OR( AND(EOMONTH(M$7,0)>=M$7, EOMONTH(M$7,0)<=M$8), AND(EOMONTH(M$8,0)>=M$7, EOMONTH(M$8,0)<=M$8) ), "Yes","No"), IF( Assumptions!$F26="Specific day of month", IF( OR( AND(DATE(YEAR(M$7),MONTH(M$7),Assumptions!$G26)>=M$7, DATE(YEAR(M$7),MONTH(M$7),Assumptions!$G26)<=M$8), AND(DATE(YEAR(M$8),MONTH(M$8),Assumptions!$G26)>=M$7, DATE(YEAR(M$8),MONTH(M$8),Assumptions!$G26)<=M$8) ), "Yes","No"), IF( Assumptions!$F26="Last X day of month", IF( AND( WEEKDAY(M$7,2)<=MATCH(Assumptions!$J26,{"Monday","Tuesday","Wednesday","Thursday","Friday"},0), WEEKDAY(M$8,2)>=MATCH(Assumptions!$J26,{"Monday","Tuesday","Wednesday","Thursday","Friday"},0), (M$7+(MATCH(Assumptions!$J26,{"Monday","Tuesday","Wednesday","Thursday","Friday"},0)-WEEKDAY(M$7,2)))+7>EOMONTH((M$7+(MATCH(Assumptions!$J26,{"Monday","Tuesday","Wednesday","Thursday","Friday"},0)-WEEKDAY(M$7,2))),0) ), "Yes","No"), IF( Assumptions!$F26="Weekly", IF( AND( WEEKDAY(M$7,2)<=MATCH(Assumptions!$J26,{"Monday","Tuesday","Wednesday","Thursday","Friday"},0), WEEKDAY(M$8,2)>=MATCH(Assumptions!$J26,{"Monday","Tuesday","Wednesday","Thursday","Friday"},0) ), "Yes","No"), IF( Assumptions!$F26="Every 2 weeks", IF( OR( AND(Assumptions!$I26>=M$7, Assumptions!$I26<=M$8), AND( Assumptions!$I26<M$7, MOD(INT((M$7-(Assumptions!$I26-WEEKDAY(Assumptions!$I26,2)+1))/7),2)=0 ) ), "Yes","No"), IF( Assumptions!$F26="Every 3 weeks", IF( OR( AND(Assumptions!$I26>=M$7, Assumptions!$I26<=M$8), AND( Assumptions!$I26<M$7, MOD(INT((M$7-(Assumptions!$I26-WEEKDAY(Assumptions!$I26,2)+1))/7),3)=0 ) ), "Yes","No"), IF( Assumptions!$F26="Quarterly", IF( OR( AND( ISNUMBER(MATCH(MONTH(M$7),IF(Assumptions!$H26="Jan / Apr / Jul / Oct",{1,4,7,10},IF(Assumptions!$H26="Feb / May / Aug / Nov",{2,5,8,11},{3,6,9,12})),0)), DATE(YEAR(M$7),MONTH(M$7),Assumptions!$G26)>=M$7, DATE(YEAR(M$7),MONTH(M$7),Assumptions!$G26)<=M$8 ), AND( ISNUMBER(MATCH(MONTH(M$8),IF(Assumptions!$H26="Jan / Apr / Jul / Oct",{1,4,7,10},IF(Assumptions!$H26="Feb / May / Aug / Nov",{2,5,8,11},{3,6,9,12})),0)), DATE(YEAR(M$8),MONTH(M$8),Assumptions!$G26)>=M$7, DATE(YEAR(M$8),MONTH(M$8),Assumptions!$G26)<=M$8 ) ), "Yes","No"), "No") ) ) ) ) ) ) ) ) ) -> No | N14: =IF( Assumptions!$K26="Off", "No", IF( Assumptions!$F26="I will phase manually", "No", IF( Assumptions!$F26="Last working day of month", IF( OR( AND(WORKDAY(DATE(YEAR(N$7),MONTH(N$7)+1,1),-1)>=N$7, WORKDAY(DATE(YEAR(N$7),MONTH(N$7)+1,1),-1)<=N$8), AND(WORKDAY(DATE(YEAR(N$8),MONTH(N$8)+1,1),-1)>=N$7, WORKDAY(DATE(YEAR(N$8),MONTH(N$8)+1,1),-1)<=N$8) ), "Yes","No"), IF( Assumptions!$F26="End of month", IF( OR( AND(EOMONTH(N$7,0)>=N$7, EOMONTH(N$7,0)<=N$8), AND(EOMONTH(N$8,0)>=N$7, EOMONTH(N$8,0)<=N$8) ), "Yes","No"), IF( Assumptions!$F26="Specific day of month", IF( OR( AND(DATE(YEAR(N$7),MONTH(N$7),Assumptions!$G26)>=N$7, DATE(YEAR(N$7),MONTH(N$7),Assumptions!$G26)<=N$8), AND(DATE(YEAR(N$8),MONTH(N$8),Assumptions!$G26)>=N$7, DATE(YEAR(N$8),MONTH(N$8),Assumptions!$G26)<=N$8) ), "Yes","No"), IF( Assumptions!$F26="Last X day of month", IF( AND( WEEKDAY(N$7,2)<=MATCH(Assumptions!$J26,{"Monday","Tuesday","Wednesday","Thursday","Friday"},0), WEEKDAY(N$8,2)>=MATCH(Assumptions!$J26,{"Monday","Tuesday","Wednesday","Thursday","Friday"},0), (N$7+(MATCH(Assumptions!$J26,{"Monday","Tuesday","Wednesday","Thursday","Friday"},0)-WEEKDAY(N$7,2)))+7>EOMONTH((N$7+(MATCH(Assumptions!$J26,{"Monday","Tuesday","Wednesday","Thursday","Friday"},0)-WEEKDAY(N$7,2))),0) ), "Yes","No"), IF( Assumptions!$F26="Weekly", IF( AND( WEEKDAY(N$7,2)<=MATCH(Assumptions!$J26,{"Monday","Tuesday","Wednesday","Thursday","Friday"},0), WEEKDAY(N$8,2)>=MATCH(Assumptions!$J26,{"Monday","Tuesday","Wednesday","Thursday","Friday"},0) ), "Yes","No"), IF( Assumptions!$F26="Every 2 weeks", IF( OR( AND(Assumptions!$I26>=N$7, Assumptions!$I26<=N$8), AND( Assumptions!$I26<N$7, MOD(INT((N$7-(Assumptions!$I26-WEEKDAY(Assumptions!$I26,2)+1))/7),2)=0 ) ), "Yes","No"), IF( Assumptions!$F26="Every 3 weeks", IF( OR( AND(Assumptions!$I26>=N$7, Assumptions!$I26<=N$8), AND( Assumptions!$I26<N$7, MOD(INT((N$7-(Assumptions!$I26-WEEKDAY(Assumptions!$I26,2)+1))/7),3)=0 ) ), "Yes","No"), IF( Assumptions!$F26="Quarterly", IF( OR( AND( ISNUMBER(MATCH(MONTH(N$7),IF(Assumptions!$H26="Jan / Apr / Jul / Oct",{1,4,7,10},IF(Assumptions!$H26="Feb / May / Aug / Nov",{2,5,8,11},{3,6,9,12})),0)), DATE(YEAR(N$7),MONTH(N$7),Assumptions!$G26)>=N$7, DATE(YEAR(N$7),MONTH(N$7),Assumptions!$G26)<=N$8 ), AND( ISNUMBER(MATCH(MONTH(N$8),IF(Assumptions!$H26="Jan / Apr / Jul / Oct",{1,4,7,10},IF(Assumptions!$H26="Feb / May / Aug / Nov",{2,5,8,11},{3,6,9,12})),0)), DATE(YEAR(N$8),MONTH(N$8),Assumptions!$G26)>=N$7, DATE(YEAR(N$8),MONTH(N$8),Assumptions!$G26)<=N$8 ) ), "Yes","No"), "No") ) ) ) ) ) ) ) ) ) -> No | ... S14: =IF( Assumptions!$K26="Off", "No", IF( Assumptions!$F26="I will phase manually", "No", IF( Assumptions!$F26="Last working day of month", IF( OR( AND(WORKDAY(DATE(YEAR(S$7),MONTH(S$7)+1,1),-1)>=S$7, WORKDAY(DATE(YEAR(S$7),MONTH(S$7)+1,1),-1)<=S$8), AND(WORKDAY(DATE(YEAR(S$8),MONTH(S$8)+1,1),-1)>=S$7, WORKDAY(DATE(YEAR(S$8),MONTH(S$8)+1,1),-1)<=S$8) ), "Yes","No"), IF( Assumptions!$F26="End of month", IF( OR( AND(EOMONTH(S$7,0)>=S$7, EOMONTH(S$7,0)<=S$8), AND(EOMONTH(S$8,0)>=S$7, EOMONTH(S$8,0)<=S$8) ), "Yes","No"), IF( Assumptions!$F26="Specific day of month", IF( OR( AND(DATE(YEAR(S$7),MONTH(S$7),Assumptions!$G26)>=S$7, DATE(YEAR(S$7),MONTH(S$7),Assumptions!$G26)<=S$8), AND(DATE(YEAR(S$8),MONTH(S$8),Assumptions!$G26)>=S$7, DATE(YEAR(S$8),MONTH(S$8),Assumptions!$G26)<=S$8) ), "Yes","No"), IF( Assumptions!$F26="Last X day of month", IF( AND( WEEKDAY(S$7,2)<=MATCH(Assumptions!$J26,{"Monday","Tuesday","Wednesday","Thursday","Friday"},0), WEEKDAY(S$8,2)>=MATCH(Assumptions!$J26,{"Monday","Tuesday","Wednesday","Thursday","Friday"},0), (S$7+(MATCH(Assumptions!$J26,{"Monday","Tuesday","Wednesday","Thursday","Friday"},0)-WEEKDAY(S$7,2)))+7>EOMONTH((S$7+(MATCH(Assumptions!$J26,{"Monday","Tuesday","Wednesday","Thursday","Friday"},0)-WEEKDAY(S$7,2))),0) ), "Yes","No"), IF( Assumptions!$F26="Weekly", IF( AND( WEEKDAY(S$7,2)<=MATCH(Assumptions!$J26,{"Monday","Tuesday","Wednesday","Thursday","Friday"},0), WEEKDAY(S$8,2)>=MATCH(Assumptions!$J26,{"Monday","Tuesday","Wednesday","Thursday","Friday"},0) ), "Yes","No"), IF( Assumptions!$F26="Every 2 weeks", IF( OR( AND(Assumptions!$I26>=S$7, Assumptions!$I26<=S$8), AND( Assumptions!$I26<S$7, MOD(INT((S$7-(Assumptions!$I26-WEEKDAY(Assumptions!$I26,2)+1))/7),2)=0 ) ), "Yes","No"), IF( Assumptions!$F26="Every 3 weeks", IF( OR( AND(Assumptions!$I26>=S$7, Assumptions!$I26<=S$8), AND( Assumptions!$I26<S$7, MOD(INT((S$7-(Assumptions!$I26-WEEKDAY(Assumptions!$I26,2)+1))/7),3)=0 ) ), "Yes","No"), IF( Assumptions!$F26="Quarterly", IF( OR( AND( ISNUMBER(MATCH(MONTH(S$7),IF(Assumptions!$H26="Jan / Apr / Jul / Oct",{1,4,7,10},IF(Assumptions!$H26="Feb / May / Aug / Nov",{2,5,8,11},{3,6,9,12})),0)), DATE(YEAR(S$7),MONTH(S$7),Assumptions!$G26)>=S$7, DATE(YEAR(S$7),MONTH(S$7),Assumptions!$G26)<=S$8 ), AND( ISNUMBER(MATCH(MONTH(S$8),IF(Assumptions!$H26="Jan / Apr / Jul / Oct",{1,4,7,10},IF(Assumptions!$H26="Feb / May / Aug / Nov",{2,5,8,11},{3,6,9,12})),0)), DATE(YEAR(S$8),MONTH(S$8),Assumptions!$G26)>=S$7, DATE(YEAR(S$8),MONTH(S$8),Assumptions!$G26)<=S$8 ) ), "Yes","No"), "No") ) ) ) ) ) ) ) ) ) -> No | T14: N/A
C15: =Assumptions!D27 -> 0 | G15: =IF( Assumptions!$K27="Off", "No", IF( Assumptions!$F27="I will phase manually", "No", IF( Assumptions!$F27="Last working day of month", IF( OR( AND(WORKDAY(DATE(YEAR(G$7),MONTH(G$7)+1,1),-1)>=G$7, WORKDAY(DATE(YEAR(G$7),MONTH(G$7)+1,1),-1)<=G$8), AND(WORKDAY(DATE(YEAR(G$8),MONTH(G$8)+1,1),-1)>=G$7, WORKDAY(DATE(YEAR(G$8),MONTH(G$8)+1,1),-1)<=G$8) ), "Yes","No"), IF( Assumptions!$F27="End of month", IF( OR( AND(EOMONTH(G$7,0)>=G$7, EOMONTH(G$7,0)<=G$8), AND(EOMONTH(G$8,0)>=G$7, EOMONTH(G$8,0)<=G$8) ), "Yes","No"), IF( Assumptions!$F27="Specific day of month", IF( OR( AND(DATE(YEAR(G$7),MONTH(G$7),Assumptions!$G27)>=G$7, DATE(YEAR(G$7),MONTH(G$7),Assumptions!$G27)<=G$8), AND(DATE(YEAR(G$8),MONTH(G$8),Assumptions!$G27)>=G$7, DATE(YEAR(G$8),MONTH(G$8),Assumptions!$G27)<=G$8) ), "Yes","No"), IF( Assumptions!$F27="Last X day of month", IF( AND( WEEKDAY(G$7,2)<=MATCH(Assumptions!$J27,{"Monday","Tuesday","Wednesday","Thursday","Friday"},0), WEEKDAY(G$8,2)>=MATCH(Assumptions!$J27,{"Monday","Tuesday","Wednesday","Thursday","Friday"},0), (G$7+(MATCH(Assumptions!$J27,{"Monday","Tuesday","Wednesday","Thursday","Friday"},0)-WEEKDAY(G$7,2)))+7>EOMONTH((G$7+(MATCH(Assumptions!$J27,{"Monday","Tuesday","Wednesday","Thursday","Friday"},0)-WEEKDAY(G$7,2))),0) ), "Yes","No"), IF( Assumptions!$F27="Weekly", IF( AND( WEEKDAY(G$7,2)<=MATCH(Assumptions!$J27,{"Monday","Tuesday","Wednesday","Thursday","Friday"},0), WEEKDAY(G$8,2)>=MATCH(Assumptions!$J27,{"Monday","Tuesday","Wednesday","Thursday","Friday"},0) ), "Yes","No"), IF( Assumptions!$F27="Every 2 weeks", IF( OR( AND(Assumptions!$I27>=G$7, Assumptions!$I27<=G$8), AND( Assumptions!$I27<G$7, MOD(INT((G$7-(Assumptions!$I27-WEEKDAY(Assumptions!$I27,2)+1))/7),2)=0 ) ), "Yes","No"), IF( Assumptions!$F27="Every 3 weeks", IF( OR( AND(Assumptions!$I27>=G$7, Assumptions!$I27<=G$8), AND( Assumptions!$I27<G$7, MOD(INT((G$7-(Assumptions!$I27-WEEKDAY(Assumptions!$I27,2)+1))/7),3)=0 ) ), "Yes","No"), IF( Assumptions!$F27="Quarterly", IF( OR( AND( ISNUMBER(MATCH(MONTH(G$7),IF(Assumptions!$H27="Jan / Apr / Jul / Oct",{1,4,7,10},IF(Assumptions!$H27="Feb / May / Aug / Nov",{2,5,8,11},{3,6,9,12})),0)), DATE(YEAR(G$7),MONTH(G$7),Assumptions!$G27)>=G$7, DATE(YEAR(G$7),MONTH(G$7),Assumptions!$G27)<=G$8 ), AND( ISNUMBER(MATCH(MONTH(G$8),IF(Assumptions!$H27="Jan / Apr / Jul / Oct",{1,4,7,10},IF(Assumptions!$H27="Feb / May / Aug / Nov",{2,5,8,11},{3,6,9,12})),0)), DATE(YEAR(G$8),MONTH(G$8),Assumptions!$G27)>=G$7, DATE(YEAR(G$8),MONTH(G$8),Assumptions!$G27)<=G$8 ) ), "Yes","No"), "No") ) ) ) ) ) ) ) ) ) -> No | H15: =IF( Assumptions!$K27="Off", "No", IF( Assumptions!$F27="I will phase manually", "No", IF( Assumptions!$F27="Last working day of month", IF( OR( AND(WORKDAY(DATE(YEAR(H$7),MONTH(H$7)+1,1),-1)>=H$7, WORKDAY(DATE(YEAR(H$7),MONTH(H$7)+1,1),-1)<=H$8), AND(WORKDAY(DATE(YEAR(H$8),MONTH(H$8)+1,1),-1)>=H$7, WORKDAY(DATE(YEAR(H$8),MONTH(H$8)+1,1),-1)<=H$8) ), "Yes","No"), IF( Assumptions!$F27="End of month", IF( OR( AND(EOMONTH(H$7,0)>=H$7, EOMONTH(H$7,0)<=H$8), AND(EOMONTH(H$8,0)>=H$7, EOMONTH(H$8,0)<=H$8) ), "Yes","No"), IF( Assumptions!$F27="Specific day of month", IF( OR( AND(DATE(YEAR(H$7),MONTH(H$7),Assumptions!$G27)>=H$7, DATE(YEAR(H$7),MONTH(H$7),Assumptions!$G27)<=H$8), AND(DATE(YEAR(H$8),MONTH(H$8),Assumptions!$G27)>=H$7, DATE(YEAR(H$8),MONTH(H$8),Assumptions!$G27)<=H$8) ), "Yes","No"), IF( Assumptions!$F27="Last X day of month", IF( AND( WEEKDAY(H$7,2)<=MATCH(Assumptions!$J27,{"Monday","Tuesday","Wednesday","Thursday","Friday"},0), WEEKDAY(H$8,2)>=MATCH(Assumptions!$J27,{"Monday","Tuesday","Wednesday","Thursday","Friday"},0), (H$7+(MATCH(Assumptions!$J27,{"Monday","Tuesday","Wednesday","Thursday","Friday"},0)-WEEKDAY(H$7,2)))+7>EOMONTH((H$7+(MATCH(Assumptions!$J27,{"Monday","Tuesday","Wednesday","Thursday","Friday"},0)-WEEKDAY(H$7,2))),0) ), "Yes","No"), IF( Assumptions!$F27="Weekly", IF( AND( WEEKDAY(H$7,2)<=MATCH(Assumptions!$J27,{"Monday","Tuesday","Wednesday","Thursday","Friday"},0), WEEKDAY(H$8,2)>=MATCH(Assumptions!$J27,{"Monday","Tuesday","Wednesday","Thursday","Friday"},0) ), "Yes","No"), IF( Assumptions!$F27="Every 2 weeks", IF( OR( AND(Assumptions!$I27>=H$7, Assumptions!$I27<=H$8), AND( Assumptions!$I27<H$7, MOD(INT((H$7-(Assumptions!$I27-WEEKDAY(Assumptions!$I27,2)+1))/7),2)=0 ) ), "Yes","No"), IF( Assumptions!$F27="Every 3 weeks", IF( OR( AND(Assumptions!$I27>=H$7, Assumptions!$I27<=H$8), AND( Assumptions!$I27<H$7, MOD(INT((H$7-(Assumptions!$I27-WEEKDAY(Assumptions!$I27,2)+1))/7),3)=0 ) ), "Yes","No"), IF( Assumptions!$F27="Quarterly", IF( OR( AND( ISNUMBER(MATCH(MONTH(H$7),IF(Assumptions!$H27="Jan / Apr / Jul / Oct",{1,4,7,10},IF(Assumptions!$H27="Feb / May / Aug / Nov",{2,5,8,11},{3,6,9,12})),0)), DATE(YEAR(H$7),MONTH(H$7),Assumptions!$G27)>=H$7, DATE(YEAR(H$7),MONTH(H$7),Assumptions!$G27)<=H$8 ), AND( ISNUMBER(MATCH(MONTH(H$8),IF(Assumptions!$H27="Jan / Apr / Jul / Oct",{1,4,7,10},IF(Assumptions!$H27="Feb / May / Aug / Nov",{2,5,8,11},{3,6,9,12})),0)), DATE(YEAR(H$8),MONTH(H$8),Assumptions!$G27)>=H$7, DATE(YEAR(H$8),MONTH(H$8),Assumptions!$G27)<=H$8 ) ), "Yes","No"), "No") ) ) ) ) ) ) ) ) ) -> No | I15: =IF( Assumptions!$K27="Off", "No", IF( Assumptions!$F27="I will phase manually", "No", IF( Assumptions!$F27="Last working day of month", IF( OR( AND(WORKDAY(DATE(YEAR(I$7),MONTH(I$7)+1,1),-1)>=I$7, WORKDAY(DATE(YEAR(I$7),MONTH(I$7)+1,1),-1)<=I$8), AND(WORKDAY(DATE(YEAR(I$8),MONTH(I$8)+1,1),-1)>=I$7, WORKDAY(DATE(YEAR(I$8),MONTH(I$8)+1,1),-1)<=I$8) ), "Yes","No"), IF( Assumptions!$F27="End of month", IF( OR( AND(EOMONTH(I$7,0)>=I$7, EOMONTH(I$7,0)<=I$8), AND(EOMONTH(I$8,0)>=I$7, EOMONTH(I$8,0)<=I$8) ), "Yes","No"), IF( Assumptions!$F27="Specific day of month", IF( OR( AND(DATE(YEAR(I$7),MONTH(I$7),Assumptions!$G27)>=I$7, DATE(YEAR(I$7),MONTH(I$7),Assumptions!$G27)<=I$8), AND(DATE(YEAR(I$8),MONTH(I$8),Assumptions!$G27)>=I$7, DATE(YEAR(I$8),MONTH(I$8),Assumptions!$G27)<=I$8) ), "Yes","No"), IF( Assumptions!$F27="Last X day of month", IF( AND( WEEKDAY(I$7,2)<=MATCH(Assumptions!$J27,{"Monday","Tuesday","Wednesday","Thursday","Friday"},0), WEEKDAY(I$8,2)>=MATCH(Assumptions!$J27,{"Monday","Tuesday","Wednesday","Thursday","Friday"},0), (I$7+(MATCH(Assumptions!$J27,{"Monday","Tuesday","Wednesday","Thursday","Friday"},0)-WEEKDAY(I$7,2)))+7>EOMONTH((I$7+(MATCH(Assumptions!$J27,{"Monday","Tuesday","Wednesday","Thursday","Friday"},0)-WEEKDAY(I$7,2))),0) ), "Yes","No"), IF( Assumptions!$F27="Weekly", IF( AND( WEEKDAY(I$7,2)<=MATCH(Assumptions!$J27,{"Monday","Tuesday","Wednesday","Thursday","Friday"},0), WEEKDAY(I$8,2)>=MATCH(Assumptions!$J27,{"Monday","Tuesday","Wednesday","Thursday","Friday"},0) ), "Yes","No"), IF( Assumptions!$F27="Every 2 weeks", IF( OR( AND(Assumptions!$I27>=I$7, Assumptions!$I27<=I$8), AND( Assumptions!$I27<I$7, MOD(INT((I$7-(Assumptions!$I27-WEEKDAY(Assumptions!$I27,2)+1))/7),2)=0 ) ), "Yes","No"), IF( Assumptions!$F27="Every 3 weeks", IF( OR( AND(Assumptions!$I27>=I$7, Assumptions!$I27<=I$8), AND( Assumptions!$I27<I$7, MOD(INT((I$7-(Assumptions!$I27-WEEKDAY(Assumptions!$I27,2)+1))/7),3)=0 ) ), "Yes","No"), IF( Assumptions!$F27="Quarterly", IF( OR( AND( ISNUMBER(MATCH(MONTH(I$7),IF(Assumptions!$H27="Jan / Apr / Jul / Oct",{1,4,7,10},IF(Assumptions!$H27="Feb / May / Aug / Nov",{2,5,8,11},{3,6,9,12})),0)), DATE(YEAR(I$7),MONTH(I$7),Assumptions!$G27)>=I$7, DATE(YEAR(I$7),MONTH(I$7),Assumptions!$G27)<=I$8 ), AND( ISNUMBER(MATCH(MONTH(I$8),IF(Assumptions!$H27="Jan / Apr / Jul / Oct",{1,4,7,10},IF(Assumptions!$H27="Feb / May / Aug / Nov",{2,5,8,11},{3,6,9,12})),0)), DATE(YEAR(I$8),MONTH(I$8),Assumptions!$G27)>=I$7, DATE(YEAR(I$8),MONTH(I$8),Assumptions!$G27)<=I$8 ) ), "Yes","No"), "No") ) ) ) ) ) ) ) ) ) -> No | J15: =IF( Assumptions!$K27="Off", "No", IF( Assumptions!$F27="I will phase manually", "No", IF( Assumptions!$F27="Last working day of month", IF( OR( AND(WORKDAY(DATE(YEAR(J$7),MONTH(J$7)+1,1),-1)>=J$7, WORKDAY(DATE(YEAR(J$7),MONTH(J$7)+1,1),-1)<=J$8), AND(WORKDAY(DATE(YEAR(J$8),MONTH(J$8)+1,1),-1)>=J$7, WORKDAY(DATE(YEAR(J$8),MONTH(J$8)+1,1),-1)<=J$8) ), "Yes","No"), IF( Assumptions!$F27="End of month", IF( OR( AND(EOMONTH(J$7,0)>=J$7, EOMONTH(J$7,0)<=J$8), AND(EOMONTH(J$8,0)>=J$7, EOMONTH(J$8,0)<=J$8) ), "Yes","No"), IF( Assumptions!$F27="Specific day of month", IF( OR( AND(DATE(YEAR(J$7),MONTH(J$7),Assumptions!$G27)>=J$7, DATE(YEAR(J$7),MONTH(J$7),Assumptions!$G27)<=J$8), AND(DATE(YEAR(J$8),MONTH(J$8),Assumptions!$G27)>=J$7, DATE(YEAR(J$8),MONTH(J$8),Assumptions!$G27)<=J$8) ), "Yes","No"), IF( Assumptions!$F27="Last X day of month", IF( AND( WEEKDAY(J$7,2)<=MATCH(Assumptions!$J27,{"Monday","Tuesday","Wednesday","Thursday","Friday"},0), WEEKDAY(J$8,2)>=MATCH(Assumptions!$J27,{"Monday","Tuesday","Wednesday","Thursday","Friday"},0), (J$7+(MATCH(Assumptions!$J27,{"Monday","Tuesday","Wednesday","Thursday","Friday"},0)-WEEKDAY(J$7,2)))+7>EOMONTH((J$7+(MATCH(Assumptions!$J27,{"Monday","Tuesday","Wednesday","Thursday","Friday"},0)-WEEKDAY(J$7,2))),0) ), "Yes","No"), IF( Assumptions!$F27="Weekly", IF( AND( WEEKDAY(J$7,2)<=MATCH(Assumptions!$J27,{"Monday","Tuesday","Wednesday","Thursday","Friday"},0), WEEKDAY(J$8,2)>=MATCH(Assumptions!$J27,{"Monday","Tuesday","Wednesday","Thursday","Friday"},0) ), "Yes","No"), IF( Assumptions!$F27="Every 2 weeks", IF( OR( AND(Assumptions!$I27>=J$7, Assumptions!$I27<=J$8), AND( Assumptions!$I27<J$7, MOD(INT((J$7-(Assumptions!$I27-WEEKDAY(Assumptions!$I27,2)+1))/7),2)=0 ) ), "Yes","No"), IF( Assumptions!$F27="Every 3 weeks", IF( OR( AND(Assumptions!$I27>=J$7, Assumptions!$I27<=J$8), AND( Assumptions!$I27<J$7, MOD(INT((J$7-(Assumptions!$I27-WEEKDAY(Assumptions!$I27,2)+1))/7),3)=0 ) ), "Yes","No"), IF( Assumptions!$F27="Quarterly", IF( OR( AND( ISNUMBER(MATCH(MONTH(J$7),IF(Assumptions!$H27="Jan / Apr / Jul / Oct",{1,4,7,10},IF(Assumptions!$H27="Feb / May / Aug / Nov",{2,5,8,11},{3,6,9,12})),0)), DATE(YEAR(J$7),MONTH(J$7),Assumptions!$G27)>=J$7, DATE(YEAR(J$7),MONTH(J$7),Assumptions!$G27)<=J$8 ), AND( ISNUMBER(MATCH(MONTH(J$8),IF(Assumptions!$H27="Jan / Apr / Jul / Oct",{1,4,7,10},IF(Assumptions!$H27="Feb / May / Aug / Nov",{2,5,8,11},{3,6,9,12})),0)), DATE(YEAR(J$8),MONTH(J$8),Assumptions!$G27)>=J$7, DATE(YEAR(J$8),MONTH(J$8),Assumptions!$G27)<=J$8 ) ), "Yes","No"), "No") ) ) ) ) ) ) ) ) ) -> No | K15: =IF( Assumptions!$K27="Off", "No", IF( Assumptions!$F27="I will phase manually", "No", IF( Assumptions!$F27="Last working day of month", IF( OR( AND(WORKDAY(DATE(YEAR(K$7),MONTH(K$7)+1,1),-1)>=K$7, WORKDAY(DATE(YEAR(K$7),MONTH(K$7)+1,1),-1)<=K$8), AND(WORKDAY(DATE(YEAR(K$8),MONTH(K$8)+1,1),-1)>=K$7, WORKDAY(DATE(YEAR(K$8),MONTH(K$8)+1,1),-1)<=K$8) ), "Yes","No"), IF( Assumptions!$F27="End of month", IF( OR( AND(EOMONTH(K$7,0)>=K$7, EOMONTH(K$7,0)<=K$8), AND(EOMONTH(K$8,0)>=K$7, EOMONTH(K$8,0)<=K$8) ), "Yes","No"), IF( Assumptions!$F27="Specific day of month", IF( OR( AND(DATE(YEAR(K$7),MONTH(K$7),Assumptions!$G27)>=K$7, DATE(YEAR(K$7),MONTH(K$7),Assumptions!$G27)<=K$8), AND(DATE(YEAR(K$8),MONTH(K$8),Assumptions!$G27)>=K$7, DATE(YEAR(K$8),MONTH(K$8),Assumptions!$G27)<=K$8) ), "Yes","No"), IF( Assumptions!$F27="Last X day of month", IF( AND( WEEKDAY(K$7,2)<=MATCH(Assumptions!$J27,{"Monday","Tuesday","Wednesday","Thursday","Friday"},0), WEEKDAY(K$8,2)>=MATCH(Assumptions!$J27,{"Monday","Tuesday","Wednesday","Thursday","Friday"},0), (K$7+(MATCH(Assumptions!$J27,{"Monday","Tuesday","Wednesday","Thursday","Friday"},0)-WEEKDAY(K$7,2)))+7>EOMONTH((K$7+(MATCH(Assumptions!$J27,{"Monday","Tuesday","Wednesday","Thursday","Friday"},0)-WEEKDAY(K$7,2))),0) ), "Yes","No"), IF( Assumptions!$F27="Weekly", IF( AND( WEEKDAY(K$7,2)<=MATCH(Assumptions!$J27,{"Monday","Tuesday","Wednesday","Thursday","Friday"},0), WEEKDAY(K$8,2)>=MATCH(Assumptions!$J27,{"Monday","Tuesday","Wednesday","Thursday","Friday"},0) ), "Yes","No"), IF( Assumptions!$F27="Every 2 weeks", IF( OR( AND(Assumptions!$I27>=K$7, Assumptions!$I27<=K$8), AND( Assumptions!$I27<K$7, MOD(INT((K$7-(Assumptions!$I27-WEEKDAY(Assumptions!$I27,2)+1))/7),2)=0 ) ), "Yes","No"), IF( Assumptions!$F27="Every 3 weeks", IF( OR( AND(Assumptions!$I27>=K$7, Assumptions!$I27<=K$8), AND( Assumptions!$I27<K$7, MOD(INT((K$7-(Assumptions!$I27-WEEKDAY(Assumptions!$I27,2)+1))/7),3)=0 ) ), "Yes","No"), IF( Assumptions!$F27="Quarterly", IF( OR( AND( ISNUMBER(MATCH(MONTH(K$7),IF(Assumptions!$H27="Jan / Apr / Jul / Oct",{1,4,7,10},IF(Assumptions!$H27="Feb / May / Aug / Nov",{2,5,8,11},{3,6,9,12})),0)), DATE(YEAR(K$7),MONTH(K$7),Assumptions!$G27)>=K$7, DATE(YEAR(K$7),MONTH(K$7),Assumptions!$G27)<=K$8 ), AND( ISNUMBER(MATCH(MONTH(K$8),IF(Assumptions!$H27="Jan / Apr / Jul / Oct",{1,4,7,10},IF(Assumptions!$H27="Feb / May / Aug / Nov",{2,5,8,11},{3,6,9,12})),0)), DATE(YEAR(K$8),MONTH(K$8),Assumptions!$G27)>=K$7, DATE(YEAR(K$8),MONTH(K$8),Assumptions!$G27)<=K$8 ) ), "Yes","No"), "No") ) ) ) ) ) ) ) ) ) -> No | L15: =IF( Assumptions!$K27="Off", "No", IF( Assumptions!$F27="I will phase manually", "No", IF( Assumptions!$F27="Last working day of month", IF( OR( AND(WORKDAY(DATE(YEAR(L$7),MONTH(L$7)+1,1),-1)>=L$7, WORKDAY(DATE(YEAR(L$7),MONTH(L$7)+1,1),-1)<=L$8), AND(WORKDAY(DATE(YEAR(L$8),MONTH(L$8)+1,1),-1)>=L$7, WORKDAY(DATE(YEAR(L$8),MONTH(L$8)+1,1),-1)<=L$8) ), "Yes","No"), IF( Assumptions!$F27="End of month", IF( OR( AND(EOMONTH(L$7,0)>=L$7, EOMONTH(L$7,0)<=L$8), AND(EOMONTH(L$8,0)>=L$7, EOMONTH(L$8,0)<=L$8) ), "Yes","No"), IF( Assumptions!$F27="Specific day of month", IF( OR( AND(DATE(YEAR(L$7),MONTH(L$7),Assumptions!$G27)>=L$7, DATE(YEAR(L$7),MONTH(L$7),Assumptions!$G27)<=L$8), AND(DATE(YEAR(L$8),MONTH(L$8),Assumptions!$G27)>=L$7, DATE(YEAR(L$8),MONTH(L$8),Assumptions!$G27)<=L$8) ), "Yes","No"), IF( Assumptions!$F27="Last X day of month", IF( AND( WEEKDAY(L$7,2)<=MATCH(Assumptions!$J27,{"Monday","Tuesday","Wednesday","Thursday","Friday"},0), WEEKDAY(L$8,2)>=MATCH(Assumptions!$J27,{"Monday","Tuesday","Wednesday","Thursday","Friday"},0), (L$7+(MATCH(Assumptions!$J27,{"Monday","Tuesday","Wednesday","Thursday","Friday"},0)-WEEKDAY(L$7,2)))+7>EOMONTH((L$7+(MATCH(Assumptions!$J27,{"Monday","Tuesday","Wednesday","Thursday","Friday"},0)-WEEKDAY(L$7,2))),0) ), "Yes","No"), IF( Assumptions!$F27="Weekly", IF( AND( WEEKDAY(L$7,2)<=MATCH(Assumptions!$J27,{"Monday","Tuesday","Wednesday","Thursday","Friday"},0), WEEKDAY(L$8,2)>=MATCH(Assumptions!$J27,{"Monday","Tuesday","Wednesday","Thursday","Friday"},0) ), "Yes","No"), IF( Assumptions!$F27="Every 2 weeks", IF( OR( AND(Assumptions!$I27>=L$7, Assumptions!$I27<=L$8), AND( Assumptions!$I27<L$7, MOD(INT((L$7-(Assumptions!$I27-WEEKDAY(Assumptions!$I27,2)+1))/7),2)=0 ) ), "Yes","No"), IF( Assumptions!$F27="Every 3 weeks", IF( OR( AND(Assumptions!$I27>=L$7, Assumptions!$I27<=L$8), AND( Assumptions!$I27<L$7, MOD(INT((L$7-(Assumptions!$I27-WEEKDAY(Assumptions!$I27,2)+1))/7),3)=0 ) ), "Yes","No"), IF( Assumptions!$F27="Quarterly", IF( OR( AND( ISNUMBER(MATCH(MONTH(L$7),IF(Assumptions!$H27="Jan / Apr / Jul / Oct",{1,4,7,10},IF(Assumptions!$H27="Feb / May / Aug / Nov",{2,5,8,11},{3,6,9,12})),0)), DATE(YEAR(L$7),MONTH(L$7),Assumptions!$G27)>=L$7, DATE(YEAR(L$7),MONTH(L$7),Assumptions!$G27)<=L$8 ), AND( ISNUMBER(MATCH(MONTH(L$8),IF(Assumptions!$H27="Jan / Apr / Jul / Oct",{1,4,7,10},IF(Assumptions!$H27="Feb / May / Aug / Nov",{2,5,8,11},{3,6,9,12})),0)), DATE(YEAR(L$8),MONTH(L$8),Assumptions!$G27)>=L$7, DATE(YEAR(L$8),MONTH(L$8),Assumptions!$G27)<=L$8 ) ), "Yes","No"), "No") ) ) ) ) ) ) ) ) ) -> No | M15: =IF( Assumptions!$K27="Off", "No", IF( Assumptions!$F27="I will phase manually", "No", IF( Assumptions!$F27="Last working day of month", IF( OR( AND(WORKDAY(DATE(YEAR(M$7),MONTH(M$7)+1,1),-1)>=M$7, WORKDAY(DATE(YEAR(M$7),MONTH(M$7)+1,1),-1)<=M$8), AND(WORKDAY(DATE(YEAR(M$8),MONTH(M$8)+1,1),-1)>=M$7, WORKDAY(DATE(YEAR(M$8),MONTH(M$8)+1,1),-1)<=M$8) ), "Yes","No"), IF( Assumptions!$F27="End of month", IF( OR( AND(EOMONTH(M$7,0)>=M$7, EOMONTH(M$7,0)<=M$8), AND(EOMONTH(M$8,0)>=M$7, EOMONTH(M$8,0)<=M$8) ), "Yes","No"), IF( Assumptions!$F27="Specific day of month", IF( OR( AND(DATE(YEAR(M$7),MONTH(M$7),Assumptions!$G27)>=M$7, DATE(YEAR(M$7),MONTH(M$7),Assumptions!$G27)<=M$8), AND(DATE(YEAR(M$8),MONTH(M$8),Assumptions!$G27)>=M$7, DATE(YEAR(M$8),MONTH(M$8),Assumptions!$G27)<=M$8) ), "Yes","No"), IF( Assumptions!$F27="Last X day of month", IF( AND( WEEKDAY(M$7,2)<=MATCH(Assumptions!$J27,{"Monday","Tuesday","Wednesday","Thursday","Friday"},0), WEEKDAY(M$8,2)>=MATCH(Assumptions!$J27,{"Monday","Tuesday","Wednesday","Thursday","Friday"},0), (M$7+(MATCH(Assumptions!$J27,{"Monday","Tuesday","Wednesday","Thursday","Friday"},0)-WEEKDAY(M$7,2)))+7>EOMONTH((M$7+(MATCH(Assumptions!$J27,{"Monday","Tuesday","Wednesday","Thursday","Friday"},0)-WEEKDAY(M$7,2))),0) ), "Yes","No"), IF( Assumptions!$F27="Weekly", IF( AND( WEEKDAY(M$7,2)<=MATCH(Assumptions!$J27,{"Monday","Tuesday","Wednesday","Thursday","Friday"},0), WEEKDAY(M$8,2)>=MATCH(Assumptions!$J27,{"Monday","Tuesday","Wednesday","Thursday","Friday"},0) ), "Yes","No"), IF( Assumptions!$F27="Every 2 weeks", IF( OR( AND(Assumptions!$I27>=M$7, Assumptions!$I27<=M$8), AND( Assumptions!$I27<M$7, MOD(INT((M$7-(Assumptions!$I27-WEEKDAY(Assumptions!$I27,2)+1))/7),2)=0 ) ), "Yes","No"), IF( Assumptions!$F27="Every 3 weeks", IF( OR( AND(Assumptions!$I27>=M$7, Assumptions!$I27<=M$8), AND( Assumptions!$I27<M$7, MOD(INT((M$7-(Assumptions!$I27-WEEKDAY(Assumptions!$I27,2)+1))/7),3)=0 ) ), "Yes","No"), IF( Assumptions!$F27="Quarterly", IF( OR( AND( ISNUMBER(MATCH(MONTH(M$7),IF(Assumptions!$H27="Jan / Apr / Jul / Oct",{1,4,7,10},IF(Assumptions!$H27="Feb / May / Aug / Nov",{2,5,8,11},{3,6,9,12})),0)), DATE(YEAR(M$7),MONTH(M$7),Assumptions!$G27)>=M$7, DATE(YEAR(M$7),MONTH(M$7),Assumptions!$G27)<=M$8 ), AND( ISNUMBER(MATCH(MONTH(M$8),IF(Assumptions!$H27="Jan / Apr / Jul / Oct",{1,4,7,10},IF(Assumptions!$H27="Feb / May / Aug / Nov",{2,5,8,11},{3,6,9,12})),0)), DATE(YEAR(M$8),MONTH(M$8),Assumptions!$G27)>=M$7, DATE(YEAR(M$8),MONTH(M$8),Assumptions!$G27)<=M$8 ) ), "Yes","No"), "No") ) ) ) ) ) ) ) ) ) -> No | N15: =IF( Assumptions!$K27="Off", "No", IF( Assumptions!$F27="I will phase manually", "No", IF( Assumptions!$F27="Last working day of month", IF( OR( AND(WORKDAY(DATE(YEAR(N$7),MONTH(N$7)+1,1),-1)>=N$7, WORKDAY(DATE(YEAR(N$7),MONTH(N$7)+1,1),-1)<=N$8), AND(WORKDAY(DATE(YEAR(N$8),MONTH(N$8)+1,1),-1)>=N$7, WORKDAY(DATE(YEAR(N$8),MONTH(N$8)+1,1),-1)<=N$8) ), "Yes","No"), IF( Assumptions!$F27="End of month", IF( OR( AND(EOMONTH(N$7,0)>=N$7, EOMONTH(N$7,0)<=N$8), AND(EOMONTH(N$8,0)>=N$7, EOMONTH(N$8,0)<=N$8) ), "Yes","No"), IF( Assumptions!$F27="Specific day of month", IF( OR( AND(DATE(YEAR(N$7),MONTH(N$7),Assumptions!$G27)>=N$7, DATE(YEAR(N$7),MONTH(N$7),Assumptions!$G27)<=N$8), AND(DATE(YEAR(N$8),MONTH(N$8),Assumptions!$G27)>=N$7, DATE(YEAR(N$8),MONTH(N$8),Assumptions!$G27)<=N$8) ), "Yes","No"), IF( Assumptions!$F27="Last X day of month", IF( AND( WEEKDAY(N$7,2)<=MATCH(Assumptions!$J27,{"Monday","Tuesday","Wednesday","Thursday","Friday"},0), WEEKDAY(N$8,2)>=MATCH(Assumptions!$J27,{"Monday","Tuesday","Wednesday","Thursday","Friday"},0), (N$7+(MATCH(Assumptions!$J27,{"Monday","Tuesday","Wednesday","Thursday","Friday"},0)-WEEKDAY(N$7,2)))+7>EOMONTH((N$7+(MATCH(Assumptions!$J27,{"Monday","Tuesday","Wednesday","Thursday","Friday"},0)-WEEKDAY(N$7,2))),0) ), "Yes","No"), IF( Assumptions!$F27="Weekly", IF( AND( WEEKDAY(N$7,2)<=MATCH(Assumptions!$J27,{"Monday","Tuesday","Wednesday","Thursday","Friday"},0), WEEKDAY(N$8,2)>=MATCH(Assumptions!$J27,{"Monday","Tuesday","Wednesday","Thursday","Friday"},0) ), "Yes","No"), IF( Assumptions!$F27="Every 2 weeks", IF( OR( AND(Assumptions!$I27>=N$7, Assumptions!$I27<=N$8), AND( Assumptions!$I27<N$7, MOD(INT((N$7-(Assumptions!$I27-WEEKDAY(Assumptions!$I27,2)+1))/7),2)=0 ) ), "Yes","No"), IF( Assumptions!$F27="Every 3 weeks", IF( OR( AND(Assumptions!$I27>=N$7, Assumptions!$I27<=N$8), AND( Assumptions!$I27<N$7, MOD(INT((N$7-(Assumptions!$I27-WEEKDAY(Assumptions!$I27,2)+1))/7),3)=0 ) ), "Yes","No"), IF( Assumptions!$F27="Quarterly", IF( OR( AND( ISNUMBER(MATCH(MONTH(N$7),IF(Assumptions!$H27="Jan / Apr / Jul / Oct",{1,4,7,10},IF(Assumptions!$H27="Feb / May / Aug / Nov",{2,5,8,11},{3,6,9,12})),0)), DATE(YEAR(N$7),MONTH(N$7),Assumptions!$G27)>=N$7, DATE(YEAR(N$7),MONTH(N$7),Assumptions!$G27)<=N$8 ), AND( ISNUMBER(MATCH(MONTH(N$8),IF(Assumptions!$H27="Jan / Apr / Jul / Oct",{1,4,7,10},IF(Assumptions!$H27="Feb / May / Aug / Nov",{2,5,8,11},{3,6,9,12})),0)), DATE(YEAR(N$8),MONTH(N$8),Assumptions!$G27)>=N$7, DATE(YEAR(N$8),MONTH(N$8),Assumptions!$G27)<=N$8 ) ), "Yes","No"), "No") ) ) ) ) ) ) ) ) ) -> No | ... S15: =IF( Assumptions!$K27="Off", "No", IF( Assumptions!$F27="I will phase manually", "No", IF( Assumptions!$F27="Last working day of month", IF( OR( AND(WORKDAY(DATE(YEAR(S$7),MONTH(S$7)+1,1),-1)>=S$7, WORKDAY(DATE(YEAR(S$7),MONTH(S$7)+1,1),-1)<=S$8), AND(WORKDAY(DATE(YEAR(S$8),MONTH(S$8)+1,1),-1)>=S$7, WORKDAY(DATE(YEAR(S$8),MONTH(S$8)+1,1),-1)<=S$8) ), "Yes","No"), IF( Assumptions!$F27="End of month", IF( OR( AND(EOMONTH(S$7,0)>=S$7, EOMONTH(S$7,0)<=S$8), AND(EOMONTH(S$8,0)>=S$7, EOMONTH(S$8,0)<=S$8) ), "Yes","No"), IF( Assumptions!$F27="Specific day of month", IF( OR( AND(DATE(YEAR(S$7),MONTH(S$7),Assumptions!$G27)>=S$7, DATE(YEAR(S$7),MONTH(S$7),Assumptions!$G27)<=S$8), AND(DATE(YEAR(S$8),MONTH(S$8),Assumptions!$G27)>=S$7, DATE(YEAR(S$8),MONTH(S$8),Assumptions!$G27)<=S$8) ), "Yes","No"), IF( Assumptions!$F27="Last X day of month", IF( AND( WEEKDAY(S$7,2)<=MATCH(Assumptions!$J27,{"Monday","Tuesday","Wednesday","Thursday","Friday"},0), WEEKDAY(S$8,2)>=MATCH(Assumptions!$J27,{"Monday","Tuesday","Wednesday","Thursday","Friday"},0), (S$7+(MATCH(Assumptions!$J27,{"Monday","Tuesday","Wednesday","Thursday","Friday"},0)-WEEKDAY(S$7,2)))+7>EOMONTH((S$7+(MATCH(Assumptions!$J27,{"Monday","Tuesday","Wednesday","Thursday","Friday"},0)-WEEKDAY(S$7,2))),0) ), "Yes","No"), IF( Assumptions!$F27="Weekly", IF( AND( WEEKDAY(S$7,2)<=MATCH(Assumptions!$J27,{"Monday","Tuesday","Wednesday","Thursday","Friday"},0), WEEKDAY(S$8,2)>=MATCH(Assumptions!$J27,{"Monday","Tuesday","Wednesday","Thursday","Friday"},0) ), "Yes","No"), IF( Assumptions!$F27="Every 2 weeks", IF( OR( AND(Assumptions!$I27>=S$7, Assumptions!$I27<=S$8), AND( Assumptions!$I27<S$7, MOD(INT((S$7-(Assumptions!$I27-WEEKDAY(Assumptions!$I27,2)+1))/7),2)=0 ) ), "Yes","No"), IF( Assumptions!$F27="Every 3 weeks", IF( OR( AND(Assumptions!$I27>=S$7, Assumptions!$I27<=S$8), AND( Assumptions!$I27<S$7, MOD(INT((S$7-(Assumptions!$I27-WEEKDAY(Assumptions!$I27,2)+1))/7),3)=0 ) ), "Yes","No"), IF( Assumptions!$F27="Quarterly", IF( OR( AND( ISNUMBER(MATCH(MONTH(S$7),IF(Assumptions!$H27="Jan / Apr / Jul / Oct",{1,4,7,10},IF(Assumptions!$H27="Feb / May / Aug / Nov",{2,5,8,11},{3,6,9,12})),0)), DATE(YEAR(S$7),MONTH(S$7),Assumptions!$G27)>=S$7, DATE(YEAR(S$7),MONTH(S$7),Assumptions!$G27)<=S$8 ), AND( ISNUMBER(MATCH(MONTH(S$8),IF(Assumptions!$H27="Jan / Apr / Jul / Oct",{1,4,7,10},IF(Assumptions!$H27="Feb / May / Aug / Nov",{2,5,8,11},{3,6,9,12})),0)), DATE(YEAR(S$8),MONTH(S$8),Assumptions!$G27)>=S$7, DATE(YEAR(S$8),MONTH(S$8),Assumptions!$G27)<=S$8 ) ), "Yes","No"), "No") ) ) ) ) ) ) ) ) ) -> No | T15: N/A
C16: =Assumptions!D28 -> 0 | G16: =IF( Assumptions!$K28="Off", "No", IF( Assumptions!$F28="I will phase manually", "No", IF( Assumptions!$F28="Last working day of month", IF( OR( AND(WORKDAY(DATE(YEAR(G$7),MONTH(G$7)+1,1),-1)>=G$7, WORKDAY(DATE(YEAR(G$7),MONTH(G$7)+1,1),-1)<=G$8), AND(WORKDAY(DATE(YEAR(G$8),MONTH(G$8)+1,1),-1)>=G$7, WORKDAY(DATE(YEAR(G$8),MONTH(G$8)+1,1),-1)<=G$8) ), "Yes","No"), IF( Assumptions!$F28="End of month", IF( OR( AND(EOMONTH(G$7,0)>=G$7, EOMONTH(G$7,0)<=G$8), AND(EOMONTH(G$8,0)>=G$7, EOMONTH(G$8,0)<=G$8) ), "Yes","No"), IF( Assumptions!$F28="Specific day of month", IF( OR( AND(DATE(YEAR(G$7),MONTH(G$7),Assumptions!$G28)>=G$7, DATE(YEAR(G$7),MONTH(G$7),Assumptions!$G28)<=G$8), AND(DATE(YEAR(G$8),MONTH(G$8),Assumptions!$G28)>=G$7, DATE(YEAR(G$8),MONTH(G$8),Assumptions!$G28)<=G$8) ), "Yes","No"), IF( Assumptions!$F28="Last X day of month", IF( AND( WEEKDAY(G$7,2)<=MATCH(Assumptions!$J28,{"Monday","Tuesday","Wednesday","Thursday","Friday"},0), WEEKDAY(G$8,2)>=MATCH(Assumptions!$J28,{"Monday","Tuesday","Wednesday","Thursday","Friday"},0), (G$7+(MATCH(Assumptions!$J28,{"Monday","Tuesday","Wednesday","Thursday","Friday"},0)-WEEKDAY(G$7,2)))+7>EOMONTH((G$7+(MATCH(Assumptions!$J28,{"Monday","Tuesday","Wednesday","Thursday","Friday"},0)-WEEKDAY(G$7,2))),0) ), "Yes","No"), IF( Assumptions!$F28="Weekly", IF( AND( WEEKDAY(G$7,2)<=MATCH(Assumptions!$J28,{"Monday","Tuesday","Wednesday","Thursday","Friday"},0), WEEKDAY(G$8,2)>=MATCH(Assumptions!$J28,{"Monday","Tuesday","Wednesday","Thursday","Friday"},0) ), "Yes","No"), IF( Assumptions!$F28="Every 2 weeks", IF( OR( AND(Assumptions!$I28>=G$7, Assumptions!$I28<=G$8), AND( Assumptions!$I28<G$7, MOD(INT((G$7-(Assumptions!$I28-WEEKDAY(Assumptions!$I28,2)+1))/7),2)=0 ) ), "Yes","No"), IF( Assumptions!$F28="Every 3 weeks", IF( OR( AND(Assumptions!$I28>=G$7, Assumptions!$I28<=G$8), AND( Assumptions!$I28<G$7, MOD(INT((G$7-(Assumptions!$I28-WEEKDAY(Assumptions!$I28,2)+1))/7),3)=0 ) ), "Yes","No"), IF( Assumptions!$F28="Quarterly", IF( OR( AND( ISNUMBER(MATCH(MONTH(G$7),IF(Assumptions!$H28="Jan / Apr / Jul / Oct",{1,4,7,10},IF(Assumptions!$H28="Feb / May / Aug / Nov",{2,5,8,11},{3,6,9,12})),0)), DATE(YEAR(G$7),MONTH(G$7),Assumptions!$G28)>=G$7, DATE(YEAR(G$7),MONTH(G$7),Assumptions!$G28)<=G$8 ), AND( ISNUMBER(MATCH(MONTH(G$8),IF(Assumptions!$H28="Jan / Apr / Jul / Oct",{1,4,7,10},IF(Assumptions!$H28="Feb / May / Aug / Nov",{2,5,8,11},{3,6,9,12})),0)), DATE(YEAR(G$8),MONTH(G$8),Assumptions!$G28)>=G$7, DATE(YEAR(G$8),MONTH(G$8),Assumptions!$G28)<=G$8 ) ), "Yes","No"), "No") ) ) ) ) ) ) ) ) ) -> No | H16: =IF( Assumptions!$K28="Off", "No", IF( Assumptions!$F28="I will phase manually", "No", IF( Assumptions!$F28="Last working day of month", IF( OR( AND(WORKDAY(DATE(YEAR(H$7),MONTH(H$7)+1,1),-1)>=H$7, WORKDAY(DATE(YEAR(H$7),MONTH(H$7)+1,1),-1)<=H$8), AND(WORKDAY(DATE(YEAR(H$8),MONTH(H$8)+1,1),-1)>=H$7, WORKDAY(DATE(YEAR(H$8),MONTH(H$8)+1,1),-1)<=H$8) ), "Yes","No"), IF( Assumptions!$F28="End of month", IF( OR( AND(EOMONTH(H$7,0)>=H$7, EOMONTH(H$7,0)<=H$8), AND(EOMONTH(H$8,0)>=H$7, EOMONTH(H$8,0)<=H$8) ), "Yes","No"), IF( Assumptions!$F28="Specific day of month", IF( OR( AND(DATE(YEAR(H$7),MONTH(H$7),Assumptions!$G28)>=H$7, DATE(YEAR(H$7),MONTH(H$7),Assumptions!$G28)<=H$8), AND(DATE(YEAR(H$8),MONTH(H$8),Assumptions!$G28)>=H$7, DATE(YEAR(H$8),MONTH(H$8),Assumptions!$G28)<=H$8) ), "Yes","No"), IF( Assumptions!$F28="Last X day of month", IF( AND( WEEKDAY(H$7,2)<=MATCH(Assumptions!$J28,{"Monday","Tuesday","Wednesday","Thursday","Friday"},0), WEEKDAY(H$8,2)>=MATCH(Assumptions!$J28,{"Monday","Tuesday","Wednesday","Thursday","Friday"},0), (H$7+(MATCH(Assumptions!$J28,{"Monday","Tuesday","Wednesday","Thursday","Friday"},0)-WEEKDAY(H$7,2)))+7>EOMONTH((H$7+(MATCH(Assumptions!$J28,{"Monday","Tuesday","Wednesday","Thursday","Friday"},0)-WEEKDAY(H$7,2))),0) ), "Yes","No"), IF( Assumptions!$F28="Weekly", IF( AND( WEEKDAY(H$7,2)<=MATCH(Assumptions!$J28,{"Monday","Tuesday","Wednesday","Thursday","Friday"},0), WEEKDAY(H$8,2)>=MATCH(Assumptions!$J28,{"Monday","Tuesday","Wednesday","Thursday","Friday"},0) ), "Yes","No"), IF( Assumptions!$F28="Every 2 weeks", IF( OR( AND(Assumptions!$I28>=H$7, Assumptions!$I28<=H$8), AND( Assumptions!$I28<H$7, MOD(INT((H$7-(Assumptions!$I28-WEEKDAY(Assumptions!$I28,2)+1))/7),2)=0 ) ), "Yes","No"), IF( Assumptions!$F28="Every 3 weeks", IF( OR( AND(Assumptions!$I28>=H$7, Assumptions!$I28<=H$8), AND( Assumptions!$I28<H$7, MOD(INT((H$7-(Assumptions!$I28-WEEKDAY(Assumptions!$I28,2)+1))/7),3)=0 ) ), "Yes","No"), IF( Assumptions!$F28="Quarterly", IF( OR( AND( ISNUMBER(MATCH(MONTH(H$7),IF(Assumptions!$H28="Jan / Apr / Jul / Oct",{1,4,7,10},IF(Assumptions!$H28="Feb / May / Aug / Nov",{2,5,8,11},{3,6,9,12})),0)), DATE(YEAR(H$7),MONTH(H$7),Assumptions!$G28)>=H$7, DATE(YEAR(H$7),MONTH(H$7),Assumptions!$G28)<=H$8 ), AND( ISNUMBER(MATCH(MONTH(H$8),IF(Assumptions!$H28="Jan / Apr / Jul / Oct",{1,4,7,10},IF(Assumptions!$H28="Feb / May / Aug / Nov",{2,5,8,11},{3,6,9,12})),0)), DATE(YEAR(H$8),MONTH(H$8),Assumptions!$G28)>=H$7, DATE(YEAR(H$8),MONTH(H$8),Assumptions!$G28)<=H$8 ) ), "Yes","No"), "No") ) ) ) ) ) ) ) ) ) -> No | I16: =IF( Assumptions!$K28="Off", "No", IF( Assumptions!$F28="I will phase manually", "No", IF( Assumptions!$F28="Last working day of month", IF( OR( AND(WORKDAY(DATE(YEAR(I$7),MONTH(I$7)+1,1),-1)>=I$7, WORKDAY(DATE(YEAR(I$7),MONTH(I$7)+1,1),-1)<=I$8), AND(WORKDAY(DATE(YEAR(I$8),MONTH(I$8)+1,1),-1)>=I$7, WORKDAY(DATE(YEAR(I$8),MONTH(I$8)+1,1),-1)<=I$8) ), "Yes","No"), IF( Assumptions!$F28="End of month", IF( OR( AND(EOMONTH(I$7,0)>=I$7, EOMONTH(I$7,0)<=I$8), AND(EOMONTH(I$8,0)>=I$7, EOMONTH(I$8,0)<=I$8) ), "Yes","No"), IF( Assumptions!$F28="Specific day of month", IF( OR( AND(DATE(YEAR(I$7),MONTH(I$7),Assumptions!$G28)>=I$7, DATE(YEAR(I$7),MONTH(I$7),Assumptions!$G28)<=I$8), AND(DATE(YEAR(I$8),MONTH(I$8),Assumptions!$G28)>=I$7, DATE(YEAR(I$8),MONTH(I$8),Assumptions!$G28)<=I$8) ), "Yes","No"), IF( Assumptions!$F28="Last X day of month", IF( AND( WEEKDAY(I$7,2)<=MATCH(Assumptions!$J28,{"Monday","Tuesday","Wednesday","Thursday","Friday"},0), WEEKDAY(I$8,2)>=MATCH(Assumptions!$J28,{"Monday","Tuesday","Wednesday","Thursday","Friday"},0), (I$7+(MATCH(Assumptions!$J28,{"Monday","Tuesday","Wednesday","Thursday","Friday"},0)-WEEKDAY(I$7,2)))+7>EOMONTH((I$7+(MATCH(Assumptions!$J28,{"Monday","Tuesday","Wednesday","Thursday","Friday"},0)-WEEKDAY(I$7,2))),0) ), "Yes","No"), IF( Assumptions!$F28="Weekly", IF( AND( WEEKDAY(I$7,2)<=MATCH(Assumptions!$J28,{"Monday","Tuesday","Wednesday","Thursday","Friday"},0), WEEKDAY(I$8,2)>=MATCH(Assumptions!$J28,{"Monday","Tuesday","Wednesday","Thursday","Friday"},0) ), "Yes","No"), IF( Assumptions!$F28="Every 2 weeks", IF( OR( AND(Assumptions!$I28>=I$7, Assumptions!$I28<=I$8), AND( Assumptions!$I28<I$7, MOD(INT((I$7-(Assumptions!$I28-WEEKDAY(Assumptions!$I28,2)+1))/7),2)=0 ) ), "Yes","No"), IF( Assumptions!$F28="Every 3 weeks", IF( OR( AND(Assumptions!$I28>=I$7, Assumptions!$I28<=I$8), AND( Assumptions!$I28<I$7, MOD(INT((I$7-(Assumptions!$I28-WEEKDAY(Assumptions!$I28,2)+1))/7),3)=0 ) ), "Yes","No"), IF( Assumptions!$F28="Quarterly", IF( OR( AND( ISNUMBER(MATCH(MONTH(I$7),IF(Assumptions!$H28="Jan / Apr / Jul / Oct",{1,4,7,10},IF(Assumptions!$H28="Feb / May / Aug / Nov",{2,5,8,11},{3,6,9,12})),0)), DATE(YEAR(I$7),MONTH(I$7),Assumptions!$G28)>=I$7, DATE(YEAR(I$7),MONTH(I$7),Assumptions!$G28)<=I$8 ), AND( ISNUMBER(MATCH(MONTH(I$8),IF(Assumptions!$H28="Jan / Apr / Jul / Oct",{1,4,7,10},IF(Assumptions!$H28="Feb / May / Aug / Nov",{2,5,8,11},{3,6,9,12})),0)), DATE(YEAR(I$8),MONTH(I$8),Assumptions!$G28)>=I$7, DATE(YEAR(I$8),MONTH(I$8),Assumptions!$G28)<=I$8 ) ), "Yes","No"), "No") ) ) ) ) ) ) ) ) ) -> No | J16: =IF( Assumptions!$K28="Off", "No", IF( Assumptions!$F28="I will phase manually", "No", IF( Assumptions!$F28="Last working day of month", IF( OR( AND(WORKDAY(DATE(YEAR(J$7),MONTH(J$7)+1,1),-1)>=J$7, WORKDAY(DATE(YEAR(J$7),MONTH(J$7)+1,1),-1)<=J$8), AND(WORKDAY(DATE(YEAR(J$8),MONTH(J$8)+1,1),-1)>=J$7, WORKDAY(DATE(YEAR(J$8),MONTH(J$8)+1,1),-1)<=J$8) ), "Yes","No"), IF( Assumptions!$F28="End of month", IF( OR( AND(EOMONTH(J$7,0)>=J$7, EOMONTH(J$7,0)<=J$8), AND(EOMONTH(J$8,0)>=J$7, EOMONTH(J$8,0)<=J$8) ), "Yes","No"), IF( Assumptions!$F28="Specific day of month", IF( OR( AND(DATE(YEAR(J$7),MONTH(J$7),Assumptions!$G28)>=J$7, DATE(YEAR(J$7),MONTH(J$7),Assumptions!$G28)<=J$8), AND(DATE(YEAR(J$8),MONTH(J$8),Assumptions!$G28)>=J$7, DATE(YEAR(J$8),MONTH(J$8),Assumptions!$G28)<=J$8) ), "Yes","No"), IF( Assumptions!$F28="Last X day of month", IF( AND( WEEKDAY(J$7,2)<=MATCH(Assumptions!$J28,{"Monday","Tuesday","Wednesday","Thursday","Friday"},0), WEEKDAY(J$8,2)>=MATCH(Assumptions!$J28,{"Monday","Tuesday","Wednesday","Thursday","Friday"},0), (J$7+(MATCH(Assumptions!$J28,{"Monday","Tuesday","Wednesday","Thursday","Friday"},0)-WEEKDAY(J$7,2)))+7>EOMONTH((J$7+(MATCH(Assumptions!$J28,{"Monday","Tuesday","Wednesday","Thursday","Friday"},0)-WEEKDAY(J$7,2))),0) ), "Yes","No"), IF( Assumptions!$F28="Weekly", IF( AND( WEEKDAY(J$7,2)<=MATCH(Assumptions!$J28,{"Monday","Tuesday","Wednesday","Thursday","Friday"},0), WEEKDAY(J$8,2)>=MATCH(Assumptions!$J28,{"Monday","Tuesday","Wednesday","Thursday","Friday"},0) ), "Yes","No"), IF( Assumptions!$F28="Every 2 weeks", IF( OR( AND(Assumptions!$I28>=J$7, Assumptions!$I28<=J$8), AND( Assumptions!$I28<J$7, MOD(INT((J$7-(Assumptions!$I28-WEEKDAY(Assumptions!$I28,2)+1))/7),2)=0 ) ), "Yes","No"), IF( Assumptions!$F28="Every 3 weeks", IF( OR( AND(Assumptions!$I28>=J$7, Assumptions!$I28<=J$8), AND( Assumptions!$I28<J$7, MOD(INT((J$7-(Assumptions!$I28-WEEKDAY(Assumptions!$I28,2)+1))/7),3)=0 ) ), "Yes","No"), IF( Assumptions!$F28="Quarterly", IF( OR( AND( ISNUMBER(MATCH(MONTH(J$7),IF(Assumptions!$H28="Jan / Apr / Jul / Oct",{1,4,7,10},IF(Assumptions!$H28="Feb / May / Aug / Nov",{2,5,8,11},{3,6,9,12})),0)), DATE(YEAR(J$7),MONTH(J$7),Assumptions!$G28)>=J$7, DATE(YEAR(J$7),MONTH(J$7),Assumptions!$G28)<=J$8 ), AND( ISNUMBER(MATCH(MONTH(J$8),IF(Assumptions!$H28="Jan / Apr / Jul / Oct",{1,4,7,10},IF(Assumptions!$H28="Feb / May / Aug / Nov",{2,5,8,11},{3,6,9,12})),0)), DATE(YEAR(J$8),MONTH(J$8),Assumptions!$G28)>=J$7, DATE(YEAR(J$8),MONTH(J$8),Assumptions!$G28)<=J$8 ) ), "Yes","No"), "No") ) ) ) ) ) ) ) ) ) -> No | K16: =IF( Assumptions!$K28="Off", "No", IF( Assumptions!$F28="I will phase manually", "No", IF( Assumptions!$F28="Last working day of month", IF( OR( AND(WORKDAY(DATE(YEAR(K$7),MONTH(K$7)+1,1),-1)>=K$7, WORKDAY(DATE(YEAR(K$7),MONTH(K$7)+1,1),-1)<=K$8), AND(WORKDAY(DATE(YEAR(K$8),MONTH(K$8)+1,1),-1)>=K$7, WORKDAY(DATE(YEAR(K$8),MONTH(K$8)+1,1),-1)<=K$8) ), "Yes","No"), IF( Assumptions!$F28="End of month", IF( OR( AND(EOMONTH(K$7,0)>=K$7, EOMONTH(K$7,0)<=K$8), AND(EOMONTH(K$8,0)>=K$7, EOMONTH(K$8,0)<=K$8) ), "Yes","No"), IF( Assumptions!$F28="Specific day of month", IF( OR( AND(DATE(YEAR(K$7),MONTH(K$7),Assumptions!$G28)>=K$7, DATE(YEAR(K$7),MONTH(K$7),Assumptions!$G28)<=K$8), AND(DATE(YEAR(K$8),MONTH(K$8),Assumptions!$G28)>=K$7, DATE(YEAR(K$8),MONTH(K$8),Assumptions!$G28)<=K$8) ), "Yes","No"), IF( Assumptions!$F28="Last X day of month", IF( AND( WEEKDAY(K$7,2)<=MATCH(Assumptions!$J28,{"Monday","Tuesday","Wednesday","Thursday","Friday"},0), WEEKDAY(K$8,2)>=MATCH(Assumptions!$J28,{"Monday","Tuesday","Wednesday","Thursday","Friday"},0), (K$7+(MATCH(Assumptions!$J28,{"Monday","Tuesday","Wednesday","Thursday","Friday"},0)-WEEKDAY(K$7,2)))+7>EOMONTH((K$7+(MATCH(Assumptions!$J28,{"Monday","Tuesday","Wednesday","Thursday","Friday"},0)-WEEKDAY(K$7,2))),0) ), "Yes","No"), IF( Assumptions!$F28="Weekly", IF( AND( WEEKDAY(K$7,2)<=MATCH(Assumptions!$J28,{"Monday","Tuesday","Wednesday","Thursday","Friday"},0), WEEKDAY(K$8,2)>=MATCH(Assumptions!$J28,{"Monday","Tuesday","Wednesday","Thursday","Friday"},0) ), "Yes","No"), IF( Assumptions!$F28="Every 2 weeks", IF( OR( AND(Assumptions!$I28>=K$7, Assumptions!$I28<=K$8), AND( Assumptions!$I28<K$7, MOD(INT((K$7-(Assumptions!$I28-WEEKDAY(Assumptions!$I28,2)+1))/7),2)=0 ) ), "Yes","No"), IF( Assumptions!$F28="Every 3 weeks", IF( OR( AND(Assumptions!$I28>=K$7, Assumptions!$I28<=K$8), AND( Assumptions!$I28<K$7, MOD(INT((K$7-(Assumptions!$I28-WEEKDAY(Assumptions!$I28,2)+1))/7),3)=0 ) ), "Yes","No"), IF( Assumptions!$F28="Quarterly", IF( OR( AND( ISNUMBER(MATCH(MONTH(K$7),IF(Assumptions!$H28="Jan / Apr / Jul / Oct",{1,4,7,10},IF(Assumptions!$H28="Feb / May / Aug / Nov",{2,5,8,11},{3,6,9,12})),0)), DATE(YEAR(K$7),MONTH(K$7),Assumptions!$G28)>=K$7, DATE(YEAR(K$7),MONTH(K$7),Assumptions!$G28)<=K$8 ), AND( ISNUMBER(MATCH(MONTH(K$8),IF(Assumptions!$H28="Jan / Apr / Jul / Oct",{1,4,7,10},IF(Assumptions!$H28="Feb / May / Aug / Nov",{2,5,8,11},{3,6,9,12})),0)), DATE(YEAR(K$8),MONTH(K$8),Assumptions!$G28)>=K$7, DATE(YEAR(K$8),MONTH(K$8),Assumptions!$G28)<=K$8 ) ), "Yes","No"), "No") ) ) ) ) ) ) ) ) ) -> No | L16: =IF( Assumptions!$K28="Off", "No", IF( Assumptions!$F28="I will phase manually", "No", IF( Assumptions!$F28="Last working day of month", IF( OR( AND(WORKDAY(DATE(YEAR(L$7),MONTH(L$7)+1,1),-1)>=L$7, WORKDAY(DATE(YEAR(L$7),MONTH(L$7)+1,1),-1)<=L$8), AND(WORKDAY(DATE(YEAR(L$8),MONTH(L$8)+1,1),-1)>=L$7, WORKDAY(DATE(YEAR(L$8),MONTH(L$8)+1,1),-1)<=L$8) ), "Yes","No"), IF( Assumptions!$F28="End of month", IF( OR( AND(EOMONTH(L$7,0)>=L$7, EOMONTH(L$7,0)<=L$8), AND(EOMONTH(L$8,0)>=L$7, EOMONTH(L$8,0)<=L$8) ), "Yes","No"), IF( Assumptions!$F28="Specific day of month", IF( OR( AND(DATE(YEAR(L$7),MONTH(L$7),Assumptions!$G28)>=L$7, DATE(YEAR(L$7),MONTH(L$7),Assumptions!$G28)<=L$8), AND(DATE(YEAR(L$8),MONTH(L$8),Assumptions!$G28)>=L$7, DATE(YEAR(L$8),MONTH(L$8),Assumptions!$G28)<=L$8) ), "Yes","No"), IF( Assumptions!$F28="Last X day of month", IF( AND( WEEKDAY(L$7,2)<=MATCH(Assumptions!$J28,{"Monday","Tuesday","Wednesday","Thursday","Friday"},0), WEEKDAY(L$8,2)>=MATCH(Assumptions!$J28,{"Monday","Tuesday","Wednesday","Thursday","Friday"},0), (L$7+(MATCH(Assumptions!$J28,{"Monday","Tuesday","Wednesday","Thursday","Friday"},0)-WEEKDAY(L$7,2)))+7>EOMONTH((L$7+(MATCH(Assumptions!$J28,{"Monday","Tuesday","Wednesday","Thursday","Friday"},0)-WEEKDAY(L$7,2))),0) ), "Yes","No"), IF( Assumptions!$F28="Weekly", IF( AND( WEEKDAY(L$7,2)<=MATCH(Assumptions!$J28,{"Monday","Tuesday","Wednesday","Thursday","Friday"},0), WEEKDAY(L$8,2)>=MATCH(Assumptions!$J28,{"Monday","Tuesday","Wednesday","Thursday","Friday"},0) ), "Yes","No"), IF( Assumptions!$F28="Every 2 weeks", IF( OR( AND(Assumptions!$I28>=L$7, Assumptions!$I28<=L$8), AND( Assumptions!$I28<L$7, MOD(INT((L$7-(Assumptions!$I28-WEEKDAY(Assumptions!$I28,2)+1))/7),2)=0 ) ), "Yes","No"), IF( Assumptions!$F28="Every 3 weeks", IF( OR( AND(Assumptions!$I28>=L$7, Assumptions!$I28<=L$8), AND( Assumptions!$I28<L$7, MOD(INT((L$7-(Assumptions!$I28-WEEKDAY(Assumptions!$I28,2)+1))/7),3)=0 ) ), "Yes","No"), IF( Assumptions!$F28="Quarterly", IF( OR( AND( ISNUMBER(MATCH(MONTH(L$7),IF(Assumptions!$H28="Jan / Apr / Jul / Oct",{1,4,7,10},IF(Assumptions!$H28="Feb / May / Aug / Nov",{2,5,8,11},{3,6,9,12})),0)), DATE(YEAR(L$7),MONTH(L$7),Assumptions!$G28)>=L$7, DATE(YEAR(L$7),MONTH(L$7),Assumptions!$G28)<=L$8 ), AND( ISNUMBER(MATCH(MONTH(L$8),IF(Assumptions!$H28="Jan / Apr / Jul / Oct",{1,4,7,10},IF(Assumptions!$H28="Feb / May / Aug / Nov",{2,5,8,11},{3,6,9,12})),0)), DATE(YEAR(L$8),MONTH(L$8),Assumptions!$G28)>=L$7, DATE(YEAR(L$8),MONTH(L$8),Assumptions!$G28)<=L$8 ) ), "Yes","No"), "No") ) ) ) ) ) ) ) ) ) -> No | M16: =IF( Assumptions!$K28="Off", "No", IF( Assumptions!$F28="I will phase manually", "No", IF( Assumptions!$F28="Last working day of month", IF( OR( AND(WORKDAY(DATE(YEAR(M$7),MONTH(M$7)+1,1),-1)>=M$7, WORKDAY(DATE(YEAR(M$7),MONTH(M$7)+1,1),-1)<=M$8), AND(WORKDAY(DATE(YEAR(M$8),MONTH(M$8)+1,1),-1)>=M$7, WORKDAY(DATE(YEAR(M$8),MONTH(M$8)+1,1),-1)<=M$8) ), "Yes","No"), IF( Assumptions!$F28="End of month", IF( OR( AND(EOMONTH(M$7,0)>=M$7, EOMONTH(M$7,0)<=M$8), AND(EOMONTH(M$8,0)>=M$7, EOMONTH(M$8,0)<=M$8) ), "Yes","No"), IF( Assumptions!$F28="Specific day of month", IF( OR( AND(DATE(YEAR(M$7),MONTH(M$7),Assumptions!$G28)>=M$7, DATE(YEAR(M$7),MONTH(M$7),Assumptions!$G28)<=M$8), AND(DATE(YEAR(M$8),MONTH(M$8),Assumptions!$G28)>=M$7, DATE(YEAR(M$8),MONTH(M$8),Assumptions!$G28)<=M$8) ), "Yes","No"), IF( Assumptions!$F28="Last X day of month", IF( AND( WEEKDAY(M$7,2)<=MATCH(Assumptions!$J28,{"Monday","Tuesday","Wednesday","Thursday","Friday"},0), WEEKDAY(M$8,2)>=MATCH(Assumptions!$J28,{"Monday","Tuesday","Wednesday","Thursday","Friday"},0), (M$7+(MATCH(Assumptions!$J28,{"Monday","Tuesday","Wednesday","Thursday","Friday"},0)-WEEKDAY(M$7,2)))+7>EOMONTH((M$7+(MATCH(Assumptions!$J28,{"Monday","Tuesday","Wednesday","Thursday","Friday"},0)-WEEKDAY(M$7,2))),0) ), "Yes","No"), IF( Assumptions!$F28="Weekly", IF( AND( WEEKDAY(M$7,2)<=MATCH(Assumptions!$J28,{"Monday","Tuesday","Wednesday","Thursday","Friday"},0), WEEKDAY(M$8,2)>=MATCH(Assumptions!$J28,{"Monday","Tuesday","Wednesday","Thursday","Friday"},0) ), "Yes","No"), IF( Assumptions!$F28="Every 2 weeks", IF( OR( AND(Assumptions!$I28>=M$7, Assumptions!$I28<=M$8), AND( Assumptions!$I28<M$7, MOD(INT((M$7-(Assumptions!$I28-WEEKDAY(Assumptions!$I28,2)+1))/7),2)=0 ) ), "Yes","No"), IF( Assumptions!$F28="Every 3 weeks", IF( OR( AND(Assumptions!$I28>=M$7, Assumptions!$I28<=M$8), AND( Assumptions!$I28<M$7, MOD(INT((M$7-(Assumptions!$I28-WEEKDAY(Assumptions!$I28,2)+1))/7),3)=0 ) ), "Yes","No"), IF( Assumptions!$F28="Quarterly", IF( OR( AND( ISNUMBER(MATCH(MONTH(M$7),IF(Assumptions!$H28="Jan / Apr / Jul / Oct",{1,4,7,10},IF(Assumptions!$H28="Feb / May / Aug / Nov",{2,5,8,11},{3,6,9,12})),0)), DATE(YEAR(M$7),MONTH(M$7),Assumptions!$G28)>=M$7, DATE(YEAR(M$7),MONTH(M$7),Assumptions!$G28)<=M$8 ), AND( ISNUMBER(MATCH(MONTH(M$8),IF(Assumptions!$H28="Jan / Apr / Jul / Oct",{1,4,7,10},IF(Assumptions!$H28="Feb / May / Aug / Nov",{2,5,8,11},{3,6,9,12})),0)), DATE(YEAR(M$8),MONTH(M$8),Assumptions!$G28)>=M$7, DATE(YEAR(M$8),MONTH(M$8),Assumptions!$G28)<=M$8 ) ), "Yes","No"), "No") ) ) ) ) ) ) ) ) ) -> No | N16: =IF( Assumptions!$K28="Off", "No", IF( Assumptions!$F28="I will phase manually", "No", IF( Assumptions!$F28="Last working day of month", IF( OR( AND(WORKDAY(DATE(YEAR(N$7),MONTH(N$7)+1,1),-1)>=N$7, WORKDAY(DATE(YEAR(N$7),MONTH(N$7)+1,1),-1)<=N$8), AND(WORKDAY(DATE(YEAR(N$8),MONTH(N$8)+1,1),-1)>=N$7, WORKDAY(DATE(YEAR(N$8),MONTH(N$8)+1,1),-1)<=N$8) ), "Yes","No"), IF( Assumptions!$F28="End of month", IF( OR( AND(EOMONTH(N$7,0)>=N$7, EOMONTH(N$7,0)<=N$8), AND(EOMONTH(N$8,0)>=N$7, EOMONTH(N$8,0)<=N$8) ), "Yes","No"), IF( Assumptions!$F28="Specific day of month", IF( OR( AND(DATE(YEAR(N$7),MONTH(N$7),Assumptions!$G28)>=N$7, DATE(YEAR(N$7),MONTH(N$7),Assumptions!$G28)<=N$8), AND(DATE(YEAR(N$8),MONTH(N$8),Assumptions!$G28)>=N$7, DATE(YEAR(N$8),MONTH(N$8),Assumptions!$G28)<=N$8) ), "Yes","No"), IF( Assumptions!$F28="Last X day of month", IF( AND( WEEKDAY(N$7,2)<=MATCH(Assumptions!$J28,{"Monday","Tuesday","Wednesday","Thursday","Friday"},0), WEEKDAY(N$8,2)>=MATCH(Assumptions!$J28,{"Monday","Tuesday","Wednesday","Thursday","Friday"},0), (N$7+(MATCH(Assumptions!$J28,{"Monday","Tuesday","Wednesday","Thursday","Friday"},0)-WEEKDAY(N$7,2)))+7>EOMONTH((N$7+(MATCH(Assumptions!$J28,{"Monday","Tuesday","Wednesday","Thursday","Friday"},0)-WEEKDAY(N$7,2))),0) ), "Yes","No"), IF( Assumptions!$F28="Weekly", IF( AND( WEEKDAY(N$7,2)<=MATCH(Assumptions!$J28,{"Monday","Tuesday","Wednesday","Thursday","Friday"},0), WEEKDAY(N$8,2)>=MATCH(Assumptions!$J28,{"Monday","Tuesday","Wednesday","Thursday","Friday"},0) ), "Yes","No"), IF( Assumptions!$F28="Every 2 weeks", IF( OR( AND(Assumptions!$I28>=N$7, Assumptions!$I28<=N$8), AND( Assumptions!$I28<N$7, MOD(INT((N$7-(Assumptions!$I28-WEEKDAY(Assumptions!$I28,2)+1))/7),2)=0 ) ), "Yes","No"), IF( Assumptions!$F28="Every 3 weeks", IF( OR( AND(Assumptions!$I28>=N$7, Assumptions!$I28<=N$8), AND( Assumptions!$I28<N$7, MOD(INT((N$7-(Assumptions!$I28-WEEKDAY(Assumptions!$I28,2)+1))/7),3)=0 ) ), "Yes","No"), IF( Assumptions!$F28="Quarterly", IF( OR( AND( ISNUMBER(MATCH(MONTH(N$7),IF(Assumptions!$H28="Jan / Apr / Jul / Oct",{1,4,7,10},IF(Assumptions!$H28="Feb / May / Aug / Nov",{2,5,8,11},{3,6,9,12})),0)), DATE(YEAR(N$7),MONTH(N$7),Assumptions!$G28)>=N$7, DATE(YEAR(N$7),MONTH(N$7),Assumptions!$G28)<=N$8 ), AND( ISNUMBER(MATCH(MONTH(N$8),IF(Assumptions!$H28="Jan / Apr / Jul / Oct",{1,4,7,10},IF(Assumptions!$H28="Feb / May / Aug / Nov",{2,5,8,11},{3,6,9,12})),0)), DATE(YEAR(N$8),MONTH(N$8),Assumptions!$G28)>=N$7, DATE(YEAR(N$8),MONTH(N$8),Assumptions!$G28)<=N$8 ) ), "Yes","No"), "No") ) ) ) ) ) ) ) ) ) -> No | ... S16: =IF( Assumptions!$K28="Off", "No", IF( Assumptions!$F28="I will phase manually", "No", IF( Assumptions!$F28="Last working day of month", IF( OR( AND(WORKDAY(DATE(YEAR(S$7),MONTH(S$7)+1,1),-1)>=S$7, WORKDAY(DATE(YEAR(S$7),MONTH(S$7)+1,1),-1)<=S$8), AND(WORKDAY(DATE(YEAR(S$8),MONTH(S$8)+1,1),-1)>=S$7, WORKDAY(DATE(YEAR(S$8),MONTH(S$8)+1,1),-1)<=S$8) ), "Yes","No"), IF( Assumptions!$F28="End of month", IF( OR( AND(EOMONTH(S$7,0)>=S$7, EOMONTH(S$7,0)<=S$8), AND(EOMONTH(S$8,0)>=S$7, EOMONTH(S$8,0)<=S$8) ), "Yes","No"), IF( Assumptions!$F28="Specific day of month", IF( OR( AND(DATE(YEAR(S$7),MONTH(S$7),Assumptions!$G28)>=S$7, DATE(YEAR(S$7),MONTH(S$7),Assumptions!$G28)<=S$8), AND(DATE(YEAR(S$8),MONTH(S$8),Assumptions!$G28)>=S$7, DATE(YEAR(S$8),MONTH(S$8),Assumptions!$G28)<=S$8) ), "Yes","No"), IF( Assumptions!$F28="Last X day of month", IF( AND( WEEKDAY(S$7,2)<=MATCH(Assumptions!$J28,{"Monday","Tuesday","Wednesday","Thursday","Friday"},0), WEEKDAY(S$8,2)>=MATCH(Assumptions!$J28,{"Monday","Tuesday","Wednesday","Thursday","Friday"},0), (S$7+(MATCH(Assumptions!$J28,{"Monday","Tuesday","Wednesday","Thursday","Friday"},0)-WEEKDAY(S$7,2)))+7>EOMONTH((S$7+(MATCH(Assumptions!$J28,{"Monday","Tuesday","Wednesday","Thursday","Friday"},0)-WEEKDAY(S$7,2))),0) ), "Yes","No"), IF( Assumptions!$F28="Weekly", IF( AND( WEEKDAY(S$7,2)<=MATCH(Assumptions!$J28,{"Monday","Tuesday","Wednesday","Thursday","Friday"},0), WEEKDAY(S$8,2)>=MATCH(Assumptions!$J28,{"Monday","Tuesday","Wednesday","Thursday","Friday"},0) ), "Yes","No"), IF( Assumptions!$F28="Every 2 weeks", IF( OR( AND(Assumptions!$I28>=S$7, Assumptions!$I28<=S$8), AND( Assumptions!$I28<S$7, MOD(INT((S$7-(Assumptions!$I28-WEEKDAY(Assumptions!$I28,2)+1))/7),2)=0 ) ), "Yes","No"), IF( Assumptions!$F28="Every 3 weeks", IF( OR( AND(Assumptions!$I28>=S$7, Assumptions!$I28<=S$8), AND( Assumptions!$I28<S$7, MOD(INT((S$7-(Assumptions!$I28-WEEKDAY(Assumptions!$I28,2)+1))/7),3)=0 ) ), "Yes","No"), IF( Assumptions!$F28="Quarterly", IF( OR( AND( ISNUMBER(MATCH(MONTH(S$7),IF(Assumptions!$H28="Jan / Apr / Jul / Oct",{1,4,7,10},IF(Assumptions!$H28="Feb / May / Aug / Nov",{2,5,8,11},{3,6,9,12})),0)), DATE(YEAR(S$7),MONTH(S$7),Assumptions!$G28)>=S$7, DATE(YEAR(S$7),MONTH(S$7),Assumptions!$G28)<=S$8 ), AND( ISNUMBER(MATCH(MONTH(S$8),IF(Assumptions!$H28="Jan / Apr / Jul / Oct",{1,4,7,10},IF(Assumptions!$H28="Feb / May / Aug / Nov",{2,5,8,11},{3,6,9,12})),0)), DATE(YEAR(S$8),MONTH(S$8),Assumptions!$G28)>=S$7, DATE(YEAR(S$8),MONTH(S$8),Assumptions!$G28)<=S$8 ) ), "Yes","No"), "No") ) ) ) ) ) ) ) ) ) -> No | T16: N/A
C17: =Assumptions!D29 -> 0 | G17: =IF( Assumptions!$K29="Off", "No", IF( Assumptions!$F29="I will phase manually", "No", IF( Assumptions!$F29="Last working day of month", IF( OR( AND(WORKDAY(DATE(YEAR(G$7),MONTH(G$7)+1,1),-1)>=G$7, WORKDAY(DATE(YEAR(G$7),MONTH(G$7)+1,1),-1)<=G$8), AND(WORKDAY(DATE(YEAR(G$8),MONTH(G$8)+1,1),-1)>=G$7, WORKDAY(DATE(YEAR(G$8),MONTH(G$8)+1,1),-1)<=G$8) ), "Yes","No"), IF( Assumptions!$F29="End of month", IF( OR( AND(EOMONTH(G$7,0)>=G$7, EOMONTH(G$7,0)<=G$8), AND(EOMONTH(G$8,0)>=G$7, EOMONTH(G$8,0)<=G$8) ), "Yes","No"), IF( Assumptions!$F29="Specific day of month", IF( OR( AND(DATE(YEAR(G$7),MONTH(G$7),Assumptions!$G29)>=G$7, DATE(YEAR(G$7),MONTH(G$7),Assumptions!$G29)<=G$8), AND(DATE(YEAR(G$8),MONTH(G$8),Assumptions!$G29)>=G$7, DATE(YEAR(G$8),MONTH(G$8),Assumptions!$G29)<=G$8) ), "Yes","No"), IF( Assumptions!$F29="Last X day of month", IF( AND( WEEKDAY(G$7,2)<=MATCH(Assumptions!$J29,{"Monday","Tuesday","Wednesday","Thursday","Friday"},0), WEEKDAY(G$8,2)>=MATCH(Assumptions!$J29,{"Monday","Tuesday","Wednesday","Thursday","Friday"},0), (G$7+(MATCH(Assumptions!$J29,{"Monday","Tuesday","Wednesday","Thursday","Friday"},0)-WEEKDAY(G$7,2)))+7>EOMONTH((G$7+(MATCH(Assumptions!$J29,{"Monday","Tuesday","Wednesday","Thursday","Friday"},0)-WEEKDAY(G$7,2))),0) ), "Yes","No"), IF( Assumptions!$F29="Weekly", IF( AND( WEEKDAY(G$7,2)<=MATCH(Assumptions!$J29,{"Monday","Tuesday","Wednesday","Thursday","Friday"},0), WEEKDAY(G$8,2)>=MATCH(Assumptions!$J29,{"Monday","Tuesday","Wednesday","Thursday","Friday"},0) ), "Yes","No"), IF( Assumptions!$F29="Every 2 weeks", IF( OR( AND(Assumptions!$I29>=G$7, Assumptions!$I29<=G$8), AND( Assumptions!$I29<G$7, MOD(INT((G$7-(Assumptions!$I29-WEEKDAY(Assumptions!$I29,2)+1))/7),2)=0 ) ), "Yes","No"), IF( Assumptions!$F29="Every 3 weeks", IF( OR( AND(Assumptions!$I29>=G$7, Assumptions!$I29<=G$8), AND( Assumptions!$I29<G$7, MOD(INT((G$7-(Assumptions!$I29-WEEKDAY(Assumptions!$I29,2)+1))/7),3)=0 ) ), "Yes","No"), IF( Assumptions!$F29="Quarterly", IF( OR( AND( ISNUMBER(MATCH(MONTH(G$7),IF(Assumptions!$H29="Jan / Apr / Jul / Oct",{1,4,7,10},IF(Assumptions!$H29="Feb / May / Aug / Nov",{2,5,8,11},{3,6,9,12})),0)), DATE(YEAR(G$7),MONTH(G$7),Assumptions!$G29)>=G$7, DATE(YEAR(G$7),MONTH(G$7),Assumptions!$G29)<=G$8 ), AND( ISNUMBER(MATCH(MONTH(G$8),IF(Assumptions!$H29="Jan / Apr / Jul / Oct",{1,4,7,10},IF(Assumptions!$H29="Feb / May / Aug / Nov",{2,5,8,11},{3,6,9,12})),0)), DATE(YEAR(G$8),MONTH(G$8),Assumptions!$G29)>=G$7, DATE(YEAR(G$8),MONTH(G$8),Assumptions!$G29)<=G$8 ) ), "Yes","No"), "No") ) ) ) ) ) ) ) ) ) -> No | H17: =IF( Assumptions!$K29="Off", "No", IF( Assumptions!$F29="I will phase manually", "No", IF( Assumptions!$F29="Last working day of month", IF( OR( AND(WORKDAY(DATE(YEAR(H$7),MONTH(H$7)+1,1),-1)>=H$7, WORKDAY(DATE(YEAR(H$7),MONTH(H$7)+1,1),-1)<=H$8), AND(WORKDAY(DATE(YEAR(H$8),MONTH(H$8)+1,1),-1)>=H$7, WORKDAY(DATE(YEAR(H$8),MONTH(H$8)+1,1),-1)<=H$8) ), "Yes","No"), IF( Assumptions!$F29="End of month", IF( OR( AND(EOMONTH(H$7,0)>=H$7, EOMONTH(H$7,0)<=H$8), AND(EOMONTH(H$8,0)>=H$7, EOMONTH(H$8,0)<=H$8) ), "Yes","No"), IF( Assumptions!$F29="Specific day of month", IF( OR( AND(DATE(YEAR(H$7),MONTH(H$7),Assumptions!$G29)>=H$7, DATE(YEAR(H$7),MONTH(H$7),Assumptions!$G29)<=H$8), AND(DATE(YEAR(H$8),MONTH(H$8),Assumptions!$G29)>=H$7, DATE(YEAR(H$8),MONTH(H$8),Assumptions!$G29)<=H$8) ), "Yes","No"), IF( Assumptions!$F29="Last X day of month", IF( AND( WEEKDAY(H$7,2)<=MATCH(Assumptions!$J29,{"Monday","Tuesday","Wednesday","Thursday","Friday"},0), WEEKDAY(H$8,2)>=MATCH(Assumptions!$J29,{"Monday","Tuesday","Wednesday","Thursday","Friday"},0), (H$7+(MATCH(Assumptions!$J29,{"Monday","Tuesday","Wednesday","Thursday","Friday"},0)-WEEKDAY(H$7,2)))+7>EOMONTH((H$7+(MATCH(Assumptions!$J29,{"Monday","Tuesday","Wednesday","Thursday","Friday"},0)-WEEKDAY(H$7,2))),0) ), "Yes","No"), IF( Assumptions!$F29="Weekly", IF( AND( WEEKDAY(H$7,2)<=MATCH(Assumptions!$J29,{"Monday","Tuesday","Wednesday","Thursday","Friday"},0), WEEKDAY(H$8,2)>=MATCH(Assumptions!$J29,{"Monday","Tuesday","Wednesday","Thursday","Friday"},0) ), "Yes","No"), IF( Assumptions!$F29="Every 2 weeks", IF( OR( AND(Assumptions!$I29>=H$7, Assumptions!$I29<=H$8), AND( Assumptions!$I29<H$7, MOD(INT((H$7-(Assumptions!$I29-WEEKDAY(Assumptions!$I29,2)+1))/7),2)=0 ) ), "Yes","No"), IF( Assumptions!$F29="Every 3 weeks", IF( OR( AND(Assumptions!$I29>=H$7, Assumptions!$I29<=H$8), AND( Assumptions!$I29<H$7, MOD(INT((H$7-(Assumptions!$I29-WEEKDAY(Assumptions!$I29,2)+1))/7),3)=0 ) ), "Yes","No"), IF( Assumptions!$F29="Quarterly", IF( OR( AND( ISNUMBER(MATCH(MONTH(H$7),IF(Assumptions!$H29="Jan / Apr / Jul / Oct",{1,4,7,10},IF(Assumptions!$H29="Feb / May / Aug / Nov",{2,5,8,11},{3,6,9,12})),0)), DATE(YEAR(H$7),MONTH(H$7),Assumptions!$G29)>=H$7, DATE(YEAR(H$7),MONTH(H$7),Assumptions!$G29)<=H$8 ), AND( ISNUMBER(MATCH(MONTH(H$8),IF(Assumptions!$H29="Jan / Apr / Jul / Oct",{1,4,7,10},IF(Assumptions!$H29="Feb / May / Aug / Nov",{2,5,8,11},{3,6,9,12})),0)), DATE(YEAR(H$8),MONTH(H$8),Assumptions!$G29)>=H$7, DATE(YEAR(H$8),MONTH(H$8),Assumptions!$G29)<=H$8 ) ), "Yes","No"), "No") ) ) ) ) ) ) ) ) ) -> No | I17: =IF( Assumptions!$K29="Off", "No", IF( Assumptions!$F29="I will phase manually", "No", IF( Assumptions!$F29="Last working day of month", IF( OR( AND(WORKDAY(DATE(YEAR(I$7),MONTH(I$7)+1,1),-1)>=I$7, WORKDAY(DATE(YEAR(I$7),MONTH(I$7)+1,1),-1)<=I$8), AND(WORKDAY(DATE(YEAR(I$8),MONTH(I$8)+1,1),-1)>=I$7, WORKDAY(DATE(YEAR(I$8),MONTH(I$8)+1,1),-1)<=I$8) ), "Yes","No"), IF( Assumptions!$F29="End of month", IF( OR( AND(EOMONTH(I$7,0)>=I$7, EOMONTH(I$7,0)<=I$8), AND(EOMONTH(I$8,0)>=I$7, EOMONTH(I$8,0)<=I$8) ), "Yes","No"), IF( Assumptions!$F29="Specific day of month", IF( OR( AND(DATE(YEAR(I$7),MONTH(I$7),Assumptions!$G29)>=I$7, DATE(YEAR(I$7),MONTH(I$7),Assumptions!$G29)<=I$8), AND(DATE(YEAR(I$8),MONTH(I$8),Assumptions!$G29)>=I$7, DATE(YEAR(I$8),MONTH(I$8),Assumptions!$G29)<=I$8) ), "Yes","No"), IF( Assumptions!$F29="Last X day of month", IF( AND( WEEKDAY(I$7,2)<=MATCH(Assumptions!$J29,{"Monday","Tuesday","Wednesday","Thursday","Friday"},0), WEEKDAY(I$8,2)>=MATCH(Assumptions!$J29,{"Monday","Tuesday","Wednesday","Thursday","Friday"},0), (I$7+(MATCH(Assumptions!$J29,{"Monday","Tuesday","Wednesday","Thursday","Friday"},0)-WEEKDAY(I$7,2)))+7>EOMONTH((I$7+(MATCH(Assumptions!$J29,{"Monday","Tuesday","Wednesday","Thursday","Friday"},0)-WEEKDAY(I$7,2))),0) ), "Yes","No"), IF( Assumptions!$F29="Weekly", IF( AND( WEEKDAY(I$7,2)<=MATCH(Assumptions!$J29,{"Monday","Tuesday","Wednesday","Thursday","Friday"},0), WEEKDAY(I$8,2)>=MATCH(Assumptions!$J29,{"Monday","Tuesday","Wednesday","Thursday","Friday"},0) ), "Yes","No"), IF( Assumptions!$F29="Every 2 weeks", IF( OR( AND(Assumptions!$I29>=I$7, Assumptions!$I29<=I$8), AND( Assumptions!$I29<I$7, MOD(INT((I$7-(Assumptions!$I29-WEEKDAY(Assumptions!$I29,2)+1))/7),2)=0 ) ), "Yes","No"), IF( Assumptions!$F29="Every 3 weeks", IF( OR( AND(Assumptions!$I29>=I$7, Assumptions!$I29<=I$8), AND( Assumptions!$I29<I$7, MOD(INT((I$7-(Assumptions!$I29-WEEKDAY(Assumptions!$I29,2)+1))/7),3)=0 ) ), "Yes","No"), IF( Assumptions!$F29="Quarterly", IF( OR( AND( ISNUMBER(MATCH(MONTH(I$7),IF(Assumptions!$H29="Jan / Apr / Jul / Oct",{1,4,7,10},IF(Assumptions!$H29="Feb / May / Aug / Nov",{2,5,8,11},{3,6,9,12})),0)), DATE(YEAR(I$7),MONTH(I$7),Assumptions!$G29)>=I$7, DATE(YEAR(I$7),MONTH(I$7),Assumptions!$G29)<=I$8 ), AND( ISNUMBER(MATCH(MONTH(I$8),IF(Assumptions!$H29="Jan / Apr / Jul / Oct",{1,4,7,10},IF(Assumptions!$H29="Feb / May / Aug / Nov",{2,5,8,11},{3,6,9,12})),0)), DATE(YEAR(I$8),MONTH(I$8),Assumptions!$G29)>=I$7, DATE(YEAR(I$8),MONTH(I$8),Assumptions!$G29)<=I$8 ) ), "Yes","No"), "No") ) ) ) ) ) ) ) ) ) -> No | J17: =IF( Assumptions!$K29="Off", "No", IF( Assumptions!$F29="I will phase manually", "No", IF( Assumptions!$F29="Last working day of month", IF( OR( AND(WORKDAY(DATE(YEAR(J$7),MONTH(J$7)+1,1),-1)>=J$7, WORKDAY(DATE(YEAR(J$7),MONTH(J$7)+1,1),-1)<=J$8), AND(WORKDAY(DATE(YEAR(J$8),MONTH(J$8)+1,1),-1)>=J$7, WORKDAY(DATE(YEAR(J$8),MONTH(J$8)+1,1),-1)<=J$8) ), "Yes","No"), IF( Assumptions!$F29="End of month", IF( OR( AND(EOMONTH(J$7,0)>=J$7, EOMONTH(J$7,0)<=J$8), AND(EOMONTH(J$8,0)>=J$7, EOMONTH(J$8,0)<=J$8) ), "Yes","No"), IF( Assumptions!$F29="Specific day of month", IF( OR( AND(DATE(YEAR(J$7),MONTH(J$7),Assumptions!$G29)>=J$7, DATE(YEAR(J$7),MONTH(J$7),Assumptions!$G29)<=J$8), AND(DATE(YEAR(J$8),MONTH(J$8),Assumptions!$G29)>=J$7, DATE(YEAR(J$8),MONTH(J$8),Assumptions!$G29)<=J$8) ), "Yes","No"), IF( Assumptions!$F29="Last X day of month", IF( AND( WEEKDAY(J$7,2)<=MATCH(Assumptions!$J29,{"Monday","Tuesday","Wednesday","Thursday","Friday"},0), WEEKDAY(J$8,2)>=MATCH(Assumptions!$J29,{"Monday","Tuesday","Wednesday","Thursday","Friday"},0), (J$7+(MATCH(Assumptions!$J29,{"Monday","Tuesday","Wednesday","Thursday","Friday"},0)-WEEKDAY(J$7,2)))+7>EOMONTH((J$7+(MATCH(Assumptions!$J29,{"Monday","Tuesday","Wednesday","Thursday","Friday"},0)-WEEKDAY(J$7,2))),0) ), "Yes","No"), IF( Assumptions!$F29="Weekly", IF( AND( WEEKDAY(J$7,2)<=MATCH(Assumptions!$J29,{"Monday","Tuesday","Wednesday","Thursday","Friday"},0), WEEKDAY(J$8,2)>=MATCH(Assumptions!$J29,{"Monday","Tuesday","Wednesday","Thursday","Friday"},0) ), "Yes","No"), IF( Assumptions!$F29="Every 2 weeks", IF( OR( AND(Assumptions!$I29>=J$7, Assumptions!$I29<=J$8), AND( Assumptions!$I29<J$7, MOD(INT((J$7-(Assumptions!$I29-WEEKDAY(Assumptions!$I29,2)+1))/7),2)=0 ) ), "Yes","No"), IF( Assumptions!$F29="Every 3 weeks", IF( OR( AND(Assumptions!$I29>=J$7, Assumptions!$I29<=J$8), AND( Assumptions!$I29<J$7, MOD(INT((J$7-(Assumptions!$I29-WEEKDAY(Assumptions!$I29,2)+1))/7),3)=0 ) ), "Yes","No"), IF( Assumptions!$F29="Quarterly", IF( OR( AND( ISNUMBER(MATCH(MONTH(J$7),IF(Assumptions!$H29="Jan / Apr / Jul / Oct",{1,4,7,10},IF(Assumptions!$H29="Feb / May / Aug / Nov",{2,5,8,11},{3,6,9,12})),0)), DATE(YEAR(J$7),MONTH(J$7),Assumptions!$G29)>=J$7, DATE(YEAR(J$7),MONTH(J$7),Assumptions!$G29)<=J$8 ), AND( ISNUMBER(MATCH(MONTH(J$8),IF(Assumptions!$H29="Jan / Apr / Jul / Oct",{1,4,7,10},IF(Assumptions!$H29="Feb / May / Aug / Nov",{2,5,8,11},{3,6,9,12})),0)), DATE(YEAR(J$8),MONTH(J$8),Assumptions!$G29)>=J$7, DATE(YEAR(J$8),MONTH(J$8),Assumptions!$G29)<=J$8 ) ), "Yes","No"), "No") ) ) ) ) ) ) ) ) ) -> No | K17: =IF( Assumptions!$K29="Off", "No", IF( Assumptions!$F29="I will phase manually", "No", IF( Assumptions!$F29="Last working day of month", IF( OR( AND(WORKDAY(DATE(YEAR(K$7),MONTH(K$7)+1,1),-1)>=K$7, WORKDAY(DATE(YEAR(K$7),MONTH(K$7)+1,1),-1)<=K$8), AND(WORKDAY(DATE(YEAR(K$8),MONTH(K$8)+1,1),-1)>=K$7, WORKDAY(DATE(YEAR(K$8),MONTH(K$8)+1,1),-1)<=K$8) ), "Yes","No"), IF( Assumptions!$F29="End of month", IF( OR( AND(EOMONTH(K$7,0)>=K$7, EOMONTH(K$7,0)<=K$8), AND(EOMONTH(K$8,0)>=K$7, EOMONTH(K$8,0)<=K$8) ), "Yes","No"), IF( Assumptions!$F29="Specific day of month", IF( OR( AND(DATE(YEAR(K$7),MONTH(K$7),Assumptions!$G29)>=K$7, DATE(YEAR(K$7),MONTH(K$7),Assumptions!$G29)<=K$8), AND(DATE(YEAR(K$8),MONTH(K$8),Assumptions!$G29)>=K$7, DATE(YEAR(K$8),MONTH(K$8),Assumptions!$G29)<=K$8) ), "Yes","No"), IF( Assumptions!$F29="Last X day of month", IF( AND( WEEKDAY(K$7,2)<=MATCH(Assumptions!$J29,{"Monday","Tuesday","Wednesday","Thursday","Friday"},0), WEEKDAY(K$8,2)>=MATCH(Assumptions!$J29,{"Monday","Tuesday","Wednesday","Thursday","Friday"},0), (K$7+(MATCH(Assumptions!$J29,{"Monday","Tuesday","Wednesday","Thursday","Friday"},0)-WEEKDAY(K$7,2)))+7>EOMONTH((K$7+(MATCH(Assumptions!$J29,{"Monday","Tuesday","Wednesday","Thursday","Friday"},0)-WEEKDAY(K$7,2))),0) ), "Yes","No"), IF( Assumptions!$F29="Weekly", IF( AND( WEEKDAY(K$7,2)<=MATCH(Assumptions!$J29,{"Monday","Tuesday","Wednesday","Thursday","Friday"},0), WEEKDAY(K$8,2)>=MATCH(Assumptions!$J29,{"Monday","Tuesday","Wednesday","Thursday","Friday"},0) ), "Yes","No"), IF( Assumptions!$F29="Every 2 weeks", IF( OR( AND(Assumptions!$I29>=K$7, Assumptions!$I29<=K$8), AND( Assumptions!$I29<K$7, MOD(INT((K$7-(Assumptions!$I29-WEEKDAY(Assumptions!$I29,2)+1))/7),2)=0 ) ), "Yes","No"), IF( Assumptions!$F29="Every 3 weeks", IF( OR( AND(Assumptions!$I29>=K$7, Assumptions!$I29<=K$8), AND( Assumptions!$I29<K$7, MOD(INT((K$7-(Assumptions!$I29-WEEKDAY(Assumptions!$I29,2)+1))/7),3)=0 ) ), "Yes","No"), IF( Assumptions!$F29="Quarterly", IF( OR( AND( ISNUMBER(MATCH(MONTH(K$7),IF(Assumptions!$H29="Jan / Apr / Jul / Oct",{1,4,7,10},IF(Assumptions!$H29="Feb / May / Aug / Nov",{2,5,8,11},{3,6,9,12})),0)), DATE(YEAR(K$7),MONTH(K$7),Assumptions!$G29)>=K$7, DATE(YEAR(K$7),MONTH(K$7),Assumptions!$G29)<=K$8 ), AND( ISNUMBER(MATCH(MONTH(K$8),IF(Assumptions!$H29="Jan / Apr / Jul / Oct",{1,4,7,10},IF(Assumptions!$H29="Feb / May / Aug / Nov",{2,5,8,11},{3,6,9,12})),0)), DATE(YEAR(K$8),MONTH(K$8),Assumptions!$G29)>=K$7, DATE(YEAR(K$8),MONTH(K$8),Assumptions!$G29)<=K$8 ) ), "Yes","No"), "No") ) ) ) ) ) ) ) ) ) -> No | L17: =IF( Assumptions!$K29="Off", "No", IF( Assumptions!$F29="I will phase manually", "No", IF( Assumptions!$F29="Last working day of month", IF( OR( AND(WORKDAY(DATE(YEAR(L$7),MONTH(L$7)+1,1),-1)>=L$7, WORKDAY(DATE(YEAR(L$7),MONTH(L$7)+1,1),-1)<=L$8), AND(WORKDAY(DATE(YEAR(L$8),MONTH(L$8)+1,1),-1)>=L$7, WORKDAY(DATE(YEAR(L$8),MONTH(L$8)+1,1),-1)<=L$8) ), "Yes","No"), IF( Assumptions!$F29="End of month", IF( OR( AND(EOMONTH(L$7,0)>=L$7, EOMONTH(L$7,0)<=L$8), AND(EOMONTH(L$8,0)>=L$7, EOMONTH(L$8,0)<=L$8) ), "Yes","No"), IF( Assumptions!$F29="Specific day of month", IF( OR( AND(DATE(YEAR(L$7),MONTH(L$7),Assumptions!$G29)>=L$7, DATE(YEAR(L$7),MONTH(L$7),Assumptions!$G29)<=L$8), AND(DATE(YEAR(L$8),MONTH(L$8),Assumptions!$G29)>=L$7, DATE(YEAR(L$8),MONTH(L$8),Assumptions!$G29)<=L$8) ), "Yes","No"), IF( Assumptions!$F29="Last X day of month", IF( AND( WEEKDAY(L$7,2)<=MATCH(Assumptions!$J29,{"Monday","Tuesday","Wednesday","Thursday","Friday"},0), WEEKDAY(L$8,2)>=MATCH(Assumptions!$J29,{"Monday","Tuesday","Wednesday","Thursday","Friday"},0), (L$7+(MATCH(Assumptions!$J29,{"Monday","Tuesday","Wednesday","Thursday","Friday"},0)-WEEKDAY(L$7,2)))+7>EOMONTH((L$7+(MATCH(Assumptions!$J29,{"Monday","Tuesday","Wednesday","Thursday","Friday"},0)-WEEKDAY(L$7,2))),0) ), "Yes","No"), IF( Assumptions!$F29="Weekly", IF( AND( WEEKDAY(L$7,2)<=MATCH(Assumptions!$J29,{"Monday","Tuesday","Wednesday","Thursday","Friday"},0), WEEKDAY(L$8,2)>=MATCH(Assumptions!$J29,{"Monday","Tuesday","Wednesday","Thursday","Friday"},0) ), "Yes","No"), IF( Assumptions!$F29="Every 2 weeks", IF( OR( AND(Assumptions!$I29>=L$7, Assumptions!$I29<=L$8), AND( Assumptions!$I29<L$7, MOD(INT((L$7-(Assumptions!$I29-WEEKDAY(Assumptions!$I29,2)+1))/7),2)=0 ) ), "Yes","No"), IF( Assumptions!$F29="Every 3 weeks", IF( OR( AND(Assumptions!$I29>=L$7, Assumptions!$I29<=L$8), AND( Assumptions!$I29<L$7, MOD(INT((L$7-(Assumptions!$I29-WEEKDAY(Assumptions!$I29,2)+1))/7),3)=0 ) ), "Yes","No"), IF( Assumptions!$F29="Quarterly", IF( OR( AND( ISNUMBER(MATCH(MONTH(L$7),IF(Assumptions!$H29="Jan / Apr / Jul / Oct",{1,4,7,10},IF(Assumptions!$H29="Feb / May / Aug / Nov",{2,5,8,11},{3,6,9,12})),0)), DATE(YEAR(L$7),MONTH(L$7),Assumptions!$G29)>=L$7, DATE(YEAR(L$7),MONTH(L$7),Assumptions!$G29)<=L$8 ), AND( ISNUMBER(MATCH(MONTH(L$8),IF(Assumptions!$H29="Jan / Apr / Jul / Oct",{1,4,7,10},IF(Assumptions!$H29="Feb / May / Aug / Nov",{2,5,8,11},{3,6,9,12})),0)), DATE(YEAR(L$8),MONTH(L$8),Assumptions!$G29)>=L$7, DATE(YEAR(L$8),MONTH(L$8),Assumptions!$G29)<=L$8 ) ), "Yes","No"), "No") ) ) ) ) ) ) ) ) ) -> No | M17: =IF( Assumptions!$K29="Off", "No", IF( Assumptions!$F29="I will phase manually", "No", IF( Assumptions!$F29="Last working day of month", IF( OR( AND(WORKDAY(DATE(YEAR(M$7),MONTH(M$7)+1,1),-1)>=M$7, WORKDAY(DATE(YEAR(M$7),MONTH(M$7)+1,1),-1)<=M$8), AND(WORKDAY(DATE(YEAR(M$8),MONTH(M$8)+1,1),-1)>=M$7, WORKDAY(DATE(YEAR(M$8),MONTH(M$8)+1,1),-1)<=M$8) ), "Yes","No"), IF( Assumptions!$F29="End of month", IF( OR( AND(EOMONTH(M$7,0)>=M$7, EOMONTH(M$7,0)<=M$8), AND(EOMONTH(M$8,0)>=M$7, EOMONTH(M$8,0)<=M$8) ), "Yes","No"), IF( Assumptions!$F29="Specific day of month", IF( OR( AND(DATE(YEAR(M$7),MONTH(M$7),Assumptions!$G29)>=M$7, DATE(YEAR(M$7),MONTH(M$7),Assumptions!$G29)<=M$8), AND(DATE(YEAR(M$8),MONTH(M$8),Assumptions!$G29)>=M$7, DATE(YEAR(M$8),MONTH(M$8),Assumptions!$G29)<=M$8) ), "Yes","No"), IF( Assumptions!$F29="Last X day of month", IF( AND( WEEKDAY(M$7,2)<=MATCH(Assumptions!$J29,{"Monday","Tuesday","Wednesday","Thursday","Friday"},0), WEEKDAY(M$8,2)>=MATCH(Assumptions!$J29,{"Monday","Tuesday","Wednesday","Thursday","Friday"},0), (M$7+(MATCH(Assumptions!$J29,{"Monday","Tuesday","Wednesday","Thursday","Friday"},0)-WEEKDAY(M$7,2)))+7>EOMONTH((M$7+(MATCH(Assumptions!$J29,{"Monday","Tuesday","Wednesday","Thursday","Friday"},0)-WEEKDAY(M$7,2))),0) ), "Yes","No"), IF( Assumptions!$F29="Weekly", IF( AND( WEEKDAY(M$7,2)<=MATCH(Assumptions!$J29,{"Monday","Tuesday","Wednesday","Thursday","Friday"},0), WEEKDAY(M$8,2)>=MATCH(Assumptions!$J29,{"Monday","Tuesday","Wednesday","Thursday","Friday"},0) ), "Yes","No"), IF( Assumptions!$F29="Every 2 weeks", IF( OR( AND(Assumptions!$I29>=M$7, Assumptions!$I29<=M$8), AND( Assumptions!$I29<M$7, MOD(INT((M$7-(Assumptions!$I29-WEEKDAY(Assumptions!$I29,2)+1))/7),2)=0 ) ), "Yes","No"), IF( Assumptions!$F29="Every 3 weeks", IF( OR( AND(Assumptions!$I29>=M$7, Assumptions!$I29<=M$8), AND( Assumptions!$I29<M$7, MOD(INT((M$7-(Assumptions!$I29-WEEKDAY(Assumptions!$I29,2)+1))/7),3)=0 ) ), "Yes","No"), IF( Assumptions!$F29="Quarterly", IF( OR( AND( ISNUMBER(MATCH(MONTH(M$7),IF(Assumptions!$H29="Jan / Apr / Jul / Oct",{1,4,7,10},IF(Assumptions!$H29="Feb / May / Aug / Nov",{2,5,8,11},{3,6,9,12})),0)), DATE(YEAR(M$7),MONTH(M$7),Assumptions!$G29)>=M$7, DATE(YEAR(M$7),MONTH(M$7),Assumptions!$G29)<=M$8 ), AND( ISNUMBER(MATCH(MONTH(M$8),IF(Assumptions!$H29="Jan / Apr / Jul / Oct",{1,4,7,10},IF(Assumptions!$H29="Feb / May / Aug / Nov",{2,5,8,11},{3,6,9,12})),0)), DATE(YEAR(M$8),MONTH(M$8),Assumptions!$G29)>=M$7, DATE(YEAR(M$8),MONTH(M$8),Assumptions!$G29)<=M$8 ) ), "Yes","No"), "No") ) ) ) ) ) ) ) ) ) -> No | N17: =IF( Assumptions!$K29="Off", "No", IF( Assumptions!$F29="I will phase manually", "No", IF( Assumptions!$F29="Last working day of month", IF( OR( AND(WORKDAY(DATE(YEAR(N$7),MONTH(N$7)+1,1),-1)>=N$7, WORKDAY(DATE(YEAR(N$7),MONTH(N$7)+1,1),-1)<=N$8), AND(WORKDAY(DATE(YEAR(N$8),MONTH(N$8)+1,1),-1)>=N$7, WORKDAY(DATE(YEAR(N$8),MONTH(N$8)+1,1),-1)<=N$8) ), "Yes","No"), IF( Assumptions!$F29="End of month", IF( OR( AND(EOMONTH(N$7,0)>=N$7, EOMONTH(N$7,0)<=N$8), AND(EOMONTH(N$8,0)>=N$7, EOMONTH(N$8,0)<=N$8) ), "Yes","No"), IF( Assumptions!$F29="Specific day of month", IF( OR( AND(DATE(YEAR(N$7),MONTH(N$7),Assumptions!$G29)>=N$7, DATE(YEAR(N$7),MONTH(N$7),Assumptions!$G29)<=N$8), AND(DATE(YEAR(N$8),MONTH(N$8),Assumptions!$G29)>=N$7, DATE(YEAR(N$8),MONTH(N$8),Assumptions!$G29)<=N$8) ), "Yes","No"), IF( Assumptions!$F29="Last X day of month", IF( AND( WEEKDAY(N$7,2)<=MATCH(Assumptions!$J29,{"Monday","Tuesday","Wednesday","Thursday","Friday"},0), WEEKDAY(N$8,2)>=MATCH(Assumptions!$J29,{"Monday","Tuesday","Wednesday","Thursday","Friday"},0), (N$7+(MATCH(Assumptions!$J29,{"Monday","Tuesday","Wednesday","Thursday","Friday"},0)-WEEKDAY(N$7,2)))+7>EOMONTH((N$7+(MATCH(Assumptions!$J29,{"Monday","Tuesday","Wednesday","Thursday","Friday"},0)-WEEKDAY(N$7,2))),0) ), "Yes","No"), IF( Assumptions!$F29="Weekly", IF( AND( WEEKDAY(N$7,2)<=MATCH(Assumptions!$J29,{"Monday","Tuesday","Wednesday","Thursday","Friday"},0), WEEKDAY(N$8,2)>=MATCH(Assumptions!$J29,{"Monday","Tuesday","Wednesday","Thursday","Friday"},0) ), "Yes","No"), IF( Assumptions!$F29="Every 2 weeks", IF( OR( AND(Assumptions!$I29>=N$7, Assumptions!$I29<=N$8), AND( Assumptions!$I29<N$7, MOD(INT((N$7-(Assumptions!$I29-WEEKDAY(Assumptions!$I29,2)+1))/7),2)=0 ) ), "Yes","No"), IF( Assumptions!$F29="Every 3 weeks", IF( OR( AND(Assumptions!$I29>=N$7, Assumptions!$I29<=N$8), AND( Assumptions!$I29<N$7, MOD(INT((N$7-(Assumptions!$I29-WEEKDAY(Assumptions!$I29,2)+1))/7),3)=0 ) ), "Yes","No"), IF( Assumptions!$F29="Quarterly", IF( OR( AND( ISNUMBER(MATCH(MONTH(N$7),IF(Assumptions!$H29="Jan / Apr / Jul / Oct",{1,4,7,10},IF(Assumptions!$H29="Feb / May / Aug / Nov",{2,5,8,11},{3,6,9,12})),0)), DATE(YEAR(N$7),MONTH(N$7),Assumptions!$G29)>=N$7, DATE(YEAR(N$7),MONTH(N$7),Assumptions!$G29)<=N$8 ), AND( ISNUMBER(MATCH(MONTH(N$8),IF(Assumptions!$H29="Jan / Apr / Jul / Oct",{1,4,7,10},IF(Assumptions!$H29="Feb / May / Aug / Nov",{2,5,8,11},{3,6,9,12})),0)), DATE(YEAR(N$8),MONTH(N$8),Assumptions!$G29)>=N$7, DATE(YEAR(N$8),MONTH(N$8),Assumptions!$G29)<=N$8 ) ), "Yes","No"), "No") ) ) ) ) ) ) ) ) ) -> No | ... S17: =IF( Assumptions!$K29="Off", "No", IF( Assumptions!$F29="I will phase manually", "No", IF( Assumptions!$F29="Last working day of month", IF( OR( AND(WORKDAY(DATE(YEAR(S$7),MONTH(S$7)+1,1),-1)>=S$7, WORKDAY(DATE(YEAR(S$7),MONTH(S$7)+1,1),-1)<=S$8), AND(WORKDAY(DATE(YEAR(S$8),MONTH(S$8)+1,1),-1)>=S$7, WORKDAY(DATE(YEAR(S$8),MONTH(S$8)+1,1),-1)<=S$8) ), "Yes","No"), IF( Assumptions!$F29="End of month", IF( OR( AND(EOMONTH(S$7,0)>=S$7, EOMONTH(S$7,0)<=S$8), AND(EOMONTH(S$8,0)>=S$7, EOMONTH(S$8,0)<=S$8) ), "Yes","No"), IF( Assumptions!$F29="Specific day of month", IF( OR( AND(DATE(YEAR(S$7),MONTH(S$7),Assumptions!$G29)>=S$7, DATE(YEAR(S$7),MONTH(S$7),Assumptions!$G29)<=S$8), AND(DATE(YEAR(S$8),MONTH(S$8),Assumptions!$G29)>=S$7, DATE(YEAR(S$8),MONTH(S$8),Assumptions!$G29)<=S$8) ), "Yes","No"), IF( Assumptions!$F29="Last X day of month", IF( AND( WEEKDAY(S$7,2)<=MATCH(Assumptions!$J29,{"Monday","Tuesday","Wednesday","Thursday","Friday"},0), WEEKDAY(S$8,2)>=MATCH(Assumptions!$J29,{"Monday","Tuesday","Wednesday","Thursday","Friday"},0), (S$7+(MATCH(Assumptions!$J29,{"Monday","Tuesday","Wednesday","Thursday","Friday"},0)-WEEKDAY(S$7,2)))+7>EOMONTH((S$7+(MATCH(Assumptions!$J29,{"Monday","Tuesday","Wednesday","Thursday","Friday"},0)-WEEKDAY(S$7,2))),0) ), "Yes","No"), IF( Assumptions!$F29="Weekly", IF( AND( WEEKDAY(S$7,2)<=MATCH(Assumptions!$J29,{"Monday","Tuesday","Wednesday","Thursday","Friday"},0), WEEKDAY(S$8,2)>=MATCH(Assumptions!$J29,{"Monday","Tuesday","Wednesday","Thursday","Friday"},0) ), "Yes","No"), IF( Assumptions!$F29="Every 2 weeks", IF( OR( AND(Assumptions!$I29>=S$7, Assumptions!$I29<=S$8), AND( Assumptions!$I29<S$7, MOD(INT((S$7-(Assumptions!$I29-WEEKDAY(Assumptions!$I29,2)+1))/7),2)=0 ) ), "Yes","No"), IF( Assumptions!$F29="Every 3 weeks", IF( OR( AND(Assumptions!$I29>=S$7, Assumptions!$I29<=S$8), AND( Assumptions!$I29<S$7, MOD(INT((S$7-(Assumptions!$I29-WEEKDAY(Assumptions!$I29,2)+1))/7),3)=0 ) ), "Yes","No"), IF( Assumptions!$F29="Quarterly", IF( OR( AND( ISNUMBER(MATCH(MONTH(S$7),IF(Assumptions!$H29="Jan / Apr / Jul / Oct",{1,4,7,10},IF(Assumptions!$H29="Feb / May / Aug / Nov",{2,5,8,11},{3,6,9,12})),0)), DATE(YEAR(S$7),MONTH(S$7),Assumptions!$G29)>=S$7, DATE(YEAR(S$7),MONTH(S$7),Assumptions!$G29)<=S$8 ), AND( ISNUMBER(MATCH(MONTH(S$8),IF(Assumptions!$H29="Jan / Apr / Jul / Oct",{1,4,7,10},IF(Assumptions!$H29="Feb / May / Aug / Nov",{2,5,8,11},{3,6,9,12})),0)), DATE(YEAR(S$8),MONTH(S$8),Assumptions!$G29)>=S$7, DATE(YEAR(S$8),MONTH(S$8),Assumptions!$G29)<=S$8 ) ), "Yes","No"), "No") ) ) ) ) ) ) ) ) ) -> No | T17: N/A
C18: =Assumptions!D30 -> 0 | G18: =IF( Assumptions!$K30="Off", "No", IF( Assumptions!$F30="I will phase manually", "No", IF( Assumptions!$F30="Last working day of month", IF( OR( AND(WORKDAY(DATE(YEAR(G$7),MONTH(G$7)+1,1),-1)>=G$7, WORKDAY(DATE(YEAR(G$7),MONTH(G$7)+1,1),-1)<=G$8), AND(WORKDAY(DATE(YEAR(G$8),MONTH(G$8)+1,1),-1)>=G$7, WORKDAY(DATE(YEAR(G$8),MONTH(G$8)+1,1),-1)<=G$8) ), "Yes","No"), IF( Assumptions!$F30="End of month", IF( OR( AND(EOMONTH(G$7,0)>=G$7, EOMONTH(G$7,0)<=G$8), AND(EOMONTH(G$8,0)>=G$7, EOMONTH(G$8,0)<=G$8) ), "Yes","No"), IF( Assumptions!$F30="Specific day of month", IF( OR( AND(DATE(YEAR(G$7),MONTH(G$7),Assumptions!$G30)>=G$7, DATE(YEAR(G$7),MONTH(G$7),Assumptions!$G30)<=G$8), AND(DATE(YEAR(G$8),MONTH(G$8),Assumptions!$G30)>=G$7, DATE(YEAR(G$8),MONTH(G$8),Assumptions!$G30)<=G$8) ), "Yes","No"), IF( Assumptions!$F30="Last X day of month", IF( AND( WEEKDAY(G$7,2)<=MATCH(Assumptions!$J30,{"Monday","Tuesday","Wednesday","Thursday","Friday"},0), WEEKDAY(G$8,2)>=MATCH(Assumptions!$J30,{"Monday","Tuesday","Wednesday","Thursday","Friday"},0), (G$7+(MATCH(Assumptions!$J30,{"Monday","Tuesday","Wednesday","Thursday","Friday"},0)-WEEKDAY(G$7,2)))+7>EOMONTH((G$7+(MATCH(Assumptions!$J30,{"Monday","Tuesday","Wednesday","Thursday","Friday"},0)-WEEKDAY(G$7,2))),0) ), "Yes","No"), IF( Assumptions!$F30="Weekly", IF( AND( WEEKDAY(G$7,2)<=MATCH(Assumptions!$J30,{"Monday","Tuesday","Wednesday","Thursday","Friday"},0), WEEKDAY(G$8,2)>=MATCH(Assumptions!$J30,{"Monday","Tuesday","Wednesday","Thursday","Friday"},0) ), "Yes","No"), IF( Assumptions!$F30="Every 2 weeks", IF( OR( AND(Assumptions!$I30>=G$7, Assumptions!$I30<=G$8), AND( Assumptions!$I30<G$7, MOD(INT((G$7-(Assumptions!$I30-WEEKDAY(Assumptions!$I30,2)+1))/7),2)=0 ) ), "Yes","No"), IF( Assumptions!$F30="Every 3 weeks", IF( OR( AND(Assumptions!$I30>=G$7, Assumptions!$I30<=G$8), AND( Assumptions!$I30<G$7, MOD(INT((G$7-(Assumptions!$I30-WEEKDAY(Assumptions!$I30,2)+1))/7),3)=0 ) ), "Yes","No"), IF( Assumptions!$F30="Quarterly", IF( OR( AND( ISNUMBER(MATCH(MONTH(G$7),IF(Assumptions!$H30="Jan / Apr / Jul / Oct",{1,4,7,10},IF(Assumptions!$H30="Feb / May / Aug / Nov",{2,5,8,11},{3,6,9,12})),0)), DATE(YEAR(G$7),MONTH(G$7),Assumptions!$G30)>=G$7, DATE(YEAR(G$7),MONTH(G$7),Assumptions!$G30)<=G$8 ), AND( ISNUMBER(MATCH(MONTH(G$8),IF(Assumptions!$H30="Jan / Apr / Jul / Oct",{1,4,7,10},IF(Assumptions!$H30="Feb / May / Aug / Nov",{2,5,8,11},{3,6,9,12})),0)), DATE(YEAR(G$8),MONTH(G$8),Assumptions!$G30)>=G$7, DATE(YEAR(G$8),MONTH(G$8),Assumptions!$G30)<=G$8 ) ), "Yes","No"), "No") ) ) ) ) ) ) ) ) ) -> No | H18: =IF( Assumptions!$K30="Off", "No", IF( Assumptions!$F30="I will phase manually", "No", IF( Assumptions!$F30="Last working day of month", IF( OR( AND(WORKDAY(DATE(YEAR(H$7),MONTH(H$7)+1,1),-1)>=H$7, WORKDAY(DATE(YEAR(H$7),MONTH(H$7)+1,1),-1)<=H$8), AND(WORKDAY(DATE(YEAR(H$8),MONTH(H$8)+1,1),-1)>=H$7, WORKDAY(DATE(YEAR(H$8),MONTH(H$8)+1,1),-1)<=H$8) ), "Yes","No"), IF( Assumptions!$F30="End of month", IF( OR( AND(EOMONTH(H$7,0)>=H$7, EOMONTH(H$7,0)<=H$8), AND(EOMONTH(H$8,0)>=H$7, EOMONTH(H$8,0)<=H$8) ), "Yes","No"), IF( Assumptions!$F30="Specific day of month", IF( OR( AND(DATE(YEAR(H$7),MONTH(H$7),Assumptions!$G30)>=H$7, DATE(YEAR(H$7),MONTH(H$7),Assumptions!$G30)<=H$8), AND(DATE(YEAR(H$8),MONTH(H$8),Assumptions!$G30)>=H$7, DATE(YEAR(H$8),MONTH(H$8),Assumptions!$G30)<=H$8) ), "Yes","No"), IF( Assumptions!$F30="Last X day of month", IF( AND( WEEKDAY(H$7,2)<=MATCH(Assumptions!$J30,{"Monday","Tuesday","Wednesday","Thursday","Friday"},0), WEEKDAY(H$8,2)>=MATCH(Assumptions!$J30,{"Monday","Tuesday","Wednesday","Thursday","Friday"},0), (H$7+(MATCH(Assumptions!$J30,{"Monday","Tuesday","Wednesday","Thursday","Friday"},0)-WEEKDAY(H$7,2)))+7>EOMONTH((H$7+(MATCH(Assumptions!$J30,{"Monday","Tuesday","Wednesday","Thursday","Friday"},0)-WEEKDAY(H$7,2))),0) ), "Yes","No"), IF( Assumptions!$F30="Weekly", IF( AND( WEEKDAY(H$7,2)<=MATCH(Assumptions!$J30,{"Monday","Tuesday","Wednesday","Thursday","Friday"},0), WEEKDAY(H$8,2)>=MATCH(Assumptions!$J30,{"Monday","Tuesday","Wednesday","Thursday","Friday"},0) ), "Yes","No"), IF( Assumptions!$F30="Every 2 weeks", IF( OR( AND(Assumptions!$I30>=H$7, Assumptions!$I30<=H$8), AND( Assumptions!$I30<H$7, MOD(INT((H$7-(Assumptions!$I30-WEEKDAY(Assumptions!$I30,2)+1))/7),2)=0 ) ), "Yes","No"), IF( Assumptions!$F30="Every 3 weeks", IF( OR( AND(Assumptions!$I30>=H$7, Assumptions!$I30<=H$8), AND( Assumptions!$I30<H$7, MOD(INT((H$7-(Assumptions!$I30-WEEKDAY(Assumptions!$I30,2)+1))/7),3)=0 ) ), "Yes","No"), IF( Assumptions!$F30="Quarterly", IF( OR( AND( ISNUMBER(MATCH(MONTH(H$7),IF(Assumptions!$H30="Jan / Apr / Jul / Oct",{1,4,7,10},IF(Assumptions!$H30="Feb / May / Aug / Nov",{2,5,8,11},{3,6,9,12})),0)), DATE(YEAR(H$7),MONTH(H$7),Assumptions!$G30)>=H$7, DATE(YEAR(H$7),MONTH(H$7),Assumptions!$G30)<=H$8 ), AND( ISNUMBER(MATCH(MONTH(H$8),IF(Assumptions!$H30="Jan / Apr / Jul / Oct",{1,4,7,10},IF(Assumptions!$H30="Feb / May / Aug / Nov",{2,5,8,11},{3,6,9,12})),0)), DATE(YEAR(H$8),MONTH(H$8),Assumptions!$G30)>=H$7, DATE(YEAR(H$8),MONTH(H$8),Assumptions!$G30)<=H$8 ) ), "Yes","No"), "No") ) ) ) ) ) ) ) ) ) -> No | I18: =IF( Assumptions!$K30="Off", "No", IF( Assumptions!$F30="I will phase manually", "No", IF( Assumptions!$F30="Last working day of month", IF( OR( AND(WORKDAY(DATE(YEAR(I$7),MONTH(I$7)+1,1),-1)>=I$7, WORKDAY(DATE(YEAR(I$7),MONTH(I$7)+1,1),-1)<=I$8), AND(WORKDAY(DATE(YEAR(I$8),MONTH(I$8)+1,1),-1)>=I$7, WORKDAY(DATE(YEAR(I$8),MONTH(I$8)+1,1),-1)<=I$8) ), "Yes","No"), IF( Assumptions!$F30="End of month", IF( OR( AND(EOMONTH(I$7,0)>=I$7, EOMONTH(I$7,0)<=I$8), AND(EOMONTH(I$8,0)>=I$7, EOMONTH(I$8,0)<=I$8) ), "Yes","No"), IF( Assumptions!$F30="Specific day of month", IF( OR( AND(DATE(YEAR(I$7),MONTH(I$7),Assumptions!$G30)>=I$7, DATE(YEAR(I$7),MONTH(I$7),Assumptions!$G30)<=I$8), AND(DATE(YEAR(I$8),MONTH(I$8),Assumptions!$G30)>=I$7, DATE(YEAR(I$8),MONTH(I$8),Assumptions!$G30)<=I$8) ), "Yes","No"), IF( Assumptions!$F30="Last X day of month", IF( AND( WEEKDAY(I$7,2)<=MATCH(Assumptions!$J30,{"Monday","Tuesday","Wednesday","Thursday","Friday"},0), WEEKDAY(I$8,2)>=MATCH(Assumptions!$J30,{"Monday","Tuesday","Wednesday","Thursday","Friday"},0), (I$7+(MATCH(Assumptions!$J30,{"Monday","Tuesday","Wednesday","Thursday","Friday"},0)-WEEKDAY(I$7,2)))+7>EOMONTH((I$7+(MATCH(Assumptions!$J30,{"Monday","Tuesday","Wednesday","Thursday","Friday"},0)-WEEKDAY(I$7,2))),0) ), "Yes","No"), IF( Assumptions!$F30="Weekly", IF( AND( WEEKDAY(I$7,2)<=MATCH(Assumptions!$J30,{"Monday","Tuesday","Wednesday","Thursday","Friday"},0), WEEKDAY(I$8,2)>=MATCH(Assumptions!$J30,{"Monday","Tuesday","Wednesday","Thursday","Friday"},0) ), "Yes","No"), IF( Assumptions!$F30="Every 2 weeks", IF( OR( AND(Assumptions!$I30>=I$7, Assumptions!$I30<=I$8), AND( Assumptions!$I30<I$7, MOD(INT((I$7-(Assumptions!$I30-WEEKDAY(Assumptions!$I30,2)+1))/7),2)=0 ) ), "Yes","No"), IF( Assumptions!$F30="Every 3 weeks", IF( OR( AND(Assumptions!$I30>=I$7, Assumptions!$I30<=I$8), AND( Assumptions!$I30<I$7, MOD(INT((I$7-(Assumptions!$I30-WEEKDAY(Assumptions!$I30,2)+1))/7),3)=0 ) ), "Yes","No"), IF( Assumptions!$F30="Quarterly", IF( OR( AND( ISNUMBER(MATCH(MONTH(I$7),IF(Assumptions!$H30="Jan / Apr / Jul / Oct",{1,4,7,10},IF(Assumptions!$H30="Feb / May / Aug / Nov",{2,5,8,11},{3,6,9,12})),0)), DATE(YEAR(I$7),MONTH(I$7),Assumptions!$G30)>=I$7, DATE(YEAR(I$7),MONTH(I$7),Assumptions!$G30)<=I$8 ), AND( ISNUMBER(MATCH(MONTH(I$8),IF(Assumptions!$H30="Jan / Apr / Jul / Oct",{1,4,7,10},IF(Assumptions!$H30="Feb / May / Aug / Nov",{2,5,8,11},{3,6,9,12})),0)), DATE(YEAR(I$8),MONTH(I$8),Assumptions!$G30)>=I$7, DATE(YEAR(I$8),MONTH(I$8),Assumptions!$G30)<=I$8 ) ), "Yes","No"), "No") ) ) ) ) ) ) ) ) ) -> No | J18: =IF( Assumptions!$K30="Off", "No", IF( Assumptions!$F30="I will phase manually", "No", IF( Assumptions!$F30="Last working day of month", IF( OR( AND(WORKDAY(DATE(YEAR(J$7),MONTH(J$7)+1,1),-1)>=J$7, WORKDAY(DATE(YEAR(J$7),MONTH(J$7)+1,1),-1)<=J$8), AND(WORKDAY(DATE(YEAR(J$8),MONTH(J$8)+1,1),-1)>=J$7, WORKDAY(DATE(YEAR(J$8),MONTH(J$8)+1,1),-1)<=J$8) ), "Yes","No"), IF( Assumptions!$F30="End of month", IF( OR( AND(EOMONTH(J$7,0)>=J$7, EOMONTH(J$7,0)<=J$8), AND(EOMONTH(J$8,0)>=J$7, EOMONTH(J$8,0)<=J$8) ), "Yes","No"), IF( Assumptions!$F30="Specific day of month", IF( OR( AND(DATE(YEAR(J$7),MONTH(J$7),Assumptions!$G30)>=J$7, DATE(YEAR(J$7),MONTH(J$7),Assumptions!$G30)<=J$8), AND(DATE(YEAR(J$8),MONTH(J$8),Assumptions!$G30)>=J$7, DATE(YEAR(J$8),MONTH(J$8),Assumptions!$G30)<=J$8) ), "Yes","No"), IF( Assumptions!$F30="Last X day of month", IF( AND( WEEKDAY(J$7,2)<=MATCH(Assumptions!$J30,{"Monday","Tuesday","Wednesday","Thursday","Friday"},0), WEEKDAY(J$8,2)>=MATCH(Assumptions!$J30,{"Monday","Tuesday","Wednesday","Thursday","Friday"},0), (J$7+(MATCH(Assumptions!$J30,{"Monday","Tuesday","Wednesday","Thursday","Friday"},0)-WEEKDAY(J$7,2)))+7>EOMONTH((J$7+(MATCH(Assumptions!$J30,{"Monday","Tuesday","Wednesday","Thursday","Friday"},0)-WEEKDAY(J$7,2))),0) ), "Yes","No"), IF( Assumptions!$F30="Weekly", IF( AND( WEEKDAY(J$7,2)<=MATCH(Assumptions!$J30,{"Monday","Tuesday","Wednesday","Thursday","Friday"},0), WEEKDAY(J$8,2)>=MATCH(Assumptions!$J30,{"Monday","Tuesday","Wednesday","Thursday","Friday"},0) ), "Yes","No"), IF( Assumptions!$F30="Every 2 weeks", IF( OR( AND(Assumptions!$I30>=J$7, Assumptions!$I30<=J$8), AND( Assumptions!$I30<J$7, MOD(INT((J$7-(Assumptions!$I30-WEEKDAY(Assumptions!$I30,2)+1))/7),2)=0 ) ), "Yes","No"), IF( Assumptions!$F30="Every 3 weeks", IF( OR( AND(Assumptions!$I30>=J$7, Assumptions!$I30<=J$8), AND( Assumptions!$I30<J$7, MOD(INT((J$7-(Assumptions!$I30-WEEKDAY(Assumptions!$I30,2)+1))/7),3)=0 ) ), "Yes","No"), IF( Assumptions!$F30="Quarterly", IF( OR( AND( ISNUMBER(MATCH(MONTH(J$7),IF(Assumptions!$H30="Jan / Apr / Jul / Oct",{1,4,7,10},IF(Assumptions!$H30="Feb / May / Aug / Nov",{2,5,8,11},{3,6,9,12})),0)), DATE(YEAR(J$7),MONTH(J$7),Assumptions!$G30)>=J$7, DATE(YEAR(J$7),MONTH(J$7),Assumptions!$G30)<=J$8 ), AND( ISNUMBER(MATCH(MONTH(J$8),IF(Assumptions!$H30="Jan / Apr / Jul / Oct",{1,4,7,10},IF(Assumptions!$H30="Feb / May / Aug / Nov",{2,5,8,11},{3,6,9,12})),0)), DATE(YEAR(J$8),MONTH(J$8),Assumptions!$G30)>=J$7, DATE(YEAR(J$8),MONTH(J$8),Assumptions!$G30)<=J$8 ) ), "Yes","No"), "No") ) ) ) ) ) ) ) ) ) -> No | K18: =IF( Assumptions!$K30="Off", "No", IF( Assumptions!$F30="I will phase manually", "No", IF( Assumptions!$F30="Last working day of month", IF( OR( AND(WORKDAY(DATE(YEAR(K$7),MONTH(K$7)+1,1),-1)>=K$7, WORKDAY(DATE(YEAR(K$7),MONTH(K$7)+1,1),-1)<=K$8), AND(WORKDAY(DATE(YEAR(K$8),MONTH(K$8)+1,1),-1)>=K$7, WORKDAY(DATE(YEAR(K$8),MONTH(K$8)+1,1),-1)<=K$8) ), "Yes","No"), IF( Assumptions!$F30="End of month", IF( OR( AND(EOMONTH(K$7,0)>=K$7, EOMONTH(K$7,0)<=K$8), AND(EOMONTH(K$8,0)>=K$7, EOMONTH(K$8,0)<=K$8) ), "Yes","No"), IF( Assumptions!$F30="Specific day of month", IF( OR( AND(DATE(YEAR(K$7),MONTH(K$7),Assumptions!$G30)>=K$7, DATE(YEAR(K$7),MONTH(K$7),Assumptions!$G30)<=K$8), AND(DATE(YEAR(K$8),MONTH(K$8),Assumptions!$G30)>=K$7, DATE(YEAR(K$8),MONTH(K$8),Assumptions!$G30)<=K$8) ), "Yes","No"), IF( Assumptions!$F30="Last X day of month", IF( AND( WEEKDAY(K$7,2)<=MATCH(Assumptions!$J30,{"Monday","Tuesday","Wednesday","Thursday","Friday"},0), WEEKDAY(K$8,2)>=MATCH(Assumptions!$J30,{"Monday","Tuesday","Wednesday","Thursday","Friday"},0), (K$7+(MATCH(Assumptions!$J30,{"Monday","Tuesday","Wednesday","Thursday","Friday"},0)-WEEKDAY(K$7,2)))+7>EOMONTH((K$7+(MATCH(Assumptions!$J30,{"Monday","Tuesday","Wednesday","Thursday","Friday"},0)-WEEKDAY(K$7,2))),0) ), "Yes","No"), IF( Assumptions!$F30="Weekly", IF( AND( WEEKDAY(K$7,2)<=MATCH(Assumptions!$J30,{"Monday","Tuesday","Wednesday","Thursday","Friday"},0), WEEKDAY(K$8,2)>=MATCH(Assumptions!$J30,{"Monday","Tuesday","Wednesday","Thursday","Friday"},0) ), "Yes","No"), IF( Assumptions!$F30="Every 2 weeks", IF( OR( AND(Assumptions!$I30>=K$7, Assumptions!$I30<=K$8), AND( Assumptions!$I30<K$7, MOD(INT((K$7-(Assumptions!$I30-WEEKDAY(Assumptions!$I30,2)+1))/7),2)=0 ) ), "Yes","No"), IF( Assumptions!$F30="Every 3 weeks", IF( OR( AND(Assumptions!$I30>=K$7, Assumptions!$I30<=K$8), AND( Assumptions!$I30<K$7, MOD(INT((K$7-(Assumptions!$I30-WEEKDAY(Assumptions!$I30,2)+1))/7),3)=0 ) ), "Yes","No"), IF( Assumptions!$F30="Quarterly", IF( OR( AND( ISNUMBER(MATCH(MONTH(K$7),IF(Assumptions!$H30="Jan / Apr / Jul / Oct",{1,4,7,10},IF(Assumptions!$H30="Feb / May / Aug / Nov",{2,5,8,11},{3,6,9,12})),0)), DATE(YEAR(K$7),MONTH(K$7),Assumptions!$G30)>=K$7, DATE(YEAR(K$7),MONTH(K$7),Assumptions!$G30)<=K$8 ), AND( ISNUMBER(MATCH(MONTH(K$8),IF(Assumptions!$H30="Jan / Apr / Jul / Oct",{1,4,7,10},IF(Assumptions!$H30="Feb / May / Aug / Nov",{2,5,8,11},{3,6,9,12})),0)), DATE(YEAR(K$8),MONTH(K$8),Assumptions!$G30)>=K$7, DATE(YEAR(K$8),MONTH(K$8),Assumptions!$G30)<=K$8 ) ), "Yes","No"), "No") ) ) ) ) ) ) ) ) ) -> No | L18: =IF( Assumptions!$K30="Off", "No", IF( Assumptions!$F30="I will phase manually", "No", IF( Assumptions!$F30="Last working day of month", IF( OR( AND(WORKDAY(DATE(YEAR(L$7),MONTH(L$7)+1,1),-1)>=L$7, WORKDAY(DATE(YEAR(L$7),MONTH(L$7)+1,1),-1)<=L$8), AND(WORKDAY(DATE(YEAR(L$8),MONTH(L$8)+1,1),-1)>=L$7, WORKDAY(DATE(YEAR(L$8),MONTH(L$8)+1,1),-1)<=L$8) ), "Yes","No"), IF( Assumptions!$F30="End of month", IF( OR( AND(EOMONTH(L$7,0)>=L$7, EOMONTH(L$7,0)<=L$8), AND(EOMONTH(L$8,0)>=L$7, EOMONTH(L$8,0)<=L$8) ), "Yes","No"), IF( Assumptions!$F30="Specific day of month", IF( OR( AND(DATE(YEAR(L$7),MONTH(L$7),Assumptions!$G30)>=L$7, DATE(YEAR(L$7),MONTH(L$7),Assumptions!$G30)<=L$8), AND(DATE(YEAR(L$8),MONTH(L$8),Assumptions!$G30)>=L$7, DATE(YEAR(L$8),MONTH(L$8),Assumptions!$G30)<=L$8) ), "Yes","No"), IF( Assumptions!$F30="Last X day of month", IF( AND( WEEKDAY(L$7,2)<=MATCH(Assumptions!$J30,{"Monday","Tuesday","Wednesday","Thursday","Friday"},0), WEEKDAY(L$8,2)>=MATCH(Assumptions!$J30,{"Monday","Tuesday","Wednesday","Thursday","Friday"},0), (L$7+(MATCH(Assumptions!$J30,{"Monday","Tuesday","Wednesday","Thursday","Friday"},0)-WEEKDAY(L$7,2)))+7>EOMONTH((L$7+(MATCH(Assumptions!$J30,{"Monday","Tuesday","Wednesday","Thursday","Friday"},0)-WEEKDAY(L$7,2))),0) ), "Yes","No"), IF( Assumptions!$F30="Weekly", IF( AND( WEEKDAY(L$7,2)<=MATCH(Assumptions!$J30,{"Monday","Tuesday","Wednesday","Thursday","Friday"},0), WEEKDAY(L$8,2)>=MATCH(Assumptions!$J30,{"Monday","Tuesday","Wednesday","Thursday","Friday"},0) ), "Yes","No"), IF( Assumptions!$F30="Every 2 weeks", IF( OR( AND(Assumptions!$I30>=L$7, Assumptions!$I30<=L$8), AND( Assumptions!$I30<L$7, MOD(INT((L$7-(Assumptions!$I30-WEEKDAY(Assumptions!$I30,2)+1))/7),2)=0 ) ), "Yes","No"), IF( Assumptions!$F30="Every 3 weeks", IF( OR( AND(Assumptions!$I30>=L$7, Assumptions!$I30<=L$8), AND( Assumptions!$I30<L$7, MOD(INT((L$7-(Assumptions!$I30-WEEKDAY(Assumptions!$I30,2)+1))/7),3)=0 ) ), "Yes","No"), IF( Assumptions!$F30="Quarterly", IF( OR( AND( ISNUMBER(MATCH(MONTH(L$7),IF(Assumptions!$H30="Jan / Apr / Jul / Oct",{1,4,7,10},IF(Assumptions!$H30="Feb / May / Aug / Nov",{2,5,8,11},{3,6,9,12})),0)), DATE(YEAR(L$7),MONTH(L$7),Assumptions!$G30)>=L$7, DATE(YEAR(L$7),MONTH(L$7),Assumptions!$G30)<=L$8 ), AND( ISNUMBER(MATCH(MONTH(L$8),IF(Assumptions!$H30="Jan / Apr / Jul / Oct",{1,4,7,10},IF(Assumptions!$H30="Feb / May / Aug / Nov",{2,5,8,11},{3,6,9,12})),0)), DATE(YEAR(L$8),MONTH(L$8),Assumptions!$G30)>=L$7, DATE(YEAR(L$8),MONTH(L$8),Assumptions!$G30)<=L$8 ) ), "Yes","No"), "No") ) ) ) ) ) ) ) ) ) -> No | M18: =IF( Assumptions!$K30="Off", "No", IF( Assumptions!$F30="I will phase manually", "No", IF( Assumptions!$F30="Last working day of month", IF( OR( AND(WORKDAY(DATE(YEAR(M$7),MONTH(M$7)+1,1),-1)>=M$7, WORKDAY(DATE(YEAR(M$7),MONTH(M$7)+1,1),-1)<=M$8), AND(WORKDAY(DATE(YEAR(M$8),MONTH(M$8)+1,1),-1)>=M$7, WORKDAY(DATE(YEAR(M$8),MONTH(M$8)+1,1),-1)<=M$8) ), "Yes","No"), IF( Assumptions!$F30="End of month", IF( OR( AND(EOMONTH(M$7,0)>=M$7, EOMONTH(M$7,0)<=M$8), AND(EOMONTH(M$8,0)>=M$7, EOMONTH(M$8,0)<=M$8) ), "Yes","No"), IF( Assumptions!$F30="Specific day of month", IF( OR( AND(DATE(YEAR(M$7),MONTH(M$7),Assumptions!$G30)>=M$7, DATE(YEAR(M$7),MONTH(M$7),Assumptions!$G30)<=M$8), AND(DATE(YEAR(M$8),MONTH(M$8),Assumptions!$G30)>=M$7, DATE(YEAR(M$8),MONTH(M$8),Assumptions!$G30)<=M$8) ), "Yes","No"), IF( Assumptions!$F30="Last X day of month", IF( AND( WEEKDAY(M$7,2)<=MATCH(Assumptions!$J30,{"Monday","Tuesday","Wednesday","Thursday","Friday"},0), WEEKDAY(M$8,2)>=MATCH(Assumptions!$J30,{"Monday","Tuesday","Wednesday","Thursday","Friday"},0), (M$7+(MATCH(Assumptions!$J30,{"Monday","Tuesday","Wednesday","Thursday","Friday"},0)-WEEKDAY(M$7,2)))+7>EOMONTH((M$7+(MATCH(Assumptions!$J30,{"Monday","Tuesday","Wednesday","Thursday","Friday"},0)-WEEKDAY(M$7,2))),0) ), "Yes","No"), IF( Assumptions!$F30="Weekly", IF( AND( WEEKDAY(M$7,2)<=MATCH(Assumptions!$J30,{"Monday","Tuesday","Wednesday","Thursday","Friday"},0), WEEKDAY(M$8,2)>=MATCH(Assumptions!$J30,{"Monday","Tuesday","Wednesday","Thursday","Friday"},0) ), "Yes","No"), IF( Assumptions!$F30="Every 2 weeks", IF( OR( AND(Assumptions!$I30>=M$7, Assumptions!$I30<=M$8), AND( Assumptions!$I30<M$7, MOD(INT((M$7-(Assumptions!$I30-WEEKDAY(Assumptions!$I30,2)+1))/7),2)=0 ) ), "Yes","No"), IF( Assumptions!$F30="Every 3 weeks", IF( OR( AND(Assumptions!$I30>=M$7, Assumptions!$I30<=M$8), AND( Assumptions!$I30<M$7, MOD(INT((M$7-(Assumptions!$I30-WEEKDAY(Assumptions!$I30,2)+1))/7),3)=0 ) ), "Yes","No"), IF( Assumptions!$F30="Quarterly", IF( OR( AND( ISNUMBER(MATCH(MONTH(M$7),IF(Assumptions!$H30="Jan / Apr / Jul / Oct",{1,4,7,10},IF(Assumptions!$H30="Feb / May / Aug / Nov",{2,5,8,11},{3,6,9,12})),0)), DATE(YEAR(M$7),MONTH(M$7),Assumptions!$G30)>=M$7, DATE(YEAR(M$7),MONTH(M$7),Assumptions!$G30)<=M$8 ), AND( ISNUMBER(MATCH(MONTH(M$8),IF(Assumptions!$H30="Jan / Apr / Jul / Oct",{1,4,7,10},IF(Assumptions!$H30="Feb / May / Aug / Nov",{2,5,8,11},{3,6,9,12})),0)), DATE(YEAR(M$8),MONTH(M$8),Assumptions!$G30)>=M$7, DATE(YEAR(M$8),MONTH(M$8),Assumptions!$G30)<=M$8 ) ), "Yes","No"), "No") ) ) ) ) ) ) ) ) ) -> No | N18: =IF( Assumptions!$K30="Off", "No", IF( Assumptions!$F30="I will phase manually", "No", IF( Assumptions!$F30="Last working day of month", IF( OR( AND(WORKDAY(DATE(YEAR(N$7),MONTH(N$7)+1,1),-1)>=N$7, WORKDAY(DATE(YEAR(N$7),MONTH(N$7)+1,1),-1)<=N$8), AND(WORKDAY(DATE(YEAR(N$8),MONTH(N$8)+1,1),-1)>=N$7, WORKDAY(DATE(YEAR(N$8),MONTH(N$8)+1,1),-1)<=N$8) ), "Yes","No"), IF( Assumptions!$F30="End of month", IF( OR( AND(EOMONTH(N$7,0)>=N$7, EOMONTH(N$7,0)<=N$8), AND(EOMONTH(N$8,0)>=N$7, EOMONTH(N$8,0)<=N$8) ), "Yes","No"), IF( Assumptions!$F30="Specific day of month", IF( OR( AND(DATE(YEAR(N$7),MONTH(N$7),Assumptions!$G30)>=N$7, DATE(YEAR(N$7),MONTH(N$7),Assumptions!$G30)<=N$8), AND(DATE(YEAR(N$8),MONTH(N$8),Assumptions!$G30)>=N$7, DATE(YEAR(N$8),MONTH(N$8),Assumptions!$G30)<=N$8) ), "Yes","No"), IF( Assumptions!$F30="Last X day of month", IF( AND( WEEKDAY(N$7,2)<=MATCH(Assumptions!$J30,{"Monday","Tuesday","Wednesday","Thursday","Friday"},0), WEEKDAY(N$8,2)>=MATCH(Assumptions!$J30,{"Monday","Tuesday","Wednesday","Thursday","Friday"},0), (N$7+(MATCH(Assumptions!$J30,{"Monday","Tuesday","Wednesday","Thursday","Friday"},0)-WEEKDAY(N$7,2)))+7>EOMONTH((N$7+(MATCH(Assumptions!$J30,{"Monday","Tuesday","Wednesday","Thursday","Friday"},0)-WEEKDAY(N$7,2))),0) ), "Yes","No"), IF( Assumptions!$F30="Weekly", IF( AND( WEEKDAY(N$7,2)<=MATCH(Assumptions!$J30,{"Monday","Tuesday","Wednesday","Thursday","Friday"},0), WEEKDAY(N$8,2)>=MATCH(Assumptions!$J30,{"Monday","Tuesday","Wednesday","Thursday","Friday"},0) ), "Yes","No"), IF( Assumptions!$F30="Every 2 weeks", IF( OR( AND(Assumptions!$I30>=N$7, Assumptions!$I30<=N$8), AND( Assumptions!$I30<N$7, MOD(INT((N$7-(Assumptions!$I30-WEEKDAY(Assumptions!$I30,2)+1))/7),2)=0 ) ), "Yes","No"), IF( Assumptions!$F30="Every 3 weeks", IF( OR( AND(Assumptions!$I30>=N$7, Assumptions!$I30<=N$8), AND( Assumptions!$I30<N$7, MOD(INT((N$7-(Assumptions!$I30-WEEKDAY(Assumptions!$I30,2)+1))/7),3)=0 ) ), "Yes","No"), IF( Assumptions!$F30="Quarterly", IF( OR( AND( ISNUMBER(MATCH(MONTH(N$7),IF(Assumptions!$H30="Jan / Apr / Jul / Oct",{1,4,7,10},IF(Assumptions!$H30="Feb / May / Aug / Nov",{2,5,8,11},{3,6,9,12})),0)), DATE(YEAR(N$7),MONTH(N$7),Assumptions!$G30)>=N$7, DATE(YEAR(N$7),MONTH(N$7),Assumptions!$G30)<=N$8 ), AND( ISNUMBER(MATCH(MONTH(N$8),IF(Assumptions!$H30="Jan / Apr / Jul / Oct",{1,4,7,10},IF(Assumptions!$H30="Feb / May / Aug / Nov",{2,5,8,11},{3,6,9,12})),0)), DATE(YEAR(N$8),MONTH(N$8),Assumptions!$G30)>=N$7, DATE(YEAR(N$8),MONTH(N$8),Assumptions!$G30)<=N$8 ) ), "Yes","No"), "No") ) ) ) ) ) ) ) ) ) -> No | ... S18: =IF( Assumptions!$K30="Off", "No", IF( Assumptions!$F30="I will phase manually", "No", IF( Assumptions!$F30="Last working day of month", IF( OR( AND(WORKDAY(DATE(YEAR(S$7),MONTH(S$7)+1,1),-1)>=S$7, WORKDAY(DATE(YEAR(S$7),MONTH(S$7)+1,1),-1)<=S$8), AND(WORKDAY(DATE(YEAR(S$8),MONTH(S$8)+1,1),-1)>=S$7, WORKDAY(DATE(YEAR(S$8),MONTH(S$8)+1,1),-1)<=S$8) ), "Yes","No"), IF( Assumptions!$F30="End of month", IF( OR( AND(EOMONTH(S$7,0)>=S$7, EOMONTH(S$7,0)<=S$8), AND(EOMONTH(S$8,0)>=S$7, EOMONTH(S$8,0)<=S$8) ), "Yes","No"), IF( Assumptions!$F30="Specific day of month", IF( OR( AND(DATE(YEAR(S$7),MONTH(S$7),Assumptions!$G30)>=S$7, DATE(YEAR(S$7),MONTH(S$7),Assumptions!$G30)<=S$8), AND(DATE(YEAR(S$8),MONTH(S$8),Assumptions!$G30)>=S$7, DATE(YEAR(S$8),MONTH(S$8),Assumptions!$G30)<=S$8) ), "Yes","No"), IF( Assumptions!$F30="Last X day of month", IF( AND( WEEKDAY(S$7,2)<=MATCH(Assumptions!$J30,{"Monday","Tuesday","Wednesday","Thursday","Friday"},0), WEEKDAY(S$8,2)>=MATCH(Assumptions!$J30,{"Monday","Tuesday","Wednesday","Thursday","Friday"},0), (S$7+(MATCH(Assumptions!$J30,{"Monday","Tuesday","Wednesday","Thursday","Friday"},0)-WEEKDAY(S$7,2)))+7>EOMONTH((S$7+(MATCH(Assumptions!$J30,{"Monday","Tuesday","Wednesday","Thursday","Friday"},0)-WEEKDAY(S$7,2))),0) ), "Yes","No"), IF( Assumptions!$F30="Weekly", IF( AND( WEEKDAY(S$7,2)<=MATCH(Assumptions!$J30,{"Monday","Tuesday","Wednesday","Thursday","Friday"},0), WEEKDAY(S$8,2)>=MATCH(Assumptions!$J30,{"Monday","Tuesday","Wednesday","Thursday","Friday"},0) ), "Yes","No"), IF( Assumptions!$F30="Every 2 weeks", IF( OR( AND(Assumptions!$I30>=S$7, Assumptions!$I30<=S$8), AND( Assumptions!$I30<S$7, MOD(INT((S$7-(Assumptions!$I30-WEEKDAY(Assumptions!$I30,2)+1))/7),2)=0 ) ), "Yes","No"), IF( Assumptions!$F30="Every 3 weeks", IF( OR( AND(Assumptions!$I30>=S$7, Assumptions!$I30<=S$8), AND( Assumptions!$I30<S$7, MOD(INT((S$7-(Assumptions!$I30-WEEKDAY(Assumptions!$I30,2)+1))/7),3)=0 ) ), "Yes","No"), IF( Assumptions!$F30="Quarterly", IF( OR( AND( ISNUMBER(MATCH(MONTH(S$7),IF(Assumptions!$H30="Jan / Apr / Jul / Oct",{1,4,7,10},IF(Assumptions!$H30="Feb / May / Aug / Nov",{2,5,8,11},{3,6,9,12})),0)), DATE(YEAR(S$7),MONTH(S$7),Assumptions!$G30)>=S$7, DATE(YEAR(S$7),MONTH(S$7),Assumptions!$G30)<=S$8 ), AND( ISNUMBER(MATCH(MONTH(S$8),IF(Assumptions!$H30="Jan / Apr / Jul / Oct",{1,4,7,10},IF(Assumptions!$H30="Feb / May / Aug / Nov",{2,5,8,11},{3,6,9,12})),0)), DATE(YEAR(S$8),MONTH(S$8),Assumptions!$G30)>=S$7, DATE(YEAR(S$8),MONTH(S$8),Assumptions!$G30)<=S$8 ) ), "Yes","No"), "No") ) ) ) ) ) ) ) ) ) -> No | T18: N/A
